Workbook
Name F: BE!$U$10:$U$21
Name M: BE!$V$10:$V$21

Sheet BE
A1: Equip'Athlé
A2: Equipe Benjamins/Benjamines
B5: Club : | E5: Lieu : | H5: Niveau | N5: Blois | Q5: N1 | R5: N2
N6: Chartres
H7: N° équipe | N7: Gien
A8: JURY (sauf Jeune Juge)
A9: N° licence | B9: NOM | C9: Prénom | D9: Sexe | E9: Qualification | U9: FEMININ | V9: MASCULIN
B10: =IF(A10="","",VLOOKUP(A10,Licenciés!A:B,2,FALSE)) | C10: =IF(A10="","",VLOOKUP(A10,Licenciés!A:C,3,FALSE)) | D10: =IF(A10="","",VLOOKUP(A10,Licenciés!A:D,4,FALSE)) | N10: Juge Course | P10: =VLOOKUP(C5,P16:Q100,2,FALSE) -> #N/A | U10: 50 m | V10: 50 m
B11: =IF(A11="","",VLOOKUP(A11,Licenciés!A:B,2,FALSE)) | C11: =IF(A11="","",VLOOKUP(A11,Licenciés!A:C,3,FALSE)) | D11: =IF(A11="","",VLOOKUP(A11,Licenciés!A:D,4,FALSE)) | N11: Juge Lancers | U11: 1 000 m | V11: 1 000 m
B12: =IF(A12="","",VLOOKUP(A12,Licenciés!A:B,2,FALSE)) | C12: =IF(A12="","",VLOOKUP(A12,Licenciés!A:C,3,FALSE)) | D12: =IF(A12="","",VLOOKUP(A12,Licenciés!A:D,4,FALSE)) | N12: Juge Sauts | U12: 50 m Haies -0,65 | V12: 50 m Haies -0,65
B13: =IF(A13="","",VLOOKUP(A13,Licenciés!A:B,2,FALSE)) | C13: =IF(A13="","",VLOOKUP(A13,Licenciés!A:C,3,FALSE)) | D13: =IF(A13="","",VLOOKUP(A13,Licenciés!A:D,4,FALSE)) | N13: Starter | U13: Hauteur | V13: Hauteur
C14: =IF(A14="","",VLOOKUP(A14,Licenciés!A:C,3,FALSE)) | D14: =IF(A14="","",VLOOKUP(A14,Licenciés!A:D,4,FALSE)) | N14: Autres | U14: Perche | V14: Perche
I15: Relais | N15: Aucune | U15: Longueur | V15: Longueur
A16: N° licence | B16: NOM | C16: PRENOM | D16: CATEGORIE | E16: SEXE | F16: Epreuve 1 | G16: Epreuve 2 | H16: Epreuve 3 | I16: Equipe | J16: Place | K16: Jeune Juge | P16: EM SAINT-GERMAIN-DU-PUY | Q16: 18007 | U16: Triple-Saut | V16: Triple-Saut | AM16: 50 m | AP16: 1 000 m | AS16: 50 m Haies -0,65 | AV16: Hauteur | AY16: Perche | BB16: Longueur | BE16: Triple-Saut | BH16: Poids 2 kg | BI16: Poids 3 kg | BK16: Disque 0,6 kg | BL16: Disque 1 kg | BN16: Marteau 2 kg | BO16: Marteau 3 kg | BQ16: Javelot 400 g | BR16: Javelot 500 g | BT16: 2 000 m Marche | BX16: 50 m | CA16: 1 000 m | CD16: 50 m Haies -0,65 | CG16: Hauteur | CJ16: Perche | CM16: Longueur | CP16: Triple-Saut | CS16: Poids 2 kg | CT16: Poids 3 kg | CV16: Disque 0,6 kg | CW16: Disque 1 kg | CY16: Marteau 2 kg | CZ16: Marteau 3 kg | DB16: Javelot 400 g | DC16: Javelot 500 g | DE16: 2 000 m Marche
B17: =IF(ISNUMBER(A17),VLOOKUP(A17,Licenciés!A:F,2,FALSE),"") | C17: =IF(B17="","",VLOOKUP(A17,Licenciés!A:F,3,FALSE)) | D17: =IF(B17="","",VLOOKUP(A17,Licenciés!A:F,5,FALSE)) | E17: =IF(B17="","",VLOOKUP(A17,Licenciés!A:F,4,FALSE)) | L17: =VLOOKUP($A17,Licenciés!A:F,6,FALSE) -> #N/A | P17: ASA DU BERRY | Q17: 18029 | U17: Poids 2 kg | V17: Poids 3 kg | W17: =IF(F17<>"",VLOOKUP(F17,$U$33:$V$48,2,FALSE),0) -> 0 | X17: =IF(G17<>"",VLOOKUP(G17,$U$33:$V$48,2,FALSE),0) -> 0 | Y17: =IF(H17<>"",VLOOKUP(H17,$U$33:$V$48,2,FALSE),0) -> 0 | Z17: =W17+X17+Y17 -> 0 | AA17: =OR($Z17=0,$Z17=10,$Z17=1,$Z17=100,$Z17=11,$Z17=101,$Z17=110,$Z17=111) -> TRUE | AB17: =IF(AA17=TRUE,0,1) -> 0 | AE17: RECAPITULATIF | AM17: =IF(AND($E17="F",F17=$AM$16),1,0) -> 0 | AN17: =IF(AND($E17="F",G17=$AM$16),1,0) -> 0 | AO17: =IF(AND($E17="F",H17=$AM$16),1,0) -> 0 | AP17: =IF(AND($E17="F",F17=$AP$16),1,0) -> 0 | AQ17: =IF(AND($E17="F",G17=$AP$16),1,0) -> 0 | AR17: =IF(AND($E17="F",H17=$AP$16),1,0) -> 0 | AS17: =IF(AND($E17="F",F17=$AS$16),1,0) -> 0 | AT17: =IF(AND($E17="F",G17=$AS$16),1,0) -> 0 | AU17: =IF(AND($E17="F",H17=$AS$16),1,0) -> 0 | AV17: =IF(AND($E17="F",F17=$AV$16),1,0) -> 0 | AW17: =IF(AND($E17="F",G17=$AV$16),1,0) -> 0 | AX17: =IF(AND($E17="F",H17=$AV$16),1,0) -> 0 | AY17: =IF(AND($E17="F",F17=$AY$16),1,0) -> 0 | AZ17: =IF(AND($E17="F",G17=$AY$16),1,0) -> 0 | BA17: =IF(AND($E17="F",H17=$AY$16),1,0) -> 0 | BB17: =IF(AND($E17="F",F17=$BB$16),1,0) -> 0 | BC17: =IF(AND($E17="F",G17=$BB$16),1,0) -> 0 | BD17: =IF(AND($E17="F",H17=$BB$16),1,0) -> 0 | BE17: =IF(AND($E17="F",F17=$BE$16),1,0) -> 0 | BF17: =IF(AND($E17="F",G17=$BE$16),1,0) -> 0 | BG17: =IF(AND($E17="F",H17=$BE$16),1,0) -> 0 | BH17: =IF(AND($E17="F",F17=$BH$16),1,0) -> 0 | BI17: =IF(AND($E17="F",G17=$BH$16),1,0) -> 0 | BJ17: =IF(AND($E17="F",H17=$BH$16),1,0) -> 0 | BK17: =IF(AND($E17="F",F17=$BK$16),1,0) -> 0 | BL17: =IF(AND($E17="F",G17=$BK$16),1,0) -> 0 | BM17: =IF(AND($E17="F",H17=$BK$16),1,0) -> 0 | BN17: =IF(AND($E17="F",F17=$BN$16),1,0) -> 0 | BO17: =IF(AND($E17="F",G17=$BN$16),1,0) -> 0 | BP17: =IF(AND($E17="F",H17=$BN$16),1,0) -> 0 | BQ17: =IF(AND($E17="F",F17=$BQ$16),1,0) -> 0 | BR17: =IF(AND($E17="F",G17=$BQ$16),1,0) -> 0 | BS17: =IF(AND($E17="F",H17=$BQ$16),1,0) -> 0 | BT17: =IF(AND($E17="F",F17=$BT$16),1,0) -> 0 | BU17: =IF(AND($E17="F",G17=$BT$16),1,0) -> 0 | BV17: =IF(AND($E17="F",H17=$BT$16),1,0) -> 0 | BX17: =IF(AND($E17="M",F17=$BX$16),1,0) -> 0 | BY17: =IF(AND($E17="M",G17=$BX$16),1,0) -> 0 | BZ17: =IF(AND($E17="M",H17=$BX$16),1,0) -> 0 | CA17: =IF(AND($E17="M",F17=$CA$16),1,0) -> 0 | CB17: =IF(AND($E17="M",G17=$CA$16),1,0) -> 0 | CC17: =IF(AND($E17="M",H17=$CA$16),1,0) -> 0 | CD17: =IF(AND($E17="M",F17=$CD$16),1,0) -> 0 | CE17: =IF(AND($E17="M",G17=$CD$16),1,0) -> 0 | CF17: =IF(AND($E17="M",H17=$CD$16),1,0) -> 0 | CG17: =IF(AND($F17="M",F17=$CG$16),1,0) -> 0 | CH17: =IF(AND($F17="M",G17=$CG$16),1,0) -> 0 | CI17: =IF(AND($F17="M",H17=$CG$16),1,0) -> 0 | CJ17: =IF(AND($E17="M",F17=$CJ$16),1,0) -> 0 | CK17: =IF(AND($E17="M",G17=$CJ$16),1,0) -> 0 | CL17: =IF(AND($E17="M",H17=$CJ$16),1,0) -> 0 | CM17: =IF(AND($E17="M",F17=$CM$16),1,0) -> 0 | CN17: =IF(AND($E17="M",G17=$CM$16),1,0) -> 0 | CO17: =IF(AND($E17="M",H17=$CM$16),1,0) -> 0 | CP17: =IF(AND($E17="M",F17=$CP$16),1,0) -> 0 | CQ17: =IF(AND($E17="M",G17=$CP$16),1,0) -> 0 | CR17: =IF(AND($E17="M",H17=$CP$16),1,0) -> 0 | CS17: =IF(AND($E17="M",F17=$CT$16),1,0) -> 0 | CT17: =IF(AND($E17="M",G17=$CT$16),1,0) -> 0 | CU17: =IF(AND($E17="M",H17=$CT$16),1,0) -> 0 | CV17: =IF(AND($E17="M",F17=$CW$16),1,0) -> 0 | CW17: =IF(AND($E17="M",G17=$CW$16),1,0) -> 0 | CX17: =IF(AND($E17="M",H17=$CW$16),1,0) -> 0 | CY17: =IF(AND($E17="M",F17=$CZ$16),1,0) -> 0 | CZ17: =IF(AND($E17="M",G17=$CZ$16),1,0) -> 0 | DA17: =IF(AND($E17="M",H17=$CZ$16),1,0) -> 0 | DB17: =IF(AND($E17="M",F17=$DC$16),1,0) -> 0 | DC17: =IF(AND($E17="M",G17=$DC$16),1,0) -> 0 | DD17: =IF(AND($E17="M",H17=$DC$16),1,0) -> 0 | DE17: =IF(AND($E17="M",F17=$DE$16),1,0) -> 0 | DF17: =IF(AND($E17="M",G17=$DE$16),1,0) -> 0 | DG17: =IF(AND($E17="M",H17=$DE$16),1,0) -> 0
B18: =IF(ISNUMBER(A18),VLOOKUP(A18,Licenciés!A:F,2,FALSE),"") | C18: =IF(B18="","",VLOOKUP(A18,Licenciés!A:F,3,FALSE)) | D18: =IF(B18="","",VLOOKUP(A18,Licenciés!A:F,5,FALSE)) | E18: =IF(B18="","",VLOOKUP(A18,Licenciés!A:F,4,FALSE)) | L18: =VLOOKUP($A18,Licenciés!A:F,6,FALSE) -> #N/A | P18: AC DE VIGNOUX S/BARANGEON | Q18: 18031 | U18: Disque 0,6 kg | V18: Disque 1 kg | W18: =IF(F18<>"",VLOOKUP(F18,$U$33:$V$48,2,FALSE),0) -> 0 | X18: =IF(G18<>"",VLOOKUP(G18,$U$33:$V$48,2,FALSE),0) -> 0 | Y18: =IF(H18<>"",VLOOKUP(H18,$U$33:$V$48,2,FALSE),0) -> 0 | Z18: =W18+X18+Y18 -> 0 | AA18: =OR($Z18=0,$Z18=10,$Z18=1,$Z18=100,$Z18=11,$Z18=101,$Z18=110,$Z18=111) -> TRUE | AB18: =IF(AA18=TRUE,0,1) -> 0 | AM18: =IF(AND($E18="F",F18=$AM$16),1,0) -> 0 | AN18: =IF(AND($E18="F",G18=$AM$16),1,0) -> 0 | AO18: =IF(AND($E18="F",H18=$AM$16),1,0) -> 0 | AP18: =IF(AND($E18="F",F18=$AP$16),1,0) -> 0 | AQ18: =IF(AND($E18="F",G18=$AP$16),1,0) -> 0 | AR18: =IF(AND($E18="F",H18=$AP$16),1,0) -> 0 | AS18: =IF(AND($E18="F",F18=$AS$16),1,0) -> 0 | AT18: =IF(AND($E18="F",G18=$AS$16),1,0) -> 0 | AU18: =IF(AND($E18="F",H18=$AS$16),1,0) -> 0 | AV18: =IF(AND($E18="F",F18=$AV$16),1,0) -> 0 | AW18: =IF(AND($E18="F",G18=$AV$16),1,0) -> 0 | AX18: =IF(AND($E18="F",H18=$AV$16),1,0) -> 0 | AY18: =IF(AND($E18="F",F18=$AY$16),1,0) -> 0 | AZ18: =IF(AND($E18="F",G18=$AY$16),1,0) -> 0 | BA18: =IF(AND($E18="F",H18=$AY$16),1,0) -> 0 | BB18: =IF(AND($E18="F",F18=$BB$16),1,0) -> 0 | BC18: =IF(AND($E18="F",G18=$BB$16),1,0) -> 0 | BD18: =IF(AND($E18="F",H18=$BB$16),1,0) -> 0 | BE18: =IF(AND($E18="F",F18=$BE$16),1,0) -> 0 | BF18: =IF(AND($E18="F",G18=$BE$16),1,0) -> 0 | BG18: =IF(AND($E18="F",H18=$BE$16),1,0) -> 0 | BH18: =IF(AND($E18="F",F18=$BH$16),1,0) -> 0 | BI18: =IF(AND($E18="F",G18=$BH$16),1,0) -> 0 | BJ18: =IF(AND($E18="F",H18=$BH$16),1,0) -> 0 | BK18: =IF(AND($E18="F",F18=$BK$16),1,0) -> 0 | BL18: =IF(AND($E18="F",G18=$BK$16),1,0) -> 0 | BM18: =IF(AND($E18="F",H18=$BK$16),1,0) -> 0 | BN18: =IF(AND($E18="F",F18=$BN$16),1,0) -> 0 | BO18: =IF(AND($E18="F",G18=$BN$16),1,0) -> 0 | BP18: =IF(AND($E18="F",H18=$BN$16),1,0) -> 0 | BQ18: =IF(AND($E18="F",F18=$BQ$16),1,0) -> 0 | BR18: =IF(AND($E18="F",G18=$BQ$16),1,0) -> 0 | BS18: =IF(AND($E18="F",H18=$BQ$16),1,0) -> 0 | BT18: =IF(AND($E18="F",F18=$BT$16),1,0) -> 0 | BU18: =IF(AND($E18="F",G18=$BT$16),1,0) -> 0 | BV18: =IF(AND($E18="F",H18=$BT$16),1,0) -> 0 | BX18: =IF(AND($E18="M",F18=$BX$16),1,0) -> 0 | BY18: =IF(AND($E18="M",G18=$BX$16),1,0) -> 0 | BZ18: =IF(AND($E18="M",H18=$BX$16),1,0) -> 0 | CA18: =IF(AND($E18="M",F18=$CA$16),1,0) -> 0 | CB18: =IF(AND($E18="M",G18=$CA$16),1,0) -> 0 | CC18: =IF(AND($E18="M",H18=$CA$16),1,0) -> 0 | CD18: =IF(AND($E18="M",F18=$CD$16),1,0) -> 0 | CE18: =IF(AND($E18="M",G18=$CD$16),1,0) -> 0 | CF18: =IF(AND($E18="M",H18=$CD$16),1,0) -> 0 | CG18: =IF(AND($E18="M",F18=$CG$16),1,0) -> 0 | CH18: =IF(AND($E18="M",G18=$CG$16),1,0) -> 0 | CI18: =IF(AND($E18="M",H18=$CG$16),1,0) -> 0 | CJ18: =IF(AND($E18="M",F18=$CJ$16),1,0) -> 0 | CK18: =IF(AND($E18="M",G18=$CJ$16),1,0) -> 0 | CL18: =IF(AND($E18="M",H18=$CJ$16),1,0) -> 0 | CM18: =IF(AND($E18="M",F18=$CM$16),1,0) -> 0 | CN18: =IF(AND($E18="M",G18=$CM$16),1,0) -> 0 | CO18: =IF(AND($E18="M",H18=$CM$16),1,0) -> 0 | CP18: =IF(AND($E18="M",F18=$CP$16),1,0) -> 0 | CQ18: =IF(AND($E18="M",G18=$CP$16),1,0) -> 0 | CR18: =IF(AND($E18="M",H18=$CP$16),1,0) -> 0 | CS18: =IF(AND($E18="M",F18=$CT$16),1,0) -> 0 | CT18: =IF(AND($E18="M",G18=$CT$16),1,0) -> 0 | CU18: =IF(AND($E18="M",H18=$CT$16),1,0) -> 0 | CV18: =IF(AND($E18="M",F18=$CW$16),1,0) -> 0 | CW18: =IF(AND($E18="M",G18=$CW$16),1,0) -> 0 | CX18: =IF(AND($E18="M",H18=$CW$16),1,0) -> 0 | CY18: =IF(AND($E18="M",F18=$CZ$16),1,0) -> 0 | CZ18: =IF(AND($E18="M",G18=$CZ$16),1,0) -> 0 | DA18: =IF(AND($E18="M",H18=$CZ$16),1,0) -> 0 | DB18: =IF(AND($E18="M",F18=$DC$16),1,0) -> 0 | DC18: =IF(AND($E18="M",G18=$DC$16),1,0) -> 0 | DD18: =IF(AND($E18="M",H18=$DC$16),1,0) -> 0 | DE18: =IF(AND($E18="M",F18=$DE$16),1,0) -> 0 | DF18: =IF(AND($E18="M",G18=$DE$16),1,0) -> 0 | DG18: =IF(AND($E18="M",H18=$DE$16),1,0) -> 0
B19: =IF(ISNUMBER(A19),VLOOKUP(A19,Licenciés!A:F,2,FALSE),"") | C19: =IF(B19="","",VLOOKUP(A19,Licenciés!A:F,3,FALSE)) | D19: =IF(B19="","",VLOOKUP(A19,Licenciés!A:F,5,FALSE)) | E19: =IF(B19="","",VLOOKUP(A19,Licenciés!A:F,4,FALSE)) | L19: =VLOOKUP($A19,Licenciés!A:F,6,FALSE) -> #N/A | P19: UNION SPORTIVE D AVORD* | Q19: 18032 | U19: Marteau 2 kg | V19: Marteau 3 kg | W19: =IF(F19<>"",VLOOKUP(F19,$U$33:$V$48,2,FALSE),0) -> 0 | X19: =IF(G19<>"",VLOOKUP(G19,$U$33:$V$48,2,FALSE),0) -> 0 | Y19: =IF(H19<>"",VLOOKUP(H19,$U$33:$V$48,2,FALSE),0) -> 0 | Z19: =W19+X19+Y19 -> 0 | AA19: =OR($Z19=0,$Z19=10,$Z19=1,$Z19=100,$Z19=11,$Z19=101,$Z19=110,$Z19=111) -> TRUE | AB19: =IF(AA19=TRUE,0,1) -> 0 | AE19: Famille | AF19: Epreuves | AG19: Nombre d'athlétes | AI19: N1 | AJ19: N2 | AM19: =IF(AND($E19="F",F19=$AM$16),1,0) -> 0 | AN19: =IF(AND($E19="F",G19=$AM$16),1,0) -> 0 | AO19: =IF(AND($E19="F",H19=$AM$16),1,0) -> 0 | AP19: =IF(AND($E19="F",F19=$AP$16),1,0) -> 0 | AQ19: =IF(AND($E19="F",G19=$AP$16),1,0) -> 0 | AR19: =IF(AND($E19="F",H19=$AP$16),1,0) -> 0 | AS19: =IF(AND($E19="F",F19=$AS$16),1,0) -> 0 | AT19: =IF(AND($E19="F",G19=$AS$16),1,0) -> 0 | AU19: =IF(AND($E19="F",H19=$AS$16),1,0) -> 0 | AV19: =IF(AND($E19="F",F19=$AV$16),1,0) -> 0 | AW19: =IF(AND($E19="F",G19=$AV$16),1,0) -> 0 | AX19: =IF(AND($E19="F",H19=$AV$16),1,0) -> 0 | AY19: =IF(AND($E19="F",F19=$AY$16),1,0) -> 0 | AZ19: =IF(AND($E19="F",G19=$AY$16),1,0) -> 0 | BA19: =IF(AND($E19="F",H19=$AY$16),1,0) -> 0 | BB19: =IF(AND($E19="F",F19=$BB$16),1,0) -> 0 | BC19: =IF(AND($E19="F",G19=$BB$16),1,0) -> 0 | BD19: =IF(AND($E19="F",H19=$BB$16),1,0) -> 0 | BE19: =IF(AND($E19="F",F19=$BE$16),1,0) -> 0 | BF19: =IF(AND($E19="F",G19=$BE$16),1,0) -> 0 | BG19: =IF(AND($E19="F",H19=$BE$16),1,0) -> 0 | BH19: =IF(AND($E19="F",F19=$BH$16),1,0) -> 0 | BI19: =IF(AND($E19="F",G19=$BH$16),1,0) -> 0 | BJ19: =IF(AND($E19="F",H19=$BH$16),1,0) -> 0 | BK19: =IF(AND($E19="F",F19=$BK$16),1,0) -> 0 | BL19: =IF(AND($E19="F",G19=$BK$16),1,0) -> 0 | BM19: =IF(AND($E19="F",H19=$BK$16),1,0) -> 0 | BN19: =IF(AND($E19="F",F19=$BN$16),1,0) -> 0 | BO19: =IF(AND($E19="F",G19=$BN$16),1,0) -> 0 | BP19: =IF(AND($E19="F",H19=$BN$16),1,0) -> 0 | BQ19: =IF(AND($E19="F",F19=$BQ$16),1,0) -> 0 | BR19: =IF(AND($E19="F",G19=$BQ$16),1,0) -> 0 | BS19: =IF(AND($E19="F",H19=$BQ$16),1,0) -> 0 | BT19: =IF(AND($E19="F",F19=$BT$16),1,0) -> 0 | BU19: =IF(AND($E19="F",G19=$BT$16),1,0) -> 0 | BV19: =IF(AND($E19="F",H19=$BT$16),1,0) -> 0 | BX19: =IF(AND($E19="M",F19=$BX$16),1,0) -> 0 | BY19: =IF(AND($E19="M",G19=$BX$16),1,0) -> 0 | BZ19: =IF(AND($E19="M",H19=$BX$16),1,0) -> 0 | CA19: =IF(AND($E19="M",F19=$CA$16),1,0) -> 0 | CB19: =IF(AND($E19="M",G19=$CA$16),1,0) -> 0 | CC19: =IF(AND($E19="M",H19=$CA$16),1,0) -> 0 | CD19: =IF(AND($E19="M",F19=$CD$16),1,0) -> 0 | CE19: =IF(AND($E19="M",G19=$CD$16),1,0) -> 0 | CF19: =IF(AND($E19="M",H19=$CD$16),1,0) -> 0 | CG19: =IF(AND($E19="M",F19=$CG$16),1,0) -> 0 | CH19: =IF(AND($E19="M",G19=$CG$16),1,0) -> 0 | CI19: =IF(AND($E19="M",H19=$CG$16),1,0) -> 0 | CJ19: =IF(AND($E19="M",F19=$CJ$16),1,0) -> 0 | CK19: =IF(AND($E19="M",G19=$CJ$16),1,0) -> 0 | CL19: =IF(AND($E19="M",H19=$CJ$16),1,0) -> 0 | CM19: =IF(AND($E19="M",F19=$CM$16),1,0) -> 0 | CN19: =IF(AND($E19="M",G19=$CM$16),1,0) -> 0 | CO19: =IF(AND($E19="M",H19=$CM$16),1,0) -> 0 | CP19: =IF(AND($E19="M",F19=$CP$16),1,0) -> 0 | CQ19: =IF(AND($E19="M",G19=$CP$16),1,0) -> 0 | CR19: =IF(AND($E19="M",H19=$CP$16),1,0) -> 0 | CS19: =IF(AND($E19="M",F19=$CT$16),1,0) -> 0 | CT19: =IF(AND($E19="M",G19=$CT$16),1,0) -> 0 | CU19: =IF(AND($E19="M",H19=$CT$16),1,0) -> 0 | CV19: =IF(AND($E19="M",F19=$CW$16),1,0) -> 0 | CW19: =IF(AND($E19="M",G19=$CW$16),1,0) -> 0 | CX19: =IF(AND($E19="M",H19=$CW$16),1,0) -> 0 | CY19: =IF(AND($E19="M",F19=$CZ$16),1,0) -> 0 | CZ19: =IF(AND($E19="M",G19=$CZ$16),1,0) -> 0 | DA19: =IF(AND($E19="M",H19=$CZ$16),1,0) -> 0 | DB19: =IF(AND($E19="M",F19=$DC$16),1,0) -> 0 | DC19: =IF(AND($E19="M",G19=$DC$16),1,0) -> 0 | DD19: =IF(AND($E19="M",H19=$DC$16),1,0) -> 0 | DE19: =IF(AND($E19="M",F19=$DE$16),1,0) -> 0 | DF19: =IF(AND($E19="M",G19=$DE$16),1,0) -> 0 | DG19: =IF(AND($E19="M",H19=$DE$16),1,0) -> 0
B20: =IF(ISNUMBER(A20),VLOOKUP(A20,Licenciés!A:F,2,FALSE),"") | C20: =IF(B20="","",VLOOKUP(A20,Licenciés!A:F,3,FALSE)) | D20: =IF(B20="","",VLOOKUP(A20,Licenciés!A:F,5,FALSE)) | E20: =IF(B20="","",VLOOKUP(A20,Licenciés!A:F,4,FALSE)) | L20: =VLOOKUP($A20,Licenciés!A:F,6,FALSE) -> #N/A | P20: SAINT-AMAND-MONTROND BOISCHAUT | Q20: 18033 | U20: Javelot 400 g | V20: Javelot 500 g | W20: =IF(F20<>"",VLOOKUP(F20,$U$33:$V$48,2,FALSE),0) -> 0 | X20: =IF(G20<>"",VLOOKUP(G20,$U$33:$V$48,2,FALSE),0) -> 0 | Y20: =IF(H20<>"",VLOOKUP(H20,$U$33:$V$48,2,FALSE),0) -> 0 | Z20: =W20+X20+Y20 -> 0 | AA20: =OR($Z20=0,$Z20=10,$Z20=1,$Z20=100,$Z20=11,$Z20=101,$Z20=110,$Z20=111) -> TRUE | AB20: =IF(AA20=TRUE,0,1) -> 0 | AG20: F | AH20: M | AM20: =IF(AND($E20="F",F20=$AM$16),1,0) -> 0 | AN20: =IF(AND($E20="F",G20=$AM$16),1,0) -> 0 | AO20: =IF(AND($E20="F",H20=$AM$16),1,0) -> 0 | AP20: =IF(AND($E20="F",F20=$AP$16),1,0) -> 0 | AQ20: =IF(AND($E20="F",G20=$AP$16),1,0) -> 0 | AR20: =IF(AND($E20="F",H20=$AP$16),1,0) -> 0 | AS20: =IF(AND($E20="F",F20=$AS$16),1,0) -> 0 | AT20: =IF(AND($E20="F",G20=$AS$16),1,0) -> 0 | AU20: =IF(AND($E20="F",H20=$AS$16),1,0) -> 0 | AV20: =IF(AND($E20="F",F20=$AV$16),1,0) -> 0 | AW20: =IF(AND($E20="F",G20=$AV$16),1,0) -> 0 | AX20: =IF(AND($E20="F",H20=$AV$16),1,0) -> 0 | AY20: =IF(AND($E20="F",F20=$AY$16),1,0) -> 0 | AZ20: =IF(AND($E20="F",G20=$AY$16),1,0) -> 0 | BA20: =IF(AND($E20="F",H20=$AY$16),1,0) -> 0 | BB20: =IF(AND($E20="F",F20=$BB$16),1,0) -> 0 | BC20: =IF(AND($E20="F",G20=$BB$16),1,0) -> 0 | BD20: =IF(AND($E20="F",H20=$BB$16),1,0) -> 0 | BE20: =IF(AND($E20="F",F20=$BE$16),1,0) -> 0 | BF20: =IF(AND($E20="F",G20=$BE$16),1,0) -> 0 | BG20: =IF(AND($E20="F",H20=$BE$16),1,0) -> 0 | BH20: =IF(AND($E20="F",F20=$BH$16),1,0) -> 0 | BI20: =IF(AND($E20="F",G20=$BH$16),1,0) -> 0 | BJ20: =IF(AND($E20="F",H20=$BH$16),1,0) -> 0 | BK20: =IF(AND($E20="F",F20=$BK$16),1,0) -> 0 | BL20: =IF(AND($E20="F",G20=$BK$16),1,0) -> 0 | BM20: =IF(AND($E20="F",H20=$BK$16),1,0) -> 0 | BN20: =IF(AND($E20="F",F20=$BN$16),1,0) -> 0 | BO20: =IF(AND($E20="F",G20=$BN$16),1,0) -> 0 | BP20: =IF(AND($E20="F",H20=$BN$16),1,0) -> 0 | BQ20: =IF(AND($E20="F",F20=$BQ$16),1,0) -> 0 | BR20: =IF(AND($E20="F",G20=$BQ$16),1,0) -> 0 | BS20: =IF(AND($E20="F",H20=$BQ$16),1,0) -> 0 | BT20: =IF(AND($E20="F",F20=$BT$16),1,0) -> 0 | BU20: =IF(AND($E20="F",G20=$BT$16),1,0) -> 0 | BV20: =IF(AND($E20="F",H20=$BT$16),1,0) -> 0 | BX20: =IF(AND($E20="M",F20=$BX$16),1,0) -> 0 | BY20: =IF(AND($E20="M",G20=$BX$16),1,0) -> 0 | BZ20: =IF(AND($E20="M",H20=$BX$16),1,0) -> 0 | CA20: =IF(AND($E20="M",F20=$CA$16),1,0) -> 0 | CB20: =IF(AND($E20="M",G20=$CA$16),1,0) -> 0 | CC20: =IF(AND($E20="M",H20=$CA$16),1,0) -> 0 | CD20: =IF(AND($E20="M",F20=$CD$16),1,0) -> 0 | CE20: =IF(AND($E20="M",G20=$CD$16),1,0) -> 0 | CF20: =IF(AND($E20="M",H20=$CD$16),1,0) -> 0 | CG20: =IF(AND($E20="M",F20=$CG$16),1,0) -> 0 | CH20: =IF(AND($E20="M",G20=$CG$16),1,0) -> 0 | CI20: =IF(AND($E20="M",H20=$CG$16),1,0) -> 0 | CJ20: =IF(AND($E20="M",F20=$CJ$16),1,0) -> 0 | CK20: =IF(AND($E20="M",G20=$CJ$16),1,0) -> 0 | CL20: =IF(AND($E20="M",H20=$CJ$16),1,0) -> 0 | CM20: =IF(AND($E20="M",F20=$CM$16),1,0) -> 0 | CN20: =IF(AND($E20="M",G20=$CM$16),1,0) -> 0 | CO20: =IF(AND($E20="M",H20=$CM$16),1,0) -> 0 | CP20: =IF(AND($E20="M",F20=$CP$16),1,0) -> 0 | CQ20: =IF(AND($E20="M",G20=$CP$16),1,0) -> 0 | CR20: =IF(AND($E20="M",H20=$CP$16),1,0) -> 0 | CS20: =IF(AND($E20="M",F20=$CT$16),1,0) -> 0 | CT20: =IF(AND($E20="M",G20=$CT$16),1,0) -> 0 | CU20: =IF(AND($E20="M",H20=$CT$16),1,0) -> 0 | CV20: =IF(AND($E20="M",F20=$CW$16),1,0) -> 0 | CW20: =IF(AND($E20="M",G20=$CW$16),1,0) -> 0 | CX20: =IF(AND($E20="M",H20=$CW$16),1,0) -> 0 | CY20: =IF(AND($E20="M",F20=$CZ$16),1,0) -> 0 | CZ20: =IF(AND($E20="M",G20=$CZ$16),1,0) -> 0 | DA20: =IF(AND($E20="M",H20=$CZ$16),1,0) -> 0 | DB20: =IF(AND($E20="M",F20=$DC$16),1,0) -> 0 | DC20: =IF(AND($E20="M",G20=$DC$16),1,0) -> 0 | DD20: =IF(AND($E20="M",H20=$DC$16),1,0) -> 0 | DE20: =IF(AND($E20="M",F20=$DE$16),1,0) -> 0 | DF20: =IF(AND($E20="M",G20=$DE$16),1,0) -> 0 | DG20: =IF(AND($E20="M",H20=$DE$16),1,0) -> 0
B21: =IF(ISNUMBER(A21),VLOOKUP(A21,Licenciés!A:F,2,FALSE),"") | C21: =IF(B21="","",VLOOKUP(A21,Licenciés!A:F,3,FALSE)) | D21: =IF(B21="","",VLOOKUP(A21,Licenciés!A:F,5,FALSE)) | E21: =IF(B21="","",VLOOKUP(A21,Licenciés!A:F,4,FALSE)) | L21: =VLOOKUP($A21,Licenciés!A:F,6,FALSE) -> #N/A | P21: SANCERRE RUNNING | Q21: 18036 | U21: 2 000 m Marche | V21: 2 000 m Marche | W21: =IF(F21<>"",VLOOKUP(F21,$U$33:$V$48,2,FALSE),0) -> 0 | X21: =IF(G21<>"",VLOOKUP(G21,$U$33:$V$48,2,FALSE),0) -> 0 | Y21: =IF(H21<>"",VLOOKUP(H21,$U$33:$V$48,2,FALSE),0) -> 0 | Z21: =W21+X21+Y21 -> 0 | AA21: =OR($Z21=0,$Z21=10,$Z21=1,$Z21=100,$Z21=11,$Z21=101,$Z21=110,$Z21=111) -> TRUE | AB21: =IF(AA21=TRUE,0,1) -> 0 | AE21: Courses | AF21: 50 m | AG21: =AM61 -> 0 | AH21: =BX61 -> 0 | AI21: 1 | AJ21: 3 | AM21: =IF(AND($E21="F",F21=$AM$16),1,0) -> 0 | AN21: =IF(AND($E21="F",G21=$AM$16),1,0) -> 0 | AO21: =IF(AND($E21="F",H21=$AM$16),1,0) -> 0 | AP21: =IF(AND($E21="F",F21=$AP$16),1,0) -> 0 | AQ21: =IF(AND($E21="F",G21=$AP$16),1,0) -> 0 | AR21: =IF(AND($E21="F",H21=$AP$16),1,0) -> 0 | AS21: =IF(AND($E21="F",F21=$AS$16),1,0) -> 0 | AT21: =IF(AND($E21="F",G21=$AS$16),1,0) -> 0 | AU21: =IF(AND($E21="F",H21=$AS$16),1,0) -> 0 | AV21: =IF(AND($E21="F",F21=$AV$16),1,0) -> 0 | AW21: =IF(AND($E21="F",G21=$AV$16),1,0) -> 0 | AX21: =IF(AND($E21="F",H21=$AV$16),1,0) -> 0 | AY21: =IF(AND($E21="F",F21=$AY$16),1,0) -> 0 | AZ21: =IF(AND($E21="F",G21=$AY$16),1,0) -> 0 | BA21: =IF(AND($E21="F",H21=$AY$16),1,0) -> 0 | BB21: =IF(AND($E21="F",F21=$BB$16),1,0) -> 0 | BC21: =IF(AND($E21="F",G21=$BB$16),1,0) -> 0 | BD21: =IF(AND($E21="F",H21=$BB$16),1,0) -> 0 | BE21: =IF(AND($E21="F",F21=$BE$16),1,0) -> 0 | BF21: =IF(AND($E21="F",G21=$BE$16),1,0) -> 0 | BG21: =IF(AND($E21="F",H21=$BE$16),1,0) -> 0 | BH21: =IF(AND($E21="F",F21=$BH$16),1,0) -> 0 | BI21: =IF(AND($E21="F",G21=$BH$16),1,0) -> 0 | BJ21: =IF(AND($E21="F",H21=$BH$16),1,0) -> 0 | BK21: =IF(AND($E21="F",F21=$BK$16),1,0) -> 0 | BL21: =IF(AND($E21="F",G21=$BK$16),1,0) -> 0 | BM21: =IF(AND($E21="F",H21=$BK$16),1,0) -> 0 | BN21: =IF(AND($E21="F",F21=$BN$16),1,0) -> 0 | BO21: =IF(AND($E21="F",G21=$BN$16),1,0) -> 0 | BP21: =IF(AND($E21="F",H21=$BN$16),1,0) -> 0 | BQ21: =IF(AND($E21="F",F21=$BQ$16),1,0) -> 0 | BR21: =IF(AND($E21="F",G21=$BQ$16),1,0) -> 0 | BS21: =IF(AND($E21="F",H21=$BQ$16),1,0) -> 0 | BT21: =IF(AND($E21="F",F21=$BT$16),1,0) -> 0 | BU21: =IF(AND($E21="F",G21=$BT$16),1,0) -> 0 | BV21: =IF(AND($E21="F",H21=$BT$16),1,0) -> 0 | BX21: =IF(AND($E21="M",F21=$BX$16),1,0) -> 0 | BY21: =IF(AND($E21="M",G21=$BX$16),1,0) -> 0 | BZ21: =IF(AND($E21="M",H21=$BX$16),1,0) -> 0 | CA21: =IF(AND($E21="M",F21=$CA$16),1,0) -> 0 | CB21: =IF(AND($E21="M",G21=$CA$16),1,0) -> 0 | CC21: =IF(AND($E21="M",H21=$CA$16),1,0) -> 0 | CD21: =IF(AND($E21="M",F21=$CD$16),1,0) -> 0 | CE21: =IF(AND($E21="M",G21=$CD$16),1,0) -> 0 | CF21: =IF(AND($E21="M",H21=$CD$16),1,0) -> 0 | CG21: =IF(AND($E21="M",F21=$CG$16),1,0) -> 0 | CH21: =IF(AND($E21="M",G21=$CG$16),1,0) -> 0 | CI21: =IF(AND($E21="M",H21=$CG$16),1,0) -> 0 | CJ21: =IF(AND($E21="M",F21=$CJ$16),1,0) -> 0 | CK21: =IF(AND($E21="M",G21=$CJ$16),1,0) -> 0 | CL21: =IF(AND($E21="M",H21=$CJ$16),1,0) -> 0 | CM21: =IF(AND($E21="M",F21=$CM$16),1,0) -> 0 | CN21: =IF(AND($E21="M",G21=$CM$16),1,0) -> 0 | CO21: =IF(AND($E21="M",H21=$CM$16),1,0) -> 0 | CP21: =IF(AND($E21="M",F21=$CP$16),1,0) -> 0 | CQ21: =IF(AND($E21="M",G21=$CP$16),1,0) -> 0 | CR21: =IF(AND($E21="M",H21=$CP$16),1,0) -> 0 | CS21: =IF(AND($E21="M",F21=$CT$16),1,0) -> 0 | CT21: =IF(AND($E21="M",G21=$CT$16),1,0) -> 0 | CU21: =IF(AND($E21="M",H21=$CT$16),1,0) -> 0 | CV21: =IF(AND($E21="M",F21=$CW$16),1,0) -> 0 | CW21: =IF(AND($E21="M",G21=$CW$16),1,0) -> 0 | CX21: =IF(AND($E21="M",H21=$CW$16),1,0) -> 0 | CY21: =IF(AND($E21="M",F21=$CZ$16),1,0) -> 0 | CZ21: =IF(AND($E21="M",G21=$CZ$16),1,0) -> 0 | DA21: =IF(AND($E21="M",H21=$CZ$16),1,0) -> 0 | DB21: =IF(AND($E21="M",F21=$DC$16),1,0) -> 0 | DC21: =IF(AND($E21="M",G21=$DC$16),1,0) -> 0 | DD21: =IF(AND($E21="M",H21=$DC$16),1,0) -> 0 | DE21: =IF(AND($E21="M",F21=$DE$16),1,0) -> 0 | DF21: =IF(AND($E21="M",G21=$DE$16),1,0) -> 0 | DG21: =IF(AND($E21="M",H21=$DE$16),1,0) -> 0
B22: =IF(ISNUMBER(A22),VLOOKUP(A22,Licenciés!A:F,2,FALSE),"") | C22: =IF(B22="","",VLOOKUP(A22,Licenciés!A:F,3,FALSE)) | D22: =IF(B22="","",VLOOKUP(A22,Licenciés!A:F,5,FALSE)) | E22: =IF(B22="","",VLOOKUP(A22,Licenciés!A:F,4,FALSE)) | L22: =VLOOKUP($A22,Licenciés!A:F,6,FALSE) -> #N/A | P22: VIERZON-VIGNOUX-FOECY ATHLE* | Q22: 18039 | W22: =IF(F22<>"",VLOOKUP(F22,$U$33:$V$48,2,FALSE),0) -> 0 | X22: =IF(G22<>"",VLOOKUP(G22,$U$33:$V$48,2,FALSE),0) -> 0 | Y22: =IF(H22<>"",VLOOKUP(H22,$U$33:$V$48,2,FALSE),0) -> 0 | Z22: =W22+X22+Y22 -> 0 | AA22: =OR($Z22=0,$Z22=10,$Z22=1,$Z22=100,$Z22=11,$Z22=101,$Z22=110,$Z22=111) -> TRUE | AB22: =IF(AA22=TRUE,0,1) -> 0 | AF22: 1 000 m | AG22: =AP61 -> 0 | AH22: =CA61 -> 0 | AI22: 1 | AM22: =IF(AND($E22="F",F22=$AM$16),1,0) -> 0 | AN22: =IF(AND($E22="F",G22=$AM$16),1,0) -> 0 | AO22: =IF(AND($E22="F",H22=$AM$16),1,0) -> 0 | AP22: =IF(AND($E22="F",F22=$AP$16),1,0) -> 0 | AQ22: =IF(AND($E22="F",G22=$AP$16),1,0) -> 0 | AR22: =IF(AND($E22="F",H22=$AP$16),1,0) -> 0 | AS22: =IF(AND($E22="F",F22=$AS$16),1,0) -> 0 | AT22: =IF(AND($E22="F",G22=$AS$16),1,0) -> 0 | AU22: =IF(AND($E22="F",H22=$AS$16),1,0) -> 0 | AV22: =IF(AND($E22="F",F22=$AV$16),1,0) -> 0 | AW22: =IF(AND($E22="F",G22=$AV$16),1,0) -> 0 | AX22: =IF(AND($E22="F",H22=$AV$16),1,0) -> 0 | AY22: =IF(AND($E22="F",F22=$AY$16),1,0) -> 0 | AZ22: =IF(AND($E22="F",G22=$AY$16),1,0) -> 0 | BA22: =IF(AND($E22="F",H22=$AY$16),1,0) -> 0 | BB22: =IF(AND($E22="F",F22=$BB$16),1,0) -> 0 | BC22: =IF(AND($E22="F",G22=$BB$16),1,0) -> 0 | BD22: =IF(AND($E22="F",H22=$BB$16),1,0) -> 0 | BE22: =IF(AND($E22="F",F22=$BE$16),1,0) -> 0 | BF22: =IF(AND($E22="F",G22=$BE$16),1,0) -> 0 | BG22: =IF(AND($E22="F",H22=$BE$16),1,0) -> 0 | BH22: =IF(AND($E22="F",F22=$BH$16),1,0) -> 0 | BI22: =IF(AND($E22="F",G22=$BH$16),1,0) -> 0 | BJ22: =IF(AND($E22="F",H22=$BH$16),1,0) -> 0 | BK22: =IF(AND($E22="F",F22=$BK$16),1,0) -> 0 | BL22: =IF(AND($E22="F",G22=$BK$16),1,0) -> 0 | BM22: =IF(AND($E22="F",H22=$BK$16),1,0) -> 0 | BN22: =IF(AND($E22="F",F22=$BN$16),1,0) -> 0 | BO22: =IF(AND($E22="F",G22=$BN$16),1,0) -> 0 | BP22: =IF(AND($E22="F",H22=$BN$16),1,0) -> 0 | BQ22: =IF(AND($E22="F",F22=$BQ$16),1,0) -> 0 | BR22: =IF(AND($E22="F",G22=$BQ$16),1,0) -> 0 | BS22: =IF(AND($E22="F",H22=$BQ$16),1,0) -> 0 | BT22: =IF(AND($E22="F",F22=$BT$16),1,0) -> 0 | BU22: =IF(AND($E22="F",G22=$BT$16),1,0) -> 0 | BV22: =IF(AND($E22="F",H22=$BT$16),1,0) -> 0 | BX22: =IF(AND($E22="M",F22=$BX$16),1,0) -> 0 | BY22: =IF(AND($E22="M",G22=$BX$16),1,0) -> 0 | BZ22: =IF(AND($E22="M",H22=$BX$16),1,0) -> 0 | CA22: =IF(AND($E22="M",F22=$CA$16),1,0) -> 0 | CB22: =IF(AND($E22="M",G22=$CA$16),1,0) -> 0 | CC22: =IF(AND($E22="M",H22=$CA$16),1,0) -> 0 | CD22: =IF(AND($E22="M",F22=$CD$16),1,0) -> 0 | CE22: =IF(AND($E22="M",G22=$CD$16),1,0) -> 0 | CF22: =IF(AND($E22="M",H22=$CD$16),1,0) -> 0 | CG22: =IF(AND($E22="M",F22=$CG$16),1,0) -> 0 | CH22: =IF(AND($E22="M",G22=$CG$16),1,0) -> 0 | CI22: =IF(AND($E22="M",H22=$CG$16),1,0) -> 0 | CJ22: =IF(AND($E22="M",F22=$CJ$16),1,0) -> 0 | CK22: =IF(AND($E22="M",G22=$CJ$16),1,0) -> 0 | CL22: =IF(AND($E22="M",H22=$CJ$16),1,0) -> 0 | CM22: =IF(AND($E22="M",F22=$CM$16),1,0) -> 0 | CN22: =IF(AND($E22="M",G22=$CM$16),1,0) -> 0 | CO22: =IF(AND($E22="M",H22=$CM$16),1,0) -> 0 | CP22: =IF(AND($E22="M",F22=$CP$16),1,0) -> 0 | CQ22: =IF(AND($E22="M",G22=$CP$16),1,0) -> 0 | CR22: =IF(AND($E22="M",H22=$CP$16),1,0) -> 0 | CS22: =IF(AND($E22="M",F22=$CT$16),1,0) -> 0 | CT22: =IF(AND($E22="M",G22=$CT$16),1,0) -> 0 | CU22: =IF(AND($E22="M",H22=$CT$16),1,0) -> 0 | CV22: =IF(AND($E22="M",F22=$CW$16),1,0) -> 0 | CW22: =IF(AND($E22="M",G22=$CW$16),1,0) -> 0 | CX22: =IF(AND($E22="M",H22=$CW$16),1,0) -> 0 | CY22: =IF(AND($E22="M",F22=$CZ$16),1,0) -> 0 | CZ22: =IF(AND($E22="M",G22=$CZ$16),1,0) -> 0 | DA22: =IF(AND($E22="M",H22=$CZ$16),1,0) -> 0 | DB22: =IF(AND($E22="M",F22=$DC$16),1,0) -> 0 | DC22: =IF(AND($E22="M",G22=$DC$16),1,0) -> 0 | DD22: =IF(AND($E22="M",H22=$DC$16),1,0) -> 0 | DE22: =IF(AND($E22="M",F22=$DE$16),1,0) -> 0 | DF22: =IF(AND($E22="M",G22=$DE$16),1,0) -> 0 | DG22: =IF(AND($E22="M",H22=$DE$16),1,0) -> 0
B23: =IF(ISNUMBER(A23),VLOOKUP(A23,Licenciés!A:F,2,FALSE),"") | C23: =IF(B23="","",VLOOKUP(A23,Licenciés!A:F,3,FALSE)) | D23: =IF(B23="","",VLOOKUP(A23,Licenciés!A:F,5,FALSE)) | E23: =IF(B23="","",VLOOKUP(A23,Licenciés!A:F,4,FALSE)) | L23: =VLOOKUP($A23,Licenciés!A:F,6,FALSE) -> #N/A | P23: BOURGES ENTENTE ATHLETISME* | Q23: 18040 | W23: =IF(F23<>"",VLOOKUP(F23,$U$33:$V$48,2,FALSE),0) -> 0 | X23: =IF(G23<>"",VLOOKUP(G23,$U$33:$V$48,2,FALSE),0) -> 0 | Y23: =IF(H23<>"",VLOOKUP(H23,$U$33:$V$48,2,FALSE),0) -> 0 | Z23: =W23+X23+Y23 -> 0 | AA23: =OR($Z23=0,$Z23=10,$Z23=1,$Z23=100,$Z23=11,$Z23=101,$Z23=110,$Z23=111) -> TRUE | AB23: =IF(AA23=TRUE,0,1) -> 0 | AF23: 50 m Haies -0,65 | AG23: =AS61 -> 0 | AH23: =CD61 -> 0 | AI23: 1 | AM23: =IF(AND($E23="F",F23=$AM$16),1,0) -> 0 | AN23: =IF(AND($E23="F",G23=$AM$16),1,0) -> 0 | AO23: =IF(AND($E23="F",H23=$AM$16),1,0) -> 0 | AP23: =IF(AND($E23="F",F23=$AP$16),1,0) -> 0 | AQ23: =IF(AND($E23="F",G23=$AP$16),1,0) -> 0 | AR23: =IF(AND($E23="F",H23=$AP$16),1,0) -> 0 | AS23: =IF(AND($E23="F",F23=$AS$16),1,0) -> 0 | AT23: =IF(AND($E23="F",G23=$AS$16),1,0) -> 0 | AU23: =IF(AND($E23="F",H23=$AS$16),1,0) -> 0 | AV23: =IF(AND($E23="F",F23=$AV$16),1,0) -> 0 | AW23: =IF(AND($E23="F",G23=$AV$16),1,0) -> 0 | AX23: =IF(AND($E23="F",H23=$AV$16),1,0) -> 0 | AY23: =IF(AND($E23="F",F23=$AY$16),1,0) -> 0 | AZ23: =IF(AND($E23="F",G23=$AY$16),1,0) -> 0 | BA23: =IF(AND($E23="F",H23=$AY$16),1,0) -> 0 | BB23: =IF(AND($E23="F",F23=$BB$16),1,0) -> 0 | BC23: =IF(AND($E23="F",G23=$BB$16),1,0) -> 0 | BD23: =IF(AND($E23="F",H23=$BB$16),1,0) -> 0 | BE23: =IF(AND($E23="F",F23=$BE$16),1,0) -> 0 | BF23: =IF(AND($E23="F",G23=$BE$16),1,0) -> 0 | BG23: =IF(AND($E23="F",H23=$BE$16),1,0) -> 0 | BH23: =IF(AND($E23="F",F23=$BH$16),1,0) -> 0 | BI23: =IF(AND($E23="F",G23=$BH$16),1,0) -> 0 | BJ23: =IF(AND($E23="F",H23=$BH$16),1,0) -> 0 | BK23: =IF(AND($E23="F",F23=$BK$16),1,0) -> 0 | BL23: =IF(AND($E23="F",G23=$BK$16),1,0) -> 0 | BM23: =IF(AND($E23="F",H23=$BK$16),1,0) -> 0 | BN23: =IF(AND($E23="F",F23=$BN$16),1,0) -> 0 | BO23: =IF(AND($E23="F",G23=$BN$16),1,0) -> 0 | BP23: =IF(AND($E23="F",H23=$BN$16),1,0) -> 0 | BQ23: =IF(AND($E23="F",F23=$BQ$16),1,0) -> 0 | BR23: =IF(AND($E23="F",G23=$BQ$16),1,0) -> 0 | BS23: =IF(AND($E23="F",H23=$BQ$16),1,0) -> 0 | BT23: =IF(AND($E23="F",F23=$BT$16),1,0) -> 0 | BU23: =IF(AND($E23="F",G23=$BT$16),1,0) -> 0 | BV23: =IF(AND($E23="F",H23=$BT$16),1,0) -> 0 | BX23: =IF(AND($E23="M",F23=$BX$16),1,0) -> 0 | BY23: =IF(AND($E23="M",G23=$BX$16),1,0) -> 0 | BZ23: =IF(AND($E23="M",H23=$BX$16),1,0) -> 0 | CA23: =IF(AND($E23="M",F23=$CA$16),1,0) -> 0 | CB23: =IF(AND($E23="M",G23=$CA$16),1,0) -> 0 | CC23: =IF(AND($E23="M",H23=$CA$16),1,0) -> 0 | CD23: =IF(AND($E23="M",F23=$CD$16),1,0) -> 0 | CE23: =IF(AND($E23="M",G23=$CD$16),1,0) -> 0 | CF23: =IF(AND($E23="M",H23=$CD$16),1,0) -> 0 | CG23: =IF(AND($E23="M",F23=$CG$16),1,0) -> 0 | CH23: =IF(AND($E23="M",G23=$CG$16),1,0) -> 0 | CI23: =IF(AND($E23="M",H23=$CG$16),1,0) -> 0 | CJ23: =IF(AND($E23="M",F23=$CJ$16),1,0) -> 0 | CK23: =IF(AND($E23="M",G23=$CJ$16),1,0) -> 0 | CL23: =IF(AND($E23="M",H23=$CJ$16),1,0) -> 0 | CM23: =IF(AND($E23="M",F23=$CM$16),1,0) -> 0 | CN23: =IF(AND($E23="M",G23=$CM$16),1,0) -> 0 | CO23: =IF(AND($E23="M",H23=$CM$16),1,0) -> 0 | CP23: =IF(AND($E23="M",F23=$CP$16),1,0) -> 0 | CQ23: =IF(AND($E23="M",G23=$CP$16),1,0) -> 0 | CR23: =IF(AND($E23="M",H23=$CP$16),1,0) -> 0 | CS23: =IF(AND($E23="M",F23=$CT$16),1,0) -> 0 | CT23: =IF(AND($E23="M",G23=$CT$16),1,0) -> 0 | CU23: =IF(AND($E23="M",H23=$CT$16),1,0) -> 0 | CV23: =IF(AND($E23="M",F23=$CW$16),1,0) -> 0 | CW23: =IF(AND($E23="M",G23=$CW$16),1,0) -> 0 | CX23: =IF(AND($E23="M",H23=$CW$16),1,0) -> 0 | CY23: =IF(AND($E23="M",F23=$CZ$16),1,0) -> 0 | CZ23: =IF(AND($E23="M",G23=$CZ$16),1,0) -> 0 | DA23: =IF(AND($E23="M",H23=$CZ$16),1,0) -> 0 | DB23: =IF(AND($E23="M",F23=$DC$16),1,0) -> 0 | DC23: =IF(AND($E23="M",G23=$DC$16),1,0) -> 0 | DD23: =IF(AND($E23="M",H23=$DC$16),1,0) -> 0 | DE23: =IF(AND($E23="M",F23=$DE$16),1,0) -> 0 | DF23: =IF(AND($E23="M",G23=$DE$16),1,0) -> 0 | DG23: =IF(AND($E23="M",H23=$DE$16),1,0) -> 0
B24: =IF(ISNUMBER(A24),VLOOKUP(A24,Licenciés!A:F,2,FALSE),"") | C24: =IF(B24="","",VLOOKUP(A24,Licenciés!A:F,3,FALSE)) | D24: =IF(B24="","",VLOOKUP(A24,Licenciés!A:F,5,FALSE)) | E24: =IF(B24="","",VLOOKUP(A24,Licenciés!A:F,4,FALSE)) | L24: =VLOOKUP($A24,Licenciés!A:F,6,FALSE) -> #N/A | P24: AAEE EPERNON | Q24: 28001 | W24: =IF(F24<>"",VLOOKUP(F24,$U$33:$V$48,2,FALSE),0) -> 0 | X24: =IF(G24<>"",VLOOKUP(G24,$U$33:$V$48,2,FALSE),0) -> 0 | Y24: =IF(H24<>"",VLOOKUP(H24,$U$33:$V$48,2,FALSE),0) -> 0 | Z24: =W24+X24+Y24 -> 0 | AA24: =OR($Z24=0,$Z24=10,$Z24=1,$Z24=100,$Z24=11,$Z24=101,$Z24=110,$Z24=111) -> TRUE | AB24: =IF(AA24=TRUE,0,1) -> 0 | AF24: 2 000 m Marche | AG24: =BT61 -> 0 | AH24: =DE61 -> 0 | AI24: 1 | AM24: =IF(AND($E24="F",F24=$AM$16),1,0) -> 0 | AN24: =IF(AND($E24="F",G24=$AM$16),1,0) -> 0 | AO24: =IF(AND($E24="F",H24=$AM$16),1,0) -> 0 | AP24: =IF(AND($E24="F",F24=$AP$16),1,0) -> 0 | AQ24: =IF(AND($E24="F",G24=$AP$16),1,0) -> 0 | AR24: =IF(AND($E24="F",H24=$AP$16),1,0) -> 0 | AS24: =IF(AND($E24="F",F24=$AS$16),1,0) -> 0 | AT24: =IF(AND($E24="F",G24=$AS$16),1,0) -> 0 | AU24: =IF(AND($E24="F",H24=$AS$16),1,0) -> 0 | AV24: =IF(AND($E24="F",F24=$AV$16),1,0) -> 0 | AW24: =IF(AND($E24="F",G24=$AV$16),1,0) -> 0 | AX24: =IF(AND($E24="F",H24=$AV$16),1,0) -> 0 | AY24: =IF(AND($E24="F",F24=$AY$16),1,0) -> 0 | AZ24: =IF(AND($E24="F",G24=$AY$16),1,0) -> 0 | BA24: =IF(AND($E24="F",H24=$AY$16),1,0) -> 0 | BB24: =IF(AND($E24="F",F24=$BB$16),1,0) -> 0 | BC24: =IF(AND($E24="F",G24=$BB$16),1,0) -> 0 | BD24: =IF(AND($E24="F",H24=$BB$16),1,0) -> 0 | BE24: =IF(AND($E24="F",F24=$BE$16),1,0) -> 0 | BF24: =IF(AND($E24="F",G24=$BE$16),1,0) -> 0 | BG24: =IF(AND($E24="F",H24=$BE$16),1,0) -> 0 | BH24: =IF(AND($E24="F",F24=$BH$16),1,0) -> 0 | BI24: =IF(AND($E24="F",G24=$BH$16),1,0) -> 0 | BJ24: =IF(AND($E24="F",H24=$BH$16),1,0) -> 0 | BK24: =IF(AND($E24="F",F24=$BK$16),1,0) -> 0 | BL24: =IF(AND($E24="F",G24=$BK$16),1,0) -> 0 | BM24: =IF(AND($E24="F",H24=$BK$16),1,0) -> 0 | BN24: =IF(AND($E24="F",F24=$BN$16),1,0) -> 0 | BO24: =IF(AND($E24="F",G24=$BN$16),1,0) -> 0 | BP24: =IF(AND($E24="F",H24=$BN$16),1,0) -> 0 | BQ24: =IF(AND($E24="F",F24=$BQ$16),1,0) -> 0 | BR24: =IF(AND($E24="F",G24=$BQ$16),1,0) -> 0 | BS24: =IF(AND($E24="F",H24=$BQ$16),1,0) -> 0 | BT24: =IF(AND($E24="F",F24=$BT$16),1,0) -> 0 | BU24: =IF(AND($E24="F",G24=$BT$16),1,0) -> 0 | BV24: =IF(AND($E24="F",H24=$BT$16),1,0) -> 0 | BX24: =IF(AND($E24="M",F24=$BX$16),1,0) -> 0 | BY24: =IF(AND($E24="M",G24=$BX$16),1,0) -> 0 | BZ24: =IF(AND($E24="M",H24=$BX$16),1,0) -> 0 | CA24: =IF(AND($E24="M",F24=$CA$16),1,0) -> 0 | CB24: =IF(AND($E24="M",G24=$CA$16),1,0) -> 0 | CC24: =IF(AND($E24="M",H24=$CA$16),1,0) -> 0 | CD24: =IF(AND($E24="M",F24=$CD$16),1,0) -> 0 | CE24: =IF(AND($E24="M",G24=$CD$16),1,0) -> 0 | CF24: =IF(AND($E24="M",H24=$CD$16),1,0) -> 0 | CG24: =IF(AND($E24="M",F24=$CG$16),1,0) -> 0 | CH24: =IF(AND($E24="M",G24=$CG$16),1,0) -> 0 | CI24: =IF(AND($E24="M",H24=$CG$16),1,0) -> 0 | CJ24: =IF(AND($E24="M",F24=$CJ$16),1,0) -> 0 | CK24: =IF(AND($E24="M",G24=$CJ$16),1,0) -> 0 | CL24: =IF(AND($E24="M",H24=$CJ$16),1,0) -> 0 | CM24: =IF(AND($E24="M",F24=$CM$16),1,0) -> 0 | CN24: =IF(AND($E24="M",G24=$CM$16),1,0) -> 0 | CO24: =IF(AND($E24="M",H24=$CM$16),1,0) -> 0 | CP24: =IF(AND($E24="M",F24=$CP$16),1,0) -> 0 | CQ24: =IF(AND($E24="M",G24=$CP$16),1,0) -> 0 | CR24: =IF(AND($E24="M",H24=$CP$16),1,0) -> 0 | CS24: =IF(AND($E24="M",F24=$CT$16),1,0) -> 0 | CT24: =IF(AND($E24="M",G24=$CT$16),1,0) -> 0 | CU24: =IF(AND($E24="M",H24=$CT$16),1,0) -> 0 | CV24: =IF(AND($E24="M",F24=$CW$16),1,0) -> 0 | CW24: =IF(AND($E24="M",G24=$CW$16),1,0) -> 0 | CX24: =IF(AND($E24="M",H24=$CW$16),1,0) -> 0 | CY24: =IF(AND($E24="M",F24=$CZ$16),1,0) -> 0 | CZ24: =IF(AND($E24="M",G24=$CZ$16),1,0) -> 0 | DA24: =IF(AND($E24="M",H24=$CZ$16),1,0) -> 0 | DB24: =IF(AND($E24="M",F24=$DC$16),1,0) -> 0 | DC24: =IF(AND($E24="M",G24=$DC$16),1,0) -> 0 | DD24: =IF(AND($E24="M",H24=$DC$16),1,0) -> 0 | DE24: =IF(AND($E24="M",F24=$DE$16),1,0) -> 0 | DF24: =IF(AND($E24="M",G24=$DE$16),1,0) -> 0 | DG24: =IF(AND($E24="M",H24=$DE$16),1,0) -> 0
B25: =IF(ISNUMBER(A25),VLOOKUP(A25,Licenciés!A:F,2,FALSE),"") | C25: =IF(B25="","",VLOOKUP(A25,Licenciés!A:F,3,FALSE)) | D25: =IF(B25="","",VLOOKUP(A25,Licenciés!A:F,5,FALSE)) | E25: =IF(B25="","",VLOOKUP(A25,Licenciés!A:F,4,FALSE)) | L25: =VLOOKUP($A25,Licenciés!A:F,6,FALSE) -> #N/A | P25: AS NOGENT-LE-ROTROU | Q25: 28004 | W25: =IF(F25<>"",VLOOKUP(F25,$U$33:$V$48,2,FALSE),0) -> 0 | X25: =IF(G25<>"",VLOOKUP(G25,$U$33:$V$48,2,FALSE),0) -> 0 | Y25: =IF(H25<>"",VLOOKUP(H25,$U$33:$V$48,2,FALSE),0) -> 0 | Z25: =W25+X25+Y25 -> 0 | AA25: =OR($Z25=0,$Z25=10,$Z25=1,$Z25=100,$Z25=11,$Z25=101,$Z25=110,$Z25=111) -> TRUE | AB25: =IF(AA25=TRUE,0,1) -> 0 | AE25: Sauts | AF25: Hauteur | AG25: =AV61 -> 0 | AH25: =CG61 -> 0 | AI25: 1 | AJ25: 3 | AM25: =IF(AND($E25="F",F25=$AM$16),1,0) -> 0 | AN25: =IF(AND($E25="F",G25=$AM$16),1,0) -> 0 | AO25: =IF(AND($E25="F",H25=$AM$16),1,0) -> 0 | AP25: =IF(AND($E25="F",F25=$AP$16),1,0) -> 0 | AQ25: =IF(AND($E25="F",G25=$AP$16),1,0) -> 0 | AR25: =IF(AND($E25="F",H25=$AP$16),1,0) -> 0 | AS25: =IF(AND($E25="F",F25=$AS$16),1,0) -> 0 | AT25: =IF(AND($E25="F",G25=$AS$16),1,0) -> 0 | AU25: =IF(AND($E25="F",H25=$AS$16),1,0) -> 0 | AV25: =IF(AND($E25="F",F25=$AV$16),1,0) -> 0 | AW25: =IF(AND($E25="F",G25=$AV$16),1,0) -> 0 | AX25: =IF(AND($E25="F",H25=$AV$16),1,0) -> 0 | AY25: =IF(AND($E25="F",F25=$AY$16),1,0) -> 0 | AZ25: =IF(AND($E25="F",G25=$AY$16),1,0) -> 0 | BA25: =IF(AND($E25="F",H25=$AY$16),1,0) -> 0 | BB25: =IF(AND($E25="F",F25=$BB$16),1,0) -> 0 | BC25: =IF(AND($E25="F",G25=$BB$16),1,0) -> 0 | BD25: =IF(AND($E25="F",H25=$BB$16),1,0) -> 0 | BE25: =IF(AND($E25="F",F25=$BE$16),1,0) -> 0 | BF25: =IF(AND($E25="F",G25=$BE$16),1,0) -> 0 | BG25: =IF(AND($E25="F",H25=$BE$16),1,0) -> 0 | BH25: =IF(AND($E25="F",F25=$BH$16),1,0) -> 0 | BI25: =IF(AND($E25="F",G25=$BH$16),1,0) -> 0 | BJ25: =IF(AND($E25="F",H25=$BH$16),1,0) -> 0 | BK25: =IF(AND($E25="F",F25=$BK$16),1,0) -> 0 | BL25: =IF(AND($E25="F",G25=$BK$16),1,0) -> 0 | BM25: =IF(AND($E25="F",H25=$BK$16),1,0) -> 0 | BN25: =IF(AND($E25="F",F25=$BN$16),1,0) -> 0 | BO25: =IF(AND($E25="F",G25=$BN$16),1,0) -> 0 | BP25: =IF(AND($E25="F",H25=$BN$16),1,0) -> 0 | BQ25: =IF(AND($E25="F",F25=$BQ$16),1,0) -> 0 | BR25: =IF(AND($E25="F",G25=$BQ$16),1,0) -> 0 | BS25: =IF(AND($E25="F",H25=$BQ$16),1,0) -> 0 | BT25: =IF(AND($E25="F",F25=$BT$16),1,0) -> 0 | BU25: =IF(AND($E25="F",G25=$BT$16),1,0) -> 0 | BV25: =IF(AND($E25="F",H25=$BT$16),1,0) -> 0 | BX25: =IF(AND($E25="M",F25=$BX$16),1,0) -> 0 | BY25: =IF(AND($E25="M",G25=$BX$16),1,0) -> 0 | BZ25: =IF(AND($E25="M",H25=$BX$16),1,0) -> 0 | CA25: =IF(AND($E25="M",F25=$CA$16),1,0) -> 0 | CB25: =IF(AND($E25="M",G25=$CA$16),1,0) -> 0 | CC25: =IF(AND($E25="M",H25=$CA$16),1,0) -> 0 | CD25: =IF(AND($E25="M",F25=$CD$16),1,0) -> 0 | CE25: =IF(AND($E25="M",G25=$CD$16),1,0) -> 0 | CF25: =IF(AND($E25="M",H25=$CD$16),1,0) -> 0 | CG25: =IF(AND($E25="M",F25=$CG$16),1,0) -> 0 | CH25: =IF(AND($E25="M",G25=$CG$16),1,0) -> 0 | CI25: =IF(AND($E25="M",H25=$CG$16),1,0) -> 0 | CJ25: =IF(AND($E25="M",F25=$CJ$16),1,0) -> 0 | CK25: =IF(AND($E25="M",G25=$CJ$16),1,0) -> 0 | CL25: =IF(AND($E25="M",H25=$CJ$16),1,0) -> 0 | CM25: =IF(AND($E25="M",F25=$CM$16),1,0) -> 0 | CN25: =IF(AND($E25="M",G25=$CM$16),1,0) -> 0 | CO25: =IF(AND($E25="M",H25=$CM$16),1,0) -> 0 | CP25: =IF(AND($E25="M",F25=$CP$16),1,0) -> 0 | CQ25: =IF(AND($E25="M",G25=$CP$16),1,0) -> 0 | CR25: =IF(AND($E25="M",H25=$CP$16),1,0) -> 0 | CS25: =IF(AND($E25="M",F25=$CT$16),1,0) -> 0 | CT25: =IF(AND($E25="M",G25=$CT$16),1,0) -> 0 | CU25: =IF(AND($E25="M",H25=$CT$16),1,0) -> 0 | CV25: =IF(AND($E25="M",F25=$CW$16),1,0) -> 0 | CW25: =IF(AND($E25="M",G25=$CW$16),1,0) -> 0 | CX25: =IF(AND($E25="M",H25=$CW$16),1,0) -> 0 | CY25: =IF(AND($E25="M",F25=$CZ$16),1,0) -> 0 | CZ25: =IF(AND($E25="M",G25=$CZ$16),1,0) -> 0 | DA25: =IF(AND($E25="M",H25=$CZ$16),1,0) -> 0 | DB25: =IF(AND($E25="M",F25=$DC$16),1,0) -> 0 | DC25: =IF(AND($E25="M",G25=$DC$16),1,0) -> 0 | DD25: =IF(AND($E25="M",H25=$DC$16),1,0) -> 0 | DE25: =IF(AND($E25="M",F25=$DE$16),1,0) -> 0 | DF25: =IF(AND($E25="M",G25=$DE$16),1,0) -> 0 | DG25: =IF(AND($E25="M",H25=$DE$16),1,0) -> 0
B26: =IF(ISNUMBER(A26),VLOOKUP(A26,Licenciés!A:F,2,FALSE),"") | C26: =IF(B26="","",VLOOKUP(A26,Licenciés!A:F,3,FALSE)) | D26: =IF(B26="","",VLOOKUP(A26,Licenciés!A:F,5,FALSE)) | E26: =IF(B26="","",VLOOKUP(A26,Licenciés!A:F,4,FALSE)) | L26: =VLOOKUP($A26,Licenciés!A:F,6,FALSE) -> #N/A | P26: ES JOUY ST-PREST ATHLETISME | Q26: 28009 | W26: =IF(F26<>"",VLOOKUP(F26,$U$33:$V$48,2,FALSE),0) -> 0 | X26: =IF(G26<>"",VLOOKUP(G26,$U$33:$V$48,2,FALSE),0) -> 0 | Y26: =IF(H26<>"",VLOOKUP(H26,$U$33:$V$48,2,FALSE),0) -> 0 | Z26: =W26+X26+Y26 -> 0 | AA26: =OR($Z26=0,$Z26=10,$Z26=1,$Z26=100,$Z26=11,$Z26=101,$Z26=110,$Z26=111) -> TRUE | AB26: =IF(AA26=TRUE,0,1) -> 0 | AF26: Perche | AG26: =AY61 -> 0 | AH26: =CJ61 -> 0 | AI26: 1 | AM26: =IF(AND($E26="F",F26=$AM$16),1,0) -> 0 | AN26: =IF(AND($E26="F",G26=$AM$16),1,0) -> 0 | AO26: =IF(AND($E26="F",H26=$AM$16),1,0) -> 0 | AP26: =IF(AND($E26="F",F26=$AP$16),1,0) -> 0 | AQ26: =IF(AND($E26="F",G26=$AP$16),1,0) -> 0 | AR26: =IF(AND($E26="F",H26=$AP$16),1,0) -> 0 | AS26: =IF(AND($E26="F",F26=$AS$16),1,0) -> 0 | AT26: =IF(AND($E26="F",G26=$AS$16),1,0) -> 0 | AU26: =IF(AND($E26="F",H26=$AS$16),1,0) -> 0 | AV26: =IF(AND($E26="F",F26=$AV$16),1,0) -> 0 | AW26: =IF(AND($E26="F",G26=$AV$16),1,0) -> 0 | AX26: =IF(AND($E26="F",H26=$AV$16),1,0) -> 0 | AY26: =IF(AND($E26="F",F26=$AY$16),1,0) -> 0 | AZ26: =IF(AND($E26="F",G26=$AY$16),1,0) -> 0 | BA26: =IF(AND($E26="F",H26=$AY$16),1,0) -> 0 | BB26: =IF(AND($E26="F",F26=$BB$16),1,0) -> 0 | BC26: =IF(AND($E26="F",G26=$BB$16),1,0) -> 0 | BD26: =IF(AND($E26="F",H26=$BB$16),1,0) -> 0 | BE26: =IF(AND($E26="F",F26=$BE$16),1,0) -> 0 | BF26: =IF(AND($E26="F",G26=$BE$16),1,0) -> 0 | BG26: =IF(AND($E26="F",H26=$BE$16),1,0) -> 0 | BH26: =IF(AND($E26="F",F26=$BH$16),1,0) -> 0 | BI26: =IF(AND($E26="F",G26=$BH$16),1,0) -> 0 | BJ26: =IF(AND($E26="F",H26=$BH$16),1,0) -> 0 | BK26: =IF(AND($E26="F",F26=$BK$16),1,0) -> 0 | BL26: =IF(AND($E26="F",G26=$BK$16),1,0) -> 0 | BM26: =IF(AND($E26="F",H26=$BK$16),1,0) -> 0 | BN26: =IF(AND($E26="F",F26=$BN$16),1,0) -> 0 | BO26: =IF(AND($E26="F",G26=$BN$16),1,0) -> 0 | BP26: =IF(AND($E26="F",H26=$BN$16),1,0) -> 0 | BQ26: =IF(AND($E26="F",F26=$BQ$16),1,0) -> 0 | BR26: =IF(AND($E26="F",G26=$BQ$16),1,0) -> 0 | BS26: =IF(AND($E26="F",H26=$BQ$16),1,0) -> 0 | BT26: =IF(AND($E26="F",F26=$BT$16),1,0) -> 0 | BU26: =IF(AND($E26="F",G26=$BT$16),1,0) -> 0 | BV26: =IF(AND($E26="F",H26=$BT$16),1,0) -> 0 | BX26: =IF(AND($E26="M",F26=$BX$16),1,0) -> 0 | BY26: =IF(AND($E26="M",G26=$BX$16),1,0) -> 0 | BZ26: =IF(AND($E26="M",H26=$BX$16),1,0) -> 0 | CA26: =IF(AND($E26="M",F26=$CA$16),1,0) -> 0 | CB26: =IF(AND($E26="M",G26=$CA$16),1,0) -> 0 | CC26: =IF(AND($E26="M",H26=$CA$16),1,0) -> 0 | CD26: =IF(AND($E26="M",F26=$CD$16),1,0) -> 0 | CE26: =IF(AND($E26="M",G26=$CD$16),1,0) -> 0 | CF26: =IF(AND($E26="M",H26=$CD$16),1,0) -> 0 | CG26: =IF(AND($E26="M",F26=$CG$16),1,0) -> 0 | CH26: =IF(AND($E26="M",G26=$CG$16),1,0) -> 0 | CI26: =IF(AND($E26="M",H26=$CG$16),1,0) -> 0 | CJ26: =IF(AND($E26="M",F26=$CJ$16),1,0) -> 0 | CK26: =IF(AND($E26="M",G26=$CJ$16),1,0) -> 0 | CL26: =IF(AND($E26="M",H26=$CJ$16),1,0) -> 0 | CM26: =IF(AND($E26="M",F26=$CM$16),1,0) -> 0 | CN26: =IF(AND($E26="M",G26=$CM$16),1,0) -> 0 | CO26: =IF(AND($E26="M",H26=$CM$16),1,0) -> 0 | CP26: =IF(AND($E26="M",F26=$CP$16),1,0) -> 0 | CQ26: =IF(AND($E26="M",G26=$CP$16),1,0) -> 0 | CR26: =IF(AND($E26="M",H26=$CP$16),1,0) -> 0 | CS26: =IF(AND($E26="M",F26=$CT$16),1,0) -> 0 | CT26: =IF(AND($E26="M",G26=$CT$16),1,0) -> 0 | CU26: =IF(AND($E26="M",H26=$CT$16),1,0) -> 0 | CV26: =IF(AND($E26="M",F26=$CW$16),1,0) -> 0 | CW26: =IF(AND($E26="M",G26=$CW$16),1,0) -> 0 | CX26: =IF(AND($E26="M",H26=$CW$16),1,0) -> 0 | CY26: =IF(AND($E26="M",F26=$CZ$16),1,0) -> 0 | CZ26: =IF(AND($E26="M",G26=$CZ$16),1,0) -> 0 | DA26: =IF(AND($E26="M",H26=$CZ$16),1,0) -> 0 | DB26: =IF(AND($E26="M",F26=$DC$16),1,0) -> 0 | DC26: =IF(AND($E26="M",G26=$DC$16),1,0) -> 0 | DD26: =IF(AND($E26="M",H26=$DC$16),1,0) -> 0 | DE26: =IF(AND($E26="M",F26=$DE$16),1,0) -> 0 | DF26: =IF(AND($E26="M",G26=$DE$16),1,0) -> 0 | DG26: =IF(AND($E26="M",H26=$DE$16),1,0) -> 0
B27: =IF(ISNUMBER(A27),VLOOKUP(A27,Licenciés!A:F,2,FALSE),"") | C27: =IF(B27="","",VLOOKUP(A27,Licenciés!A:F,3,FALSE)) | D27: =IF(B27="","",VLOOKUP(A27,Licenciés!A:F,5,FALSE)) | E27: =IF(B27="","",VLOOKUP(A27,Licenciés!A:F,4,FALSE)) | L27: =VLOOKUP($A27,Licenciés!A:F,6,FALSE) -> #N/A | P27: OC CHATEAUDUN BONNEVAL A.* | Q27: 28011 | W27: =IF(F27<>"",VLOOKUP(F27,$U$33:$V$48,2,FALSE),0) -> 0 | X27: =IF(G27<>"",VLOOKUP(G27,$U$33:$V$48,2,FALSE),0) -> 0 | Y27: =IF(H27<>"",VLOOKUP(H27,$U$33:$V$48,2,FALSE),0) -> 0 | Z27: =W27+X27+Y27 -> 0 | AA27: =OR($Z27=0,$Z27=10,$Z27=1,$Z27=100,$Z27=11,$Z27=101,$Z27=110,$Z27=111) -> TRUE | AB27: =IF(AA27=TRUE,0,1) -> 0 | AF27: Longueur | AG27: =BB61 -> 0 | AH27: =CM61 -> 0 | AI27: 1 | AM27: =IF(AND($E27="F",F27=$AM$16),1,0) -> 0 | AN27: =IF(AND($E27="F",G27=$AM$16),1,0) -> 0 | AO27: =IF(AND($E27="F",H27=$AM$16),1,0) -> 0 | AP27: =IF(AND($E27="F",F27=$AP$16),1,0) -> 0 | AQ27: =IF(AND($E27="F",G27=$AP$16),1,0) -> 0 | AR27: =IF(AND($E27="F",H27=$AP$16),1,0) -> 0 | AS27: =IF(AND($E27="F",F27=$AS$16),1,0) -> 0 | AT27: =IF(AND($E27="F",G27=$AS$16),1,0) -> 0 | AU27: =IF(AND($E27="F",H27=$AS$16),1,0) -> 0 | AV27: =IF(AND($E27="F",F27=$AV$16),1,0) -> 0 | AW27: =IF(AND($E27="F",G27=$AV$16),1,0) -> 0 | AX27: =IF(AND($E27="F",H27=$AV$16),1,0) -> 0 | AY27: =IF(AND($E27="F",F27=$AY$16),1,0) -> 0 | AZ27: =IF(AND($E27="F",G27=$AY$16),1,0) -> 0 | BA27: =IF(AND($E27="F",H27=$AY$16),1,0) -> 0 | BB27: =IF(AND($E27="F",F27=$BB$16),1,0) -> 0 | BC27: =IF(AND($E27="F",G27=$BB$16),1,0) -> 0 | BD27: =IF(AND($E27="F",H27=$BB$16),1,0) -> 0 | BE27: =IF(AND($E27="F",F27=$BE$16),1,0) -> 0 | BF27: =IF(AND($E27="F",G27=$BE$16),1,0) -> 0 | BG27: =IF(AND($E27="F",H27=$BE$16),1,0) -> 0 | BH27: =IF(AND($E27="F",F27=$BH$16),1,0) -> 0 | BI27: =IF(AND($E27="F",G27=$BH$16),1,0) -> 0 | BJ27: =IF(AND($E27="F",H27=$BH$16),1,0) -> 0 | BK27: =IF(AND($E27="F",F27=$BK$16),1,0) -> 0 | BL27: =IF(AND($E27="F",G27=$BK$16),1,0) -> 0 | BM27: =IF(AND($E27="F",H27=$BK$16),1,0) -> 0 | BN27: =IF(AND($E27="F",F27=$BN$16),1,0) -> 0 | BO27: =IF(AND($E27="F",G27=$BN$16),1,0) -> 0 | BP27: =IF(AND($E27="F",H27=$BN$16),1,0) -> 0 | BQ27: =IF(AND($E27="F",F27=$BQ$16),1,0) -> 0 | BR27: =IF(AND($E27="F",G27=$BQ$16),1,0) -> 0 | BS27: =IF(AND($E27="F",H27=$BQ$16),1,0) -> 0 | BT27: =IF(AND($E27="F",F27=$BT$16),1,0) -> 0 | BU27: =IF(AND($E27="F",G27=$BT$16),1,0) -> 0 | BV27: =IF(AND($E27="F",H27=$BT$16),1,0) -> 0 | BX27: =IF(AND($E27="M",F27=$BX$16),1,0) -> 0 | BY27: =IF(AND($E27="M",G27=$BX$16),1,0) -> 0 | BZ27: =IF(AND($E27="M",H27=$BX$16),1,0) -> 0 | CA27: =IF(AND($E27="M",F27=$CA$16),1,0) -> 0 | CB27: =IF(AND($E27="M",G27=$CA$16),1,0) -> 0 | CC27: =IF(AND($E27="M",H27=$CA$16),1,0) -> 0 | CD27: =IF(AND($E27="M",F27=$CD$16),1,0) -> 0 | CE27: =IF(AND($E27="M",G27=$CD$16),1,0) -> 0 | CF27: =IF(AND($E27="M",H27=$CD$16),1,0) -> 0 | CG27: =IF(AND($E27="M",F27=$CG$16),1,0) -> 0 | CH27: =IF(AND($E27="M",G27=$CG$16),1,0) -> 0 | CI27: =IF(AND($E27="M",H27=$CG$16),1,0) -> 0 | CJ27: =IF(AND($E27="M",F27=$CJ$16),1,0) -> 0 | CK27: =IF(AND($E27="M",G27=$CJ$16),1,0) -> 0 | CL27: =IF(AND($E27="M",H27=$CJ$16),1,0) -> 0 | CM27: =IF(AND($E27="M",F27=$CM$16),1,0) -> 0 | CN27: =IF(AND($E27="M",G27=$CM$16),1,0) -> 0 | CO27: =IF(AND($E27="M",H27=$CM$16),1,0) -> 0 | CP27: =IF(AND($E27="M",F27=$CP$16),1,0) -> 0 | CQ27: =IF(AND($E27="M",G27=$CP$16),1,0) -> 0 | CR27: =IF(AND($E27="M",H27=$CP$16),1,0) -> 0 | CS27: =IF(AND($E27="M",F27=$CT$16),1,0) -> 0 | CT27: =IF(AND($E27="M",G27=$CT$16),1,0) -> 0 | CU27: =IF(AND($E27="M",H27=$CT$16),1,0) -> 0 | CV27: =IF(AND($E27="M",F27=$CW$16),1,0) -> 0 | CW27: =IF(AND($E27="M",G27=$CW$16),1,0) -> 0 | CX27: =IF(AND($E27="M",H27=$CW$16),1,0) -> 0 | CY27: =IF(AND($E27="M",F27=$CZ$16),1,0) -> 0 | CZ27: =IF(AND($E27="M",G27=$CZ$16),1,0) -> 0 | DA27: =IF(AND($E27="M",H27=$CZ$16),1,0) -> 0 | DB27: =IF(AND($E27="M",F27=$DC$16),1,0) -> 0 | DC27: =IF(AND($E27="M",G27=$DC$16),1,0) -> 0 | DD27: =IF(AND($E27="M",H27=$DC$16),1,0) -> 0 | DE27: =IF(AND($E27="M",F27=$DE$16),1,0) -> 0 | DF27: =IF(AND($E27="M",G27=$DE$16),1,0) -> 0 | DG27: =IF(AND($E27="M",H27=$DE$16),1,0) -> 0
B28: =IF(ISNUMBER(A28),VLOOKUP(A28,Licenciés!A:F,2,FALSE),"") | C28: =IF(B28="","",VLOOKUP(A28,Licenciés!A:F,3,FALSE)) | D28: =IF(B28="","",VLOOKUP(A28,Licenciés!A:F,5,FALSE)) | E28: =IF(B28="","",VLOOKUP(A28,Licenciés!A:F,4,FALSE)) | L28: =VLOOKUP($A28,Licenciés!A:F,6,FALSE) -> #N/A | P28: AS LEVES | Q28: 28013 | W28: =IF(F28<>"",VLOOKUP(F28,$U$33:$V$48,2,FALSE),0) -> 0 | X28: =IF(G28<>"",VLOOKUP(G28,$U$33:$V$48,2,FALSE),0) -> 0 | Y28: =IF(H28<>"",VLOOKUP(H28,$U$33:$V$48,2,FALSE),0) -> 0 | Z28: =W28+X28+Y28 -> 0 | AA28: =OR($Z28=0,$Z28=10,$Z28=1,$Z28=100,$Z28=11,$Z28=101,$Z28=110,$Z28=111) -> TRUE | AB28: =IF(AA28=TRUE,0,1) -> 0 | AF28: Triple-Saut | AG28: =BE61 -> 0 | AH28: =CP61 -> 0 | AI28: 1 | AM28: =IF(AND($E28="F",F28=$AM$16),1,0) -> 0 | AN28: =IF(AND($E28="F",G28=$AM$16),1,0) -> 0 | AO28: =IF(AND($E28="F",H28=$AM$16),1,0) -> 0 | AP28: =IF(AND($E28="F",F28=$AP$16),1,0) -> 0 | AQ28: =IF(AND($E28="F",G28=$AP$16),1,0) -> 0 | AR28: =IF(AND($E28="F",H28=$AP$16),1,0) -> 0 | AS28: =IF(AND($E28="F",F28=$AS$16),1,0) -> 0 | AT28: =IF(AND($E28="F",G28=$AS$16),1,0) -> 0 | AU28: =IF(AND($E28="F",H28=$AS$16),1,0) -> 0 | AV28: =IF(AND($E28="F",F28=$AV$16),1,0) -> 0 | AW28: =IF(AND($E28="F",G28=$AV$16),1,0) -> 0 | AX28: =IF(AND($E28="F",H28=$AV$16),1,0) -> 0 | AY28: =IF(AND($E28="F",F28=$AY$16),1,0) -> 0 | AZ28: =IF(AND($E28="F",G28=$AY$16),1,0) -> 0 | BA28: =IF(AND($E28="F",H28=$AY$16),1,0) -> 0 | BB28: =IF(AND($E28="F",F28=$BB$16),1,0) -> 0 | BC28: =IF(AND($E28="F",G28=$BB$16),1,0) -> 0 | BD28: =IF(AND($E28="F",H28=$BB$16),1,0) -> 0 | BE28: =IF(AND($E28="F",F28=$BE$16),1,0) -> 0 | BF28: =IF(AND($E28="F",G28=$BE$16),1,0) -> 0 | BG28: =IF(AND($E28="F",H28=$BE$16),1,0) -> 0 | BH28: =IF(AND($E28="F",F28=$BH$16),1,0) -> 0 | BI28: =IF(AND($E28="F",G28=$BH$16),1,0) -> 0 | BJ28: =IF(AND($E28="F",H28=$BH$16),1,0) -> 0 | BK28: =IF(AND($E28="F",F28=$BK$16),1,0) -> 0 | BL28: =IF(AND($E28="F",G28=$BK$16),1,0) -> 0 | BM28: =IF(AND($E28="F",H28=$BK$16),1,0) -> 0 | BN28: =IF(AND($E28="F",F28=$BN$16),1,0) -> 0 | BO28: =IF(AND($E28="F",G28=$BN$16),1,0) -> 0 | BP28: =IF(AND($E28="F",H28=$BN$16),1,0) -> 0 | BQ28: =IF(AND($E28="F",F28=$BQ$16),1,0) -> 0 | BR28: =IF(AND($E28="F",G28=$BQ$16),1,0) -> 0 | BS28: =IF(AND($E28="F",H28=$BQ$16),1,0) -> 0 | BT28: =IF(AND($E28="F",F28=$BT$16),1,0) -> 0 | BU28: =IF(AND($E28="F",G28=$BT$16),1,0) -> 0 | BV28: =IF(AND($E28="F",H28=$BT$16),1,0) -> 0 | BX28: =IF(AND($E28="M",F28=$BX$16),1,0) -> 0 | BY28: =IF(AND($E28="M",G28=$BX$16),1,0) -> 0 | BZ28: =IF(AND($E28="M",H28=$BX$16),1,0) -> 0 | CA28: =IF(AND($E28="M",F28=$CA$16),1,0) -> 0 | CB28: =IF(AND($E28="M",G28=$CA$16),1,0) -> 0 | CC28: =IF(AND($E28="M",H28=$CA$16),1,0) -> 0 | CD28: =IF(AND($E28="M",F28=$CD$16),1,0) -> 0 | CE28: =IF(AND($E28="M",G28=$CD$16),1,0) -> 0 | CF28: =IF(AND($E28="M",H28=$CD$16),1,0) -> 0 | CG28: =IF(AND($E28="M",F28=$CG$16),1,0) -> 0 | CH28: =IF(AND($E28="M",G28=$CG$16),1,0) -> 0 | CI28: =IF(AND($E28="M",H28=$CG$16),1,0) -> 0 | CJ28: =IF(AND($E28="M",F28=$CJ$16),1,0) -> 0 | CK28: =IF(AND($E28="M",G28=$CJ$16),1,0) -> 0 | CL28: =IF(AND($E28="M",H28=$CJ$16),1,0) -> 0 | CM28: =IF(AND($E28="M",F28=$CM$16),1,0) -> 0 | CN28: =IF(AND($E28="M",G28=$CM$16),1,0) -> 0 | CO28: =IF(AND($E28="M",H28=$CM$16),1,0) -> 0 | CP28: =IF(AND($E28="M",F28=$CP$16),1,0) -> 0 | CQ28: =IF(AND($E28="M",G28=$CP$16),1,0) -> 0 | CR28: =IF(AND($E28="M",H28=$CP$16),1,0) -> 0 | CS28: =IF(AND($E28="M",F28=$CT$16),1,0) -> 0 | CT28: =IF(AND($E28="M",G28=$CT$16),1,0) -> 0 | CU28: =IF(AND($E28="M",H28=$CT$16),1,0) -> 0 | CV28: =IF(AND($E28="M",F28=$CW$16),1,0) -> 0 | CW28: =IF(AND($E28="M",G28=$CW$16),1,0) -> 0 | CX28: =IF(AND($E28="M",H28=$CW$16),1,0) -> 0 | CY28: =IF(AND($E28="M",F28=$CZ$16),1,0) -> 0 | CZ28: =IF(AND($E28="M",G28=$CZ$16),1,0) -> 0 | DA28: =IF(AND($E28="M",H28=$CZ$16),1,0) -> 0 | DB28: =IF(AND($E28="M",F28=$DC$16),1,0) -> 0 | DC28: =IF(AND($E28="M",G28=$DC$16),1,0) -> 0 | DD28: =IF(AND($E28="M",H28=$DC$16),1,0) -> 0 | DE28: =IF(AND($E28="M",F28=$DE$16),1,0) -> 0 | DF28: =IF(AND($E28="M",G28=$DE$16),1,0) -> 0 | DG28: =IF(AND($E28="M",H28=$DE$16),1,0) -> 0
B29: =IF(ISNUMBER(A29),VLOOKUP(A29,Licenciés!A:F,2,FALSE),"") | C29: =IF(B29="","",VLOOKUP(A29,Licenciés!A:F,3,FALSE)) | D29: =IF(B29="","",VLOOKUP(A29,Licenciés!A:F,5,FALSE)) | E29: =IF(B29="","",VLOOKUP(A29,Licenciés!A:F,4,FALSE)) | L29: =VLOOKUP($A29,Licenciés!A:F,6,FALSE) -> #N/A | P29: AC CLOYES | Q29: 28017 | V29: Jeune Juge | W29: =IF(F29<>"",VLOOKUP(F29,$U$33:$V$48,2,FALSE),0) -> 0 | X29: =IF(G29<>"",VLOOKUP(G29,$U$33:$V$48,2,FALSE),0) -> 0 | Y29: =IF(H29<>"",VLOOKUP(H29,$U$33:$V$48,2,FALSE),0) -> 0 | Z29: =W29+X29+Y29 -> 0 | AA29: =OR($Z29=0,$Z29=10,$Z29=1,$Z29=100,$Z29=11,$Z29=101,$Z29=110,$Z29=111) -> TRUE | AB29: =IF(AA29=TRUE,0,1) -> 0 | AE29: Lancers | AF29: Poids | AG29: =BH61 -> 0 | AH29: =CS61 -> 0 | AI29: 1 | AJ29: 3 | AM29: =IF(AND($E29="F",F29=$AM$16),1,0) -> 0 | AN29: =IF(AND($E29="F",G29=$AM$16),1,0) -> 0 | AO29: =IF(AND($E29="F",H29=$AM$16),1,0) -> 0 | AP29: =IF(AND($E29="F",F29=$AP$16),1,0) -> 0 | AQ29: =IF(AND($E29="F",G29=$AP$16),1,0) -> 0 | AR29: =IF(AND($E29="F",H29=$AP$16),1,0) -> 0 | AS29: =IF(AND($E29="F",F29=$AS$16),1,0) -> 0 | AT29: =IF(AND($E29="F",G29=$AS$16),1,0) -> 0 | AU29: =IF(AND($E29="F",H29=$AS$16),1,0) -> 0 | AV29: =IF(AND($E29="F",F29=$AV$16),1,0) -> 0 | AW29: =IF(AND($E29="F",G29=$AV$16),1,0) -> 0 | AX29: =IF(AND($E29="F",H29=$AV$16),1,0) -> 0 | AY29: =IF(AND($E29="F",F29=$AY$16),1,0) -> 0 | AZ29: =IF(AND($E29="F",G29=$AY$16),1,0) -> 0 | BA29: =IF(AND($E29="F",H29=$AY$16),1,0) -> 0 | BB29: =IF(AND($E29="F",F29=$BB$16),1,0) -> 0 | BC29: =IF(AND($E29="F",G29=$BB$16),1,0) -> 0 | BD29: =IF(AND($E29="F",H29=$BB$16),1,0) -> 0 | BE29: =IF(AND($E29="F",F29=$BE$16),1,0) -> 0 | BF29: =IF(AND($E29="F",G29=$BE$16),1,0) -> 0 | BG29: =IF(AND($E29="F",H29=$BE$16),1,0) -> 0 | BH29: =IF(AND($E29="F",F29=$BH$16),1,0) -> 0 | BI29: =IF(AND($E29="F",G29=$BH$16),1,0) -> 0 | BJ29: =IF(AND($E29="F",H29=$BH$16),1,0) -> 0 | BK29: =IF(AND($E29="F",F29=$BK$16),1,0) -> 0 | BL29: =IF(AND($E29="F",G29=$BK$16),1,0) -> 0 | BM29: =IF(AND($E29="F",H29=$BK$16),1,0) -> 0 | BN29: =IF(AND($E29="F",F29=$BN$16),1,0) -> 0 | BO29: =IF(AND($E29="F",G29=$BN$16),1,0) -> 0 | BP29: =IF(AND($E29="F",H29=$BN$16),1,0) -> 0 | BQ29: =IF(AND($E29="F",F29=$BQ$16),1,0) -> 0 | BR29: =IF(AND($E29="F",G29=$BQ$16),1,0) -> 0 | BS29: =IF(AND($E29="F",H29=$BQ$16),1,0) -> 0 | BT29: =IF(AND($E29="F",F29=$BT$16),1,0) -> 0 | BU29: =IF(AND($E29="F",G29=$BT$16),1,0) -> 0 | BV29: =IF(AND($E29="F",H29=$BT$16),1,0) -> 0 | BX29: =IF(AND($E29="M",F29=$BX$16),1,0) -> 0 | BY29: =IF(AND($E29="M",G29=$BX$16),1,0) -> 0 | BZ29: =IF(AND($E29="M",H29=$BX$16),1,0) -> 0 | CA29: =IF(AND($E29="M",F29=$CA$16),1,0) -> 0 | CB29: =IF(AND($E29="M",G29=$CA$16),1,0) -> 0 | CC29: =IF(AND($E29="M",H29=$CA$16),1,0) -> 0 | CD29: =IF(AND($E29="M",F29=$CD$16),1,0) -> 0 | CE29: =IF(AND($E29="M",G29=$CD$16),1,0) -> 0 | CF29: =IF(AND($E29="M",H29=$CD$16),1,0) -> 0 | CG29: =IF(AND($E29="M",F29=$CG$16),1,0) -> 0 | CH29: =IF(AND($E29="M",G29=$CG$16),1,0) -> 0 | CI29: =IF(AND($E29="M",H29=$CG$16),1,0) -> 0 | CJ29: =IF(AND($E29="M",F29=$CJ$16),1,0) -> 0 | CK29: =IF(AND($E29="M",G29=$CJ$16),1,0) -> 0 | CL29: =IF(AND($E29="M",H29=$CJ$16),1,0) -> 0 | CM29: =IF(AND($E29="M",F29=$CM$16),1,0) -> 0 | CN29: =IF(AND($E29="M",G29=$CM$16),1,0) -> 0 | CO29: =IF(AND($E29="M",H29=$CM$16),1,0) -> 0 | CP29: =IF(AND($E29="M",F29=$CP$16),1,0) -> 0 | CQ29: =IF(AND($E29="M",G29=$CP$16),1,0) -> 0 | CR29: =IF(AND($E29="M",H29=$CP$16),1,0) -> 0 | CS29: =IF(AND($E29="M",F29=$CT$16),1,0) -> 0 | CT29: =IF(AND($E29="M",G29=$CT$16),1,0) -> 0 | CU29: =IF(AND($E29="M",H29=$CT$16),1,0) -> 0 | CV29: =IF(AND($E29="M",F29=$CW$16),1,0) -> 0 | CW29: =IF(AND($E29="M",G29=$CW$16),1,0) -> 0 | CX29: =IF(AND($E29="M",H29=$CW$16),1,0) -> 0 | CY29: =IF(AND($E29="M",F29=$CZ$16),1,0) -> 0 | CZ29: =IF(AND($E29="M",G29=$CZ$16),1,0) -> 0 | DA29: =IF(AND($E29="M",H29=$CZ$16),1,0) -> 0 | DB29: =IF(AND($E29="M",F29=$DC$16),1,0) -> 0 | DC29: =IF(AND($E29="M",G29=$DC$16),1,0) -> 0 | DD29: =IF(AND($E29="M",H29=$DC$16),1,0) -> 0 | DE29: =IF(AND($E29="M",F29=$DE$16),1,0) -> 0 | DF29: =IF(AND($E29="M",G29=$DE$16),1,0) -> 0 | DG29: =IF(AND($E29="M",H29=$DE$16),1,0) -> 0
B30: =IF(ISNUMBER(A30),VLOOKUP(A30,Licenciés!A:F,2,FALSE),"") | C30: =IF(B30="","",VLOOKUP(A30,Licenciés!A:F,3,FALSE)) | D30: =IF(B30="","",VLOOKUP(A30,Licenciés!A:F,5,FALSE)) | E30: =IF(B30="","",VLOOKUP(A30,Licenciés!A:F,4,FALSE)) | L30: =VLOOKUP($A30,Licenciés!A:F,6,FALSE) -> #N/A | P30: ES MAINTENON PIERRES ATHLE. | Q30: 28030 | W30: =IF(F30<>"",VLOOKUP(F30,$U$33:$V$48,2,FALSE),0) -> 0 | X30: =IF(G30<>"",VLOOKUP(G30,$U$33:$V$48,2,FALSE),0) -> 0 | Y30: =IF(H30<>"",VLOOKUP(H30,$U$33:$V$48,2,FALSE),0) -> 0 | Z30: =W30+X30+Y30 -> 0 | AA30: =OR($Z30=0,$Z30=10,$Z30=1,$Z30=100,$Z30=11,$Z30=101,$Z30=110,$Z30=111) -> TRUE | AB30: =IF(AA30=TRUE,0,1) -> 0 | AF30: Disque | AG30: =BK61 -> 0 | AH30: =CV61 -> 0 | AI30: 1 | AM30: =IF(AND($E30="F",F30=$AM$16),1,0) -> 0 | AN30: =IF(AND($E30="F",G30=$AM$16),1,0) -> 0 | AO30: =IF(AND($E30="F",H30=$AM$16),1,0) -> 0 | AP30: =IF(AND($E30="F",F30=$AP$16),1,0) -> 0 | AQ30: =IF(AND($E30="F",G30=$AP$16),1,0) -> 0 | AR30: =IF(AND($E30="F",H30=$AP$16),1,0) -> 0 | AS30: =IF(AND($E30="F",F30=$AS$16),1,0) -> 0 | AT30: =IF(AND($E30="F",G30=$AS$16),1,0) -> 0 | AU30: =IF(AND($E30="F",H30=$AS$16),1,0) -> 0 | AV30: =IF(AND($E30="F",F30=$AV$16),1,0) -> 0 | AW30: =IF(AND($E30="F",G30=$AV$16),1,0) -> 0 | AX30: =IF(AND($E30="F",H30=$AV$16),1,0) -> 0 | AY30: =IF(AND($E30="F",F30=$AY$16),1,0) -> 0 | AZ30: =IF(AND($E30="F",G30=$AY$16),1,0) -> 0 | BA30: =IF(AND($E30="F",H30=$AY$16),1,0) -> 0 | BB30: =IF(AND($E30="F",F30=$BB$16),1,0) -> 0 | BC30: =IF(AND($E30="F",G30=$BB$16),1,0) -> 0 | BD30: =IF(AND($E30="F",H30=$BB$16),1,0) -> 0 | BE30: =IF(AND($E30="F",F30=$BE$16),1,0) -> 0 | BF30: =IF(AND($E30="F",G30=$BE$16),1,0) -> 0 | BG30: =IF(AND($E30="F",H30=$BE$16),1,0) -> 0 | BH30: =IF(AND($E30="F",F30=$BH$16),1,0) -> 0 | BI30: =IF(AND($E30="F",G30=$BH$16),1,0) -> 0 | BJ30: =IF(AND($E30="F",H30=$BH$16),1,0) -> 0 | BK30: =IF(AND($E30="F",F30=$BK$16),1,0) -> 0 | BL30: =IF(AND($E30="F",G30=$BK$16),1,0) -> 0 | BM30: =IF(AND($E30="F",H30=$BK$16),1,0) -> 0 | BN30: =IF(AND($E30="F",F30=$BN$16),1,0) -> 0 | BO30: =IF(AND($E30="F",G30=$BN$16),1,0) -> 0 | BP30: =IF(AND($E30="F",H30=$BN$16),1,0) -> 0 | BQ30: =IF(AND($E30="F",F30=$BQ$16),1,0) -> 0 | BR30: =IF(AND($E30="F",G30=$BQ$16),1,0) -> 0 | BS30: =IF(AND($E30="F",H30=$BQ$16),1,0) -> 0 | BT30: =IF(AND($E30="F",F30=$BT$16),1,0) -> 0 | BU30: =IF(AND($E30="F",G30=$BT$16),1,0) -> 0 | BV30: =IF(AND($E30="F",H30=$BT$16),1,0) -> 0 | BX30: =IF(AND($E30="M",F30=$BX$16),1,0) -> 0 | BY30: =IF(AND($E30="M",G30=$BX$16),1,0) -> 0 | BZ30: =IF(AND($E30="M",H30=$BX$16),1,0) -> 0 | CA30: =IF(AND($E30="M",F30=$CA$16),1,0) -> 0 | CB30: =IF(AND($E30="M",G30=$CA$16),1,0) -> 0 | CC30: =IF(AND($E30="M",H30=$CA$16),1,0) -> 0 | CD30: =IF(AND($E30="M",F30=$CD$16),1,0) -> 0 | CE30: =IF(AND($E30="M",G30=$CD$16),1,0) -> 0 | CF30: =IF(AND($E30="M",H30=$CD$16),1,0) -> 0 | CG30: =IF(AND($E30="M",F30=$CG$16),1,0) -> 0 | CH30: =IF(AND($E30="M",G30=$CG$16),1,0) -> 0 | CI30: =IF(AND($E30="M",H30=$CG$16),1,0) -> 0 | CJ30: =IF(AND($E30="M",F30=$CJ$16),1,0) -> 0 | CK30: =IF(AND($E30="M",G30=$CJ$16),1,0) -> 0 | CL30: =IF(AND($E30="M",H30=$CJ$16),1,0) -> 0 | CM30: =IF(AND($E30="M",F30=$CM$16),1,0) -> 0 | CN30: =IF(AND($E30="M",G30=$CM$16),1,0) -> 0 | CO30: =IF(AND($E30="M",H30=$CM$16),1,0) -> 0 | CP30: =IF(AND($E30="M",F30=$CP$16),1,0) -> 0 | CQ30: =IF(AND($E30="M",G30=$CP$16),1,0) -> 0 | CR30: =IF(AND($E30="M",H30=$CP$16),1,0) -> 0 | CS30: =IF(AND($E30="M",F30=$CT$16),1,0) -> 0 | CT30: =IF(AND($E30="M",G30=$CT$16),1,0) -> 0 | CU30: =IF(AND($E30="M",H30=$CT$16),1,0) -> 0 | CV30: =IF(AND($E30="M",F30=$CW$16),1,0) -> 0 | CW30: =IF(AND($E30="M",G30=$CW$16),1,0) -> 0 | CX30: =IF(AND($E30="M",H30=$CW$16),1,0) -> 0 | CY30: =IF(AND($E30="M",F30=$CZ$16),1,0) -> 0 | CZ30: =IF(AND($E30="M",G30=$CZ$16),1,0) -> 0 | DA30: =IF(AND($E30="M",H30=$CZ$16),1,0) -> 0 | DB30: =IF(AND($E30="M",F30=$DC$16),1,0) -> 0 | DC30: =IF(AND($E30="M",G30=$DC$16),1,0) -> 0 | DD30: =IF(AND($E30="M",H30=$DC$16),1,0) -> 0 | DE30: =IF(AND($E30="M",F30=$DE$16),1,0) -> 0 | DF30: =IF(AND($E30="M",G30=$DE$16),1,0) -> 0 | DG30: =IF(AND($E30="M",H30=$DE$16),1,0) -> 0
B31: =IF(ISNUMBER(A31),VLOOKUP(A31,Licenciés!A:F,2,FALSE),"") | C31: =IF(B31="","",VLOOKUP(A31,Licenciés!A:F,3,FALSE)) | D31: =IF(B31="","",VLOOKUP(A31,Licenciés!A:F,5,FALSE)) | E31: =IF(B31="","",VLOOKUP(A31,Licenciés!A:F,4,FALSE)) | L31: =VLOOKUP($A31,Licenciés!A:F,6,FALSE) -> #N/A | P31: US BELHOMERT | Q31: 28035 | W31: =IF(F31<>"",VLOOKUP(F31,$U$33:$V$48,2,FALSE),0) -> 0 | X31: =IF(G31<>"",VLOOKUP(G31,$U$33:$V$48,2,FALSE),0) -> 0 | Y31: =IF(H31<>"",VLOOKUP(H31,$U$33:$V$48,2,FALSE),0) -> 0 | Z31: =W31+X31+Y31 -> 0 | AA31: =OR($Z31=0,$Z31=10,$Z31=1,$Z31=100,$Z31=11,$Z31=101,$Z31=110,$Z31=111) -> TRUE | AB31: =IF(AA31=TRUE,0,1) -> 0 | AF31: Marteau | AG31: =BN61 -> 0 | AH31: =CY61 -> 0 | AI31: 1 | AM31: =IF(AND($E31="F",F31=$AM$16),1,0) -> 0 | AN31: =IF(AND($E31="F",G31=$AM$16),1,0) -> 0 | AO31: =IF(AND($E31="F",H31=$AM$16),1,0) -> 0 | AP31: =IF(AND($E31="F",F31=$AP$16),1,0) -> 0 | AQ31: =IF(AND($E31="F",G31=$AP$16),1,0) -> 0 | AR31: =IF(AND($E31="F",H31=$AP$16),1,0) -> 0 | AS31: =IF(AND($E31="F",F31=$AS$16),1,0) -> 0 | AT31: =IF(AND($E31="F",G31=$AS$16),1,0) -> 0 | AU31: =IF(AND($E31="F",H31=$AS$16),1,0) -> 0 | AV31: =IF(AND($E31="F",F31=$AV$16),1,0) -> 0 | AW31: =IF(AND($E31="F",G31=$AV$16),1,0) -> 0 | AX31: =IF(AND($E31="F",H31=$AV$16),1,0) -> 0 | AY31: =IF(AND($E31="F",F31=$AY$16),1,0) -> 0 | AZ31: =IF(AND($E31="F",G31=$AY$16),1,0) -> 0 | BA31: =IF(AND($E31="F",H31=$AY$16),1,0) -> 0 | BB31: =IF(AND($E31="F",F31=$BB$16),1,0) -> 0 | BC31: =IF(AND($E31="F",G31=$BB$16),1,0) -> 0 | BD31: =IF(AND($E31="F",H31=$BB$16),1,0) -> 0 | BE31: =IF(AND($E31="F",F31=$BE$16),1,0) -> 0 | BF31: =IF(AND($E31="F",G31=$BE$16),1,0) -> 0 | BG31: =IF(AND($E31="F",H31=$BE$16),1,0) -> 0 | BH31: =IF(AND($E31="F",F31=$BH$16),1,0) -> 0 | BI31: =IF(AND($E31="F",G31=$BH$16),1,0) -> 0 | BJ31: =IF(AND($E31="F",H31=$BH$16),1,0) -> 0 | BK31: =IF(AND($E31="F",F31=$BK$16),1,0) -> 0 | BL31: =IF(AND($E31="F",G31=$BK$16),1,0) -> 0 | BM31: =IF(AND($E31="F",H31=$BK$16),1,0) -> 0 | BN31: =IF(AND($E31="F",F31=$BN$16),1,0) -> 0 | BO31: =IF(AND($E31="F",G31=$BN$16),1,0) -> 0 | BP31: =IF(AND($E31="F",H31=$BN$16),1,0) -> 0 | BQ31: =IF(AND($E31="F",F31=$BQ$16),1,0) -> 0 | BR31: =IF(AND($E31="F",G31=$BQ$16),1,0) -> 0 | BS31: =IF(AND($E31="F",H31=$BQ$16),1,0) -> 0 | BT31: =IF(AND($E31="F",F31=$BT$16),1,0) -> 0 | BU31: =IF(AND($E31="F",G31=$BT$16),1,0) -> 0 | BV31: =IF(AND($E31="F",H31=$BT$16),1,0) -> 0 | BX31: =IF(AND($E31="M",F31=$BX$16),1,0) -> 0 | BY31: =IF(AND($E31="M",G31=$BX$16),1,0) -> 0 | BZ31: =IF(AND($E31="M",H31=$BX$16),1,0) -> 0 | CA31: =IF(AND($E31="M",F31=$CA$16),1,0) -> 0 | CB31: =IF(AND($E31="M",G31=$CA$16),1,0) -> 0 | CC31: =IF(AND($E31="M",H31=$CA$16),1,0) -> 0 | CD31: =IF(AND($E31="M",F31=$CD$16),1,0) -> 0 | CE31: =IF(AND($E31="M",G31=$CD$16),1,0) -> 0 | CF31: =IF(AND($E31="M",H31=$CD$16),1,0) -> 0 | CG31: =IF(AND($E31="M",F31=$CG$16),1,0) -> 0 | CH31: =IF(AND($E31="M",G31=$CG$16),1,0) -> 0 | CI31: =IF(AND($E31="M",H31=$CG$16),1,0) -> 0 | CJ31: =IF(AND($E31="M",F31=$CJ$16),1,0) -> 0 | CK31: =IF(AND($E31="M",G31=$CJ$16),1,0) -> 0 | CL31: =IF(AND($E31="M",H31=$CJ$16),1,0) -> 0 | CM31: =IF(AND($E31="M",F31=$CM$16),1,0) -> 0 | CN31: =IF(AND($E31="M",G31=$CM$16),1,0) -> 0 | CO31: =IF(AND($E31="M",H31=$CM$16),1,0) -> 0 | CP31: =IF(AND($E31="M",F31=$CP$16),1,0) -> 0 | CQ31: =IF(AND($E31="M",G31=$CP$16),1,0) -> 0 | CR31: =IF(AND($E31="M",H31=$CP$16),1,0) -> 0 | CS31: =IF(AND($E31="M",F31=$CT$16),1,0) -> 0 | CT31: =IF(AND($E31="M",G31=$CT$16),1,0) -> 0 | CU31: =IF(AND($E31="M",H31=$CT$16),1,0) -> 0 | CV31: =IF(AND($E31="M",F31=$CW$16),1,0) -> 0 | CW31: =IF(AND($E31="M",G31=$CW$16),1,0) -> 0 | CX31: =IF(AND($E31="M",H31=$CW$16),1,0) -> 0 | CY31: =IF(AND($E31="M",F31=$CZ$16),1,0) -> 0 | CZ31: =IF(AND($E31="M",G31=$CZ$16),1,0) -> 0 | DA31: =IF(AND($E31="M",H31=$CZ$16),1,0) -> 0 | DB31: =IF(AND($E31="M",F31=$DC$16),1,0) -> 0 | DC31: =IF(AND($E31="M",G31=$DC$16),1,0) -> 0 | DD31: =IF(AND($E31="M",H31=$DC$16),1,0) -> 0 | DE31: =IF(AND($E31="M",F31=$DE$16),1,0) -> 0 | DF31: =IF(AND($E31="M",G31=$DE$16),1,0) -> 0 | DG31: =IF(AND($E31="M",H31=$DE$16),1,0) -> 0
B32: =IF(ISNUMBER(A32),VLOOKUP(A32,Licenciés!A:F,2,FALSE),"") | C32: =IF(B32="","",VLOOKUP(A32,Licenciés!A:F,3,FALSE)) | D32: =IF(B32="","",VLOOKUP(A32,Licenciés!A:F,5,FALSE)) | E32: =IF(B32="","",VLOOKUP(A32,Licenciés!A:F,4,FALSE)) | L32: =VLOOKUP($A32,Licenciés!A:F,6,FALSE) -> #N/A | P32: ATHLE CHARTRES LUCE ASPTT MAIN | Q32: 28037 | W32: =IF(F32<>"",VLOOKUP(F32,$U$33:$V$48,2,FALSE),0) -> 0 | X32: =IF(G32<>"",VLOOKUP(G32,$U$33:$V$48,2,FALSE),0) -> 0 | Y32: =IF(H32<>"",VLOOKUP(H32,$U$33:$V$48,2,FALSE),0) -> 0 | Z32: =W32+X32+Y32 -> 0 | AA32: =OR($Z32=0,$Z32=10,$Z32=1,$Z32=100,$Z32=11,$Z32=101,$Z32=110,$Z32=111) -> TRUE | AB32: =IF(AA32=TRUE,0,1) -> 0 | AF32: Javelot | AG32: =BQ61 -> 0 | AH32: =DB61 -> 0 | AI32: 1 | AM32: =IF(AND($E32="F",F32=$AM$16),1,0) -> 0 | AN32: =IF(AND($E32="F",G32=$AM$16),1,0) -> 0 | AO32: =IF(AND($E32="F",H32=$AM$16),1,0) -> 0 | AP32: =IF(AND($E32="F",F32=$AP$16),1,0) -> 0 | AQ32: =IF(AND($E32="F",G32=$AP$16),1,0) -> 0 | AR32: =IF(AND($E32="F",H32=$AP$16),1,0) -> 0 | AS32: =IF(AND($E32="F",F32=$AS$16),1,0) -> 0 | AT32: =IF(AND($E32="F",G32=$AS$16),1,0) -> 0 | AU32: =IF(AND($E32="F",H32=$AS$16),1,0) -> 0 | AV32: =IF(AND($E32="F",F32=$AV$16),1,0) -> 0 | AW32: =IF(AND($E32="F",G32=$AV$16),1,0) -> 0 | AX32: =IF(AND($E32="F",H32=$AV$16),1,0) -> 0 | AY32: =IF(AND($E32="F",F32=$AY$16),1,0) -> 0 | AZ32: =IF(AND($E32="F",G32=$AY$16),1,0) -> 0 | BA32: =IF(AND($E32="F",H32=$AY$16),1,0) -> 0 | BB32: =IF(AND($E32="F",F32=$BB$16),1,0) -> 0 | BC32: =IF(AND($E32="F",G32=$BB$16),1,0) -> 0 | BD32: =IF(AND($E32="F",H32=$BB$16),1,0) -> 0 | BE32: =IF(AND($E32="F",F32=$BE$16),1,0) -> 0 | BF32: =IF(AND($E32="F",G32=$BE$16),1,0) -> 0 | BG32: =IF(AND($E32="F",H32=$BE$16),1,0) -> 0 | BH32: =IF(AND($E32="F",F32=$BH$16),1,0) -> 0 | BI32: =IF(AND($E32="F",G32=$BH$16),1,0) -> 0 | BJ32: =IF(AND($E32="F",H32=$BH$16),1,0) -> 0 | BK32: =IF(AND($E32="F",F32=$BK$16),1,0) -> 0 | BL32: =IF(AND($E32="F",G32=$BK$16),1,0) -> 0 | BM32: =IF(AND($E32="F",H32=$BK$16),1,0) -> 0 | BN32: =IF(AND($E32="F",F32=$BN$16),1,0) -> 0 | BO32: =IF(AND($E32="F",G32=$BN$16),1,0) -> 0 | BP32: =IF(AND($E32="F",H32=$BN$16),1,0) -> 0 | BQ32: =IF(AND($E32="F",F32=$BQ$16),1,0) -> 0 | BR32: =IF(AND($E32="F",G32=$BQ$16),1,0) -> 0 | BS32: =IF(AND($E32="F",H32=$BQ$16),1,0) -> 0 | BT32: =IF(AND($E32="F",F32=$BT$16),1,0) -> 0 | BU32: =IF(AND($E32="F",G32=$BT$16),1,0) -> 0 | BV32: =IF(AND($E32="F",H32=$BT$16),1,0) -> 0 | BX32: =IF(AND($E32="M",F32=$BX$16),1,0) -> 0 | BY32: =IF(AND($E32="M",G32=$BX$16),1,0) -> 0 | BZ32: =IF(AND($E32="M",H32=$BX$16),1,0) -> 0 | CA32: =IF(AND($E32="M",F32=$CA$16),1,0) -> 0 | CB32: =IF(AND($E32="M",G32=$CA$16),1,0) -> 0 | CC32: =IF(AND($E32="M",H32=$CA$16),1,0) -> 0 | CD32: =IF(AND($E32="M",F32=$CD$16),1,0) -> 0 | CE32: =IF(AND($E32="M",G32=$CD$16),1,0) -> 0 | CF32: =IF(AND($E32="M",H32=$CD$16),1,0) -> 0 | CG32: =IF(AND($E32="M",F32=$CG$16),1,0) -> 0 | CH32: =IF(AND($E32="M",G32=$CG$16),1,0) -> 0 | CI32: =IF(AND($E32="M",H32=$CG$16),1,0) -> 0 | CJ32: =IF(AND($E32="M",F32=$CJ$16),1,0) -> 0 | CK32: =IF(AND($E32="M",G32=$CJ$16),1,0) -> 0 | CL32: =IF(AND($E32="M",H32=$CJ$16),1,0) -> 0 | CM32: =IF(AND($E32="M",F32=$CM$16),1,0) -> 0 | CN32: =IF(AND($E32="M",G32=$CM$16),1,0) -> 0 | CO32: =IF(AND($E32="M",H32=$CM$16),1,0) -> 0 | CP32: =IF(AND($E32="M",F32=$CP$16),1,0) -> 0 | CQ32: =IF(AND($E32="M",G32=$CP$16),1,0) -> 0 | CR32: =IF(AND($E32="M",H32=$CP$16),1,0) -> 0 | CS32: =IF(AND($E32="M",F32=$CT$16),1,0) -> 0 | CT32: =IF(AND($E32="M",G32=$CT$16),1,0) -> 0 | CU32: =IF(AND($E32="M",H32=$CT$16),1,0) -> 0 | CV32: =IF(AND($E32="M",F32=$CW$16),1,0) -> 0 | CW32: =IF(AND($E32="M",G32=$CW$16),1,0) -> 0 | CX32: =IF(AND($E32="M",H32=$CW$16),1,0) -> 0 | CY32: =IF(AND($E32="M",F32=$CZ$16),1,0) -> 0 | CZ32: =IF(AND($E32="M",G32=$CZ$16),1,0) -> 0 | DA32: =IF(AND($E32="M",H32=$CZ$16),1,0) -> 0 | DB32: =IF(AND($E32="M",F32=$DC$16),1,0) -> 0 | DC32: =IF(AND($E32="M",G32=$DC$16),1,0) -> 0 | DD32: =IF(AND($E32="M",H32=$DC$16),1,0) -> 0 | DE32: =IF(AND($E32="M",F32=$DE$16),1,0) -> 0 | DF32: =IF(AND($E32="M",G32=$DE$16),1,0) -> 0 | DG32: =IF(AND($E32="M",H32=$DE$16),1,0) -> 0
B33: =IF(ISNUMBER(A33),VLOOKUP(A33,Licenciés!A:F,2,FALSE),"") | C33: =IF(B33="","",VLOOKUP(A33,Licenciés!A:F,3,FALSE)) | D33: =IF(B33="","",VLOOKUP(A33,Licenciés!A:F,5,FALSE)) | E33: =IF(B33="","",VLOOKUP(A33,Licenciés!A:F,4,FALSE)) | L33: =VLOOKUP($A33,Licenciés!A:F,6,FALSE) -> #N/A | P33: OXYGENE 28 | Q33: 28039 | U33: 50 m | V33: 1 | W33: =IF(F33<>"",VLOOKUP(F33,$U$33:$V$48,2,FALSE),0) -> 0 | X33: =IF(G33<>"",VLOOKUP(G33,$U$33:$V$48,2,FALSE),0) -> 0 | Y33: =IF(H33<>"",VLOOKUP(H33,$U$33:$V$48,2,FALSE),0) -> 0 | Z33: =W33+X33+Y33 -> 0 | AA33: =OR($Z33=0,$Z33=10,$Z33=1,$Z33=100,$Z33=11,$Z33=101,$Z33=110,$Z33=111) -> TRUE | AB33: =IF(AA33=TRUE,0,1) -> 0 | AM33: =IF(AND($E33="F",F33=$AM$16),1,0) -> 0 | AN33: =IF(AND($E33="F",G33=$AM$16),1,0) -> 0 | AO33: =IF(AND($E33="F",H33=$AM$16),1,0) -> 0 | AP33: =IF(AND($E33="F",F33=$AP$16),1,0) -> 0 | AQ33: =IF(AND($E33="F",G33=$AP$16),1,0) -> 0 | AR33: =IF(AND($E33="F",H33=$AP$16),1,0) -> 0 | AS33: =IF(AND($E33="F",F33=$AS$16),1,0) -> 0 | AT33: =IF(AND($E33="F",G33=$AS$16),1,0) -> 0 | AU33: =IF(AND($E33="F",H33=$AS$16),1,0) -> 0 | AV33: =IF(AND($E33="F",F33=$AV$16),1,0) -> 0 | AW33: =IF(AND($E33="F",G33=$AV$16),1,0) -> 0 | AX33: =IF(AND($E33="F",H33=$AV$16),1,0) -> 0 | AY33: =IF(AND($E33="F",F33=$AY$16),1,0) -> 0 | AZ33: =IF(AND($E33="F",G33=$AY$16),1,0) -> 0 | BA33: =IF(AND($E33="F",H33=$AY$16),1,0) -> 0 | BB33: =IF(AND($E33="F",F33=$BB$16),1,0) -> 0 | BC33: =IF(AND($E33="F",G33=$BB$16),1,0) -> 0 | BD33: =IF(AND($E33="F",H33=$BB$16),1,0) -> 0 | BE33: =IF(AND($E33="F",F33=$BE$16),1,0) -> 0 | BF33: =IF(AND($E33="F",G33=$BE$16),1,0) -> 0 | BG33: =IF(AND($E33="F",H33=$BE$16),1,0) -> 0 | BH33: =IF(AND($E33="F",F33=$BH$16),1,0) -> 0 | BI33: =IF(AND($E33="F",G33=$BH$16),1,0) -> 0 | BJ33: =IF(AND($E33="F",H33=$BH$16),1,0) -> 0 | BK33: =IF(AND($E33="F",F33=$BK$16),1,0) -> 0 | BL33: =IF(AND($E33="F",G33=$BK$16),1,0) -> 0 | BM33: =IF(AND($E33="F",H33=$BK$16),1,0) -> 0 | BN33: =IF(AND($E33="F",F33=$BN$16),1,0) -> 0 | BO33: =IF(AND($E33="F",G33=$BN$16),1,0) -> 0 | BP33: =IF(AND($E33="F",H33=$BN$16),1,0) -> 0 | BQ33: =IF(AND($E33="F",F33=$BQ$16),1,0) -> 0 | BR33: =IF(AND($E33="F",G33=$BQ$16),1,0) -> 0 | BS33: =IF(AND($E33="F",H33=$BQ$16),1,0) -> 0 | BT33: =IF(AND($E33="F",F33=$BT$16),1,0) -> 0 | BU33: =IF(AND($E33="F",G33=$BT$16),1,0) -> 0 | BV33: =IF(AND($E33="F",H33=$BT$16),1,0) -> 0 | BX33: =IF(AND($E33="M",F33=$BX$16),1,0) -> 0 | BY33: =IF(AND($E33="M",G33=$BX$16),1,0) -> 0 | BZ33: =IF(AND($E33="M",H33=$BX$16),1,0) -> 0 | CA33: =IF(AND($E33="M",F33=$CA$16),1,0) -> 0 | CB33: =IF(AND($E33="M",G33=$CA$16),1,0) -> 0 | CC33: =IF(AND($E33="M",H33=$CA$16),1,0) -> 0 | CD33: =IF(AND($E33="M",F33=$CD$16),1,0) -> 0 | CE33: =IF(AND($E33="M",G33=$CD$16),1,0) -> 0 | CF33: =IF(AND($E33="M",H33=$CD$16),1,0) -> 0 | CG33: =IF(AND($E33="M",F33=$CG$16),1,0) -> 0 | CH33: =IF(AND($E33="M",G33=$CG$16),1,0) -> 0 | CI33: =IF(AND($E33="M",H33=$CG$16),1,0) -> 0 | CJ33: =IF(AND($E33="M",F33=$CJ$16),1,0) -> 0 | CK33: =IF(AND($E33="M",G33=$CJ$16),1,0) -> 0 | CL33: =IF(AND($E33="M",H33=$CJ$16),1,0) -> 0 | CM33: =IF(AND($E33="M",F33=$CM$16),1,0) -> 0 | CN33: =IF(AND($E33="M",G33=$CM$16),1,0) -> 0 | CO33: =IF(AND($E33="M",H33=$CM$16),1,0) -> 0 | CP33: =IF(AND($E33="M",F33=$CP$16),1,0) -> 0 | CQ33: =IF(AND($E33="M",G33=$CP$16),1,0) -> 0 | CR33: =IF(AND($E33="M",H33=$CP$16),1,0) -> 0 | CS33: =IF(AND($E33="M",F33=$CT$16),1,0) -> 0 | CT33: =IF(AND($E33="M",G33=$CT$16),1,0) -> 0 | CU33: =IF(AND($E33="M",H33=$CT$16),1,0) -> 0 | CV33: =IF(AND($E33="M",F33=$CW$16),1,0) -> 0 | CW33: =IF(AND($E33="M",G33=$CW$16),1,0) -> 0 | CX33: =IF(AND($E33="M",H33=$CW$16),1,0) -> 0 | CY33: =IF(AND($E33="M",F33=$CZ$16),1,0) -> 0 | CZ33: =IF(AND($E33="M",G33=$CZ$16),1,0) -> 0 | DA33: =IF(AND($E33="M",H33=$CZ$16),1,0) -> 0 | DB33: =IF(AND($E33="M",F33=$DC$16),1,0) -> 0 | DC33: =IF(AND($E33="M",G33=$DC$16),1,0) -> 0 | DD33: =IF(AND($E33="M",H33=$DC$16),1,0) -> 0 | DE33: =IF(AND($E33="M",F33=$DE$16),1,0) -> 0 | DF33: =IF(AND($E33="M",G33=$DE$16),1,0) -> 0 | DG33: =IF(AND($E33="M",H33=$DE$16),1,0) -> 0
B34: =IF(ISNUMBER(A34),VLOOKUP(A34,Licenciés!A:F,2,FALSE),"") | C34: =IF(B34="","",VLOOKUP(A34,Licenciés!A:F,3,FALSE)) | D34: =IF(B34="","",VLOOKUP(A34,Licenciés!A:F,5,FALSE)) | E34: =IF(B34="","",VLOOKUP(A34,Licenciés!A:F,4,FALSE)) | L34: =VLOOKUP($A34,Licenciés!A:F,6,FALSE) -> #N/A | P34: PASSION RUNNING DU PERCHE | Q34: 28040 | U34: 1 000 m | V34: 1 | W34: =IF(F34<>"",VLOOKUP(F34,$U$33:$V$48,2,FALSE),0) -> 0 | X34: =IF(G34<>"",VLOOKUP(G34,$U$33:$V$48,2,FALSE),0) -> 0 | Y34: =IF(H34<>"",VLOOKUP(H34,$U$33:$V$48,2,FALSE),0) -> 0 | Z34: =W34+X34+Y34 -> 0 | AA34: =OR($Z34=0,$Z34=10,$Z34=1,$Z34=100,$Z34=11,$Z34=101,$Z34=110,$Z34=111) -> TRUE | AB34: =IF(AA34=TRUE,0,1) -> 0 | AM34: =IF(AND($E34="F",F34=$AM$16),1,0) -> 0 | AN34: =IF(AND($E34="F",G34=$AM$16),1,0) -> 0 | AO34: =IF(AND($E34="F",H34=$AM$16),1,0) -> 0 | AP34: =IF(AND($E34="F",F34=$AP$16),1,0) -> 0 | AQ34: =IF(AND($E34="F",G34=$AP$16),1,0) -> 0 | AR34: =IF(AND($E34="F",H34=$AP$16),1,0) -> 0 | AS34: =IF(AND($E34="F",F34=$AS$16),1,0) -> 0 | AT34: =IF(AND($E34="F",G34=$AS$16),1,0) -> 0 | AU34: =IF(AND($E34="F",H34=$AS$16),1,0) -> 0 | AV34: =IF(AND($E34="F",F34=$AV$16),1,0) -> 0 | AW34: =IF(AND($E34="F",G34=$AV$16),1,0) -> 0 | AX34: =IF(AND($E34="F",H34=$AV$16),1,0) -> 0 | AY34: =IF(AND($E34="F",F34=$AY$16),1,0) -> 0 | AZ34: =IF(AND($E34="F",G34=$AY$16),1,0) -> 0 | BA34: =IF(AND($E34="F",H34=$AY$16),1,0) -> 0 | BB34: =IF(AND($E34="F",F34=$BB$16),1,0) -> 0 | BC34: =IF(AND($E34="F",G34=$BB$16),1,0) -> 0 | BD34: =IF(AND($E34="F",H34=$BB$16),1,0) -> 0 | BE34: =IF(AND($E34="F",F34=$BE$16),1,0) -> 0 | BF34: =IF(AND($E34="F",G34=$BE$16),1,0) -> 0 | BG34: =IF(AND($E34="F",H34=$BE$16),1,0) -> 0 | BH34: =IF(AND($E34="F",F34=$BH$16),1,0) -> 0 | BI34: =IF(AND($E34="F",G34=$BH$16),1,0) -> 0 | BJ34: =IF(AND($E34="F",H34=$BH$16),1,0) -> 0 | BK34: =IF(AND($E34="F",F34=$BK$16),1,0) -> 0 | BL34: =IF(AND($E34="F",G34=$BK$16),1,0) -> 0 | BM34: =IF(AND($E34="F",H34=$BK$16),1,0) -> 0 | BN34: =IF(AND($E34="F",F34=$BN$16),1,0) -> 0 | BO34: =IF(AND($E34="F",G34=$BN$16),1,0) -> 0 | BP34: =IF(AND($E34="F",H34=$BN$16),1,0) -> 0 | BQ34: =IF(AND($E34="F",F34=$BQ$16),1,0) -> 0 | BR34: =IF(AND($E34="F",G34=$BQ$16),1,0) -> 0 | BS34: =IF(AND($E34="F",H34=$BQ$16),1,0) -> 0 | BT34: =IF(AND($E34="F",F34=$BT$16),1,0) -> 0 | BU34: =IF(AND($E34="F",G34=$BT$16),1,0) -> 0 | BV34: =IF(AND($E34="F",H34=$BT$16),1,0) -> 0 | BX34: =IF(AND($E34="M",F34=$BX$16),1,0) -> 0 | BY34: =IF(AND($E34="M",G34=$BX$16),1,0) -> 0 | BZ34: =IF(AND($E34="M",H34=$BX$16),1,0) -> 0 | CA34: =IF(AND($E34="M",F34=$CA$16),1,0) -> 0 | CB34: =IF(AND($E34="M",G34=$CA$16),1,0) -> 0 | CC34: =IF(AND($E34="M",H34=$CA$16),1,0) -> 0 | CD34: =IF(AND($E34="M",F34=$CD$16),1,0) -> 0 | CE34: =IF(AND($E34="M",G34=$CD$16),1,0) -> 0 | CF34: =IF(AND($E34="M",H34=$CD$16),1,0) -> 0 | CG34: =IF(AND($E34="M",F34=$CG$16),1,0) -> 0 | CH34: =IF(AND($E34="M",G34=$CG$16),1,0) -> 0 | CI34: =IF(AND($E34="M",H34=$CG$16),1,0) -> 0 | CJ34: =IF(AND($E34="M",F34=$CJ$16),1,0) -> 0 | CK34: =IF(AND($E34="M",G34=$CJ$16),1,0) -> 0 | CL34: =IF(AND($E34="M",H34=$CJ$16),1,0) -> 0 | CM34: =IF(AND($E34="M",F34=$CM$16),1,0) -> 0 | CN34: =IF(AND($E34="M",G34=$CM$16),1,0) -> 0 | CO34: =IF(AND($E34="M",H34=$CM$16),1,0) -> 0 | CP34: =IF(AND($E34="M",F34=$CP$16),1,0) -> 0 | CQ34: =IF(AND($E34="M",G34=$CP$16),1,0) -> 0 | CR34: =IF(AND($E34="M",H34=$CP$16),1,0) -> 0 | CS34: =IF(AND($E34="M",F34=$CT$16),1,0) -> 0 | CT34: =IF(AND($E34="M",G34=$CT$16),1,0) -> 0 | CU34: =IF(AND($E34="M",H34=$CT$16),1,0) -> 0 | CV34: =IF(AND($E34="M",F34=$CW$16),1,0) -> 0 | CW34: =IF(AND($E34="M",G34=$CW$16),1,0) -> 0 | CX34: =IF(AND($E34="M",H34=$CW$16),1,0) -> 0 | CY34: =IF(AND($E34="M",F34=$CZ$16),1,0) -> 0 | CZ34: =IF(AND($E34="M",G34=$CZ$16),1,0) -> 0 | DA34: =IF(AND($E34="M",H34=$CZ$16),1,0) -> 0 | DB34: =IF(AND($E34="M",F34=$DC$16),1,0) -> 0 | DC34: =IF(AND($E34="M",G34=$DC$16),1,0) -> 0 | DD34: =IF(AND($E34="M",H34=$DC$16),1,0) -> 0 | DE34: =IF(AND($E34="M",F34=$DE$16),1,0) -> 0 | DF34: =IF(AND($E34="M",G34=$DE$16),1,0) -> 0 | DG34: =IF(AND($E34="M",H34=$DE$16),1,0) -> 0
B35: =IF(ISNUMBER(A35),VLOOKUP(A35,Licenciés!A:F,2,FALSE),"") | C35: =IF(B35="","",VLOOKUP(A35,Licenciés!A:F,3,FALSE)) | D35: =IF(B35="","",VLOOKUP(A35,Licenciés!A:F,5,FALSE)) | E35: =IF(B35="","",VLOOKUP(A35,Licenciés!A:F,4,FALSE)) | L35: =VLOOKUP($A35,Licenciés!A:F,6,FALSE) -> #N/A | P35: ETOILE DREUX ATHLETIC CLUB | Q35: 28041 | U35: 50 m Haies -0,65 | V35: 1 | W35: =IF(F35<>"",VLOOKUP(F35,$U$33:$V$48,2,FALSE),0) -> 0 | X35: =IF(G35<>"",VLOOKUP(G35,$U$33:$V$48,2,FALSE),0) -> 0 | Y35: =IF(H35<>"",VLOOKUP(H35,$U$33:$V$48,2,FALSE),0) -> 0 | Z35: =W35+X35+Y35 -> 0 | AA35: =OR($Z35=0,$Z35=10,$Z35=1,$Z35=100,$Z35=11,$Z35=101,$Z35=110,$Z35=111) -> TRUE | AB35: =IF(AA35=TRUE,0,1) -> 0 | AM35: =IF(AND($E35="F",F35=$AM$16),1,0) -> 0 | AN35: =IF(AND($E35="F",G35=$AM$16),1,0) -> 0 | AO35: =IF(AND($E35="F",H35=$AM$16),1,0) -> 0 | AP35: =IF(AND($E35="F",F35=$AP$16),1,0) -> 0 | AQ35: =IF(AND($E35="F",G35=$AP$16),1,0) -> 0 | AR35: =IF(AND($E35="F",H35=$AP$16),1,0) -> 0 | AS35: =IF(AND($E35="F",F35=$AS$16),1,0) -> 0 | AT35: =IF(AND($E35="F",G35=$AS$16),1,0) -> 0 | AU35: =IF(AND($E35="F",H35=$AS$16),1,0) -> 0 | AV35: =IF(AND($E35="F",F35=$AV$16),1,0) -> 0 | AW35: =IF(AND($E35="F",G35=$AV$16),1,0) -> 0 | AX35: =IF(AND($E35="F",H35=$AV$16),1,0) -> 0 | AY35: =IF(AND($E35="F",F35=$AY$16),1,0) -> 0 | AZ35: =IF(AND($E35="F",G35=$AY$16),1,0) -> 0 | BA35: =IF(AND($E35="F",H35=$AY$16),1,0) -> 0 | BB35: =IF(AND($E35="F",F35=$BB$16),1,0) -> 0 | BC35: =IF(AND($E35="F",G35=$BB$16),1,0) -> 0 | BD35: =IF(AND($E35="F",H35=$BB$16),1,0) -> 0 | BE35: =IF(AND($E35="F",F35=$BE$16),1,0) -> 0 | BF35: =IF(AND($E35="F",G35=$BE$16),1,0) -> 0 | BG35: =IF(AND($E35="F",H35=$BE$16),1,0) -> 0 | BH35: =IF(AND($E35="F",F35=$BH$16),1,0) -> 0 | BI35: =IF(AND($E35="F",G35=$BH$16),1,0) -> 0 | BJ35: =IF(AND($E35="F",H35=$BH$16),1,0) -> 0 | BK35: =IF(AND($E35="F",F35=$BK$16),1,0) -> 0 | BL35: =IF(AND($E35="F",G35=$BK$16),1,0) -> 0 | BM35: =IF(AND($E35="F",H35=$BK$16),1,0) -> 0 | BN35: =IF(AND($E35="F",F35=$BN$16),1,0) -> 0 | BO35: =IF(AND($E35="F",G35=$BN$16),1,0) -> 0 | BP35: =IF(AND($E35="F",H35=$BN$16),1,0) -> 0 | BQ35: =IF(AND($E35="F",F35=$BQ$16),1,0) -> 0 | BR35: =IF(AND($E35="F",G35=$BQ$16),1,0) -> 0 | BS35: =IF(AND($E35="F",H35=$BQ$16),1,0) -> 0 | BT35: =IF(AND($E35="F",F35=$BT$16),1,0) -> 0 | BU35: =IF(AND($E35="F",G35=$BT$16),1,0) -> 0 | BV35: =IF(AND($E35="F",H35=$BT$16),1,0) -> 0 | BX35: =IF(AND($E35="M",F35=$BX$16),1,0) -> 0 | BY35: =IF(AND($E35="M",G35=$BX$16),1,0) -> 0 | BZ35: =IF(AND($E35="M",H35=$BX$16),1,0) -> 0 | CA35: =IF(AND($E35="M",F35=$CA$16),1,0) -> 0 | CB35: =IF(AND($E35="M",G35=$CA$16),1,0) -> 0 | CC35: =IF(AND($E35="M",H35=$CA$16),1,0) -> 0 | CD35: =IF(AND($E35="M",F35=$CD$16),1,0) -> 0 | CE35: =IF(AND($E35="M",G35=$CD$16),1,0) -> 0 | CF35: =IF(AND($E35="M",H35=$CD$16),1,0) -> 0 | CG35: =IF(AND($E35="M",F35=$CG$16),1,0) -> 0 | CH35: =IF(AND($E35="M",G35=$CG$16),1,0) -> 0 | CI35: =IF(AND($E35="M",H35=$CG$16),1,0) -> 0 | CJ35: =IF(AND($E35="M",F35=$CJ$16),1,0) -> 0 | CK35: =IF(AND($E35="M",G35=$CJ$16),1,0) -> 0 | CL35: =IF(AND($E35="M",H35=$CJ$16),1,0) -> 0 | CM35: =IF(AND($E35="M",F35=$CM$16),1,0) -> 0 | CN35: =IF(AND($E35="M",G35=$CM$16),1,0) -> 0 | CO35: =IF(AND($E35="M",H35=$CM$16),1,0) -> 0 | CP35: =IF(AND($E35="M",F35=$CP$16),1,0) -> 0 | CQ35: =IF(AND($E35="M",G35=$CP$16),1,0) -> 0 | CR35: =IF(AND($E35="M",H35=$CP$16),1,0) -> 0 | CS35: =IF(AND($E35="M",F35=$CT$16),1,0) -> 0 | CT35: =IF(AND($E35="M",G35=$CT$16),1,0) -> 0 | CU35: =IF(AND($E35="M",H35=$CT$16),1,0) -> 0 | CV35: =IF(AND($E35="M",F35=$CW$16),1,0) -> 0 | CW35: =IF(AND($E35="M",G35=$CW$16),1,0) -> 0 | CX35: =IF(AND($E35="M",H35=$CW$16),1,0) -> 0 | CY35: =IF(AND($E35="M",F35=$CZ$16),1,0) -> 0 | CZ35: =IF(AND($E35="M",G35=$CZ$16),1,0) -> 0 | DA35: =IF(AND($E35="M",H35=$CZ$16),1,0) -> 0 | DB35: =IF(AND($E35="M",F35=$DC$16),1,0) -> 0 | DC35: =IF(AND($E35="M",G35=$DC$16),1,0) -> 0 | DD35: =IF(AND($E35="M",H35=$DC$16),1,0) -> 0 | DE35: =IF(AND($E35="M",F35=$DE$16),1,0) -> 0 | DF35: =IF(AND($E35="M",G35=$DE$16),1,0) -> 0 | DG35: =IF(AND($E35="M",H35=$DE$16),1,0) -> 0
B36: =IF(ISNUMBER(A36),VLOOKUP(A36,Licenciés!A:F,2,FALSE),"") | C36: =IF(B36="","",VLOOKUP(A36,Licenciés!A:F,3,FALSE)) | D36: =IF(B36="","",VLOOKUP(A36,Licenciés!A:F,5,FALSE)) | E36: =IF(B36="","",VLOOKUP(A36,Licenciés!A:F,4,FALSE)) | L36: =VLOOKUP($A36,Licenciés!A:F,6,FALSE) -> #N/A | P36: ALLURE28 RUNNING CLUB | Q36: 28042 | U36: Hauteur | V36: 10 | W36: =IF(F36<>"",VLOOKUP(F36,$U$33:$V$48,2,FALSE),0) -> 0 | X36: =IF(G36<>"",VLOOKUP(G36,$U$33:$V$48,2,FALSE),0) -> 0 | Y36: =IF(H36<>"",VLOOKUP(H36,$U$33:$V$48,2,FALSE),0) -> 0 | Z36: =W36+X36+Y36 -> 0 | AA36: =OR($Z36=0,$Z36=10,$Z36=1,$Z36=100,$Z36=11,$Z36=101,$Z36=110,$Z36=111) -> TRUE | AB36: =IF(AA36=TRUE,0,1) -> 0 | AM36: =IF(AND($E36="F",F36=$AM$16),1,0) -> 0 | AN36: =IF(AND($E36="F",G36=$AM$16),1,0) -> 0 | AO36: =IF(AND($E36="F",H36=$AM$16),1,0) -> 0 | AP36: =IF(AND($E36="F",F36=$AP$16),1,0) -> 0 | AQ36: =IF(AND($E36="F",G36=$AP$16),1,0) -> 0 | AR36: =IF(AND($E36="F",H36=$AP$16),1,0) -> 0 | AS36: =IF(AND($E36="F",F36=$AS$16),1,0) -> 0 | AT36: =IF(AND($E36="F",G36=$AS$16),1,0) -> 0 | AU36: =IF(AND($E36="F",H36=$AS$16),1,0) -> 0 | AV36: =IF(AND($E36="F",F36=$AV$16),1,0) -> 0 | AW36: =IF(AND($E36="F",G36=$AV$16),1,0) -> 0 | AX36: =IF(AND($E36="F",H36=$AV$16),1,0) -> 0 | AY36: =IF(AND($E36="F",F36=$AY$16),1,0) -> 0 | AZ36: =IF(AND($E36="F",G36=$AY$16),1,0) -> 0 | BA36: =IF(AND($E36="F",H36=$AY$16),1,0) -> 0 | BB36: =IF(AND($E36="F",F36=$BB$16),1,0) -> 0 | BC36: =IF(AND($E36="F",G36=$BB$16),1,0) -> 0 | BD36: =IF(AND($E36="F",H36=$BB$16),1,0) -> 0 | BE36: =IF(AND($E36="F",F36=$BE$16),1,0) -> 0 | BF36: =IF(AND($E36="F",G36=$BE$16),1,0) -> 0 | BG36: =IF(AND($E36="F",H36=$BE$16),1,0) -> 0 | BH36: =IF(AND($E36="F",F36=$BH$16),1,0) -> 0 | BI36: =IF(AND($E36="F",G36=$BH$16),1,0) -> 0 | BJ36: =IF(AND($E36="F",H36=$BH$16),1,0) -> 0 | BK36: =IF(AND($E36="F",F36=$BK$16),1,0) -> 0 | BL36: =IF(AND($E36="F",G36=$BK$16),1,0) -> 0 | BM36: =IF(AND($E36="F",H36=$BK$16),1,0) -> 0 | BN36: =IF(AND($E36="F",F36=$BN$16),1,0) -> 0 | BO36: =IF(AND($E36="F",G36=$BN$16),1,0) -> 0 | BP36: =IF(AND($E36="F",H36=$BN$16),1,0) -> 0 | BQ36: =IF(AND($E36="F",F36=$BQ$16),1,0) -> 0 | BR36: =IF(AND($E36="F",G36=$BQ$16),1,0) -> 0 | BS36: =IF(AND($E36="F",H36=$BQ$16),1,0) -> 0 | BT36: =IF(AND($E36="F",F36=$BT$16),1,0) -> 0 | BU36: =IF(AND($E36="F",G36=$BT$16),1,0) -> 0 | BV36: =IF(AND($E36="F",H36=$BT$16),1,0) -> 0 | BX36: =IF(AND($E36="M",F36=$BX$16),1,0) -> 0 | BY36: =IF(AND($E36="M",G36=$BX$16),1,0) -> 0 | BZ36: =IF(AND($E36="M",H36=$BX$16),1,0) -> 0 | CA36: =IF(AND($E36="M",F36=$CA$16),1,0) -> 0 | CB36: =IF(AND($E36="M",G36=$CA$16),1,0) -> 0 | CC36: =IF(AND($E36="M",H36=$CA$16),1,0) -> 0 | CD36: =IF(AND($E36="M",F36=$CD$16),1,0) -> 0 | CE36: =IF(AND($E36="M",G36=$CD$16),1,0) -> 0 | CF36: =IF(AND($E36="M",H36=$CD$16),1,0) -> 0 | CG36: =IF(AND($E36="M",F36=$CG$16),1,0) -> 0 | CH36: =IF(AND($E36="M",G36=$CG$16),1,0) -> 0 | CI36: =IF(AND($E36="M",H36=$CG$16),1,0) -> 0 | CJ36: =IF(AND($E36="M",F36=$CJ$16),1,0) -> 0 | CK36: =IF(AND($E36="M",G36=$CJ$16),1,0) -> 0 | CL36: =IF(AND($E36="M",H36=$CJ$16),1,0) -> 0 | CM36: =IF(AND($E36="M",F36=$CM$16),1,0) -> 0 | CN36: =IF(AND($E36="M",G36=$CM$16),1,0) -> 0 | CO36: =IF(AND($E36="M",H36=$CM$16),1,0) -> 0 | CP36: =IF(AND($E36="M",F36=$CP$16),1,0) -> 0 | CQ36: =IF(AND($E36="M",G36=$CP$16),1,0) -> 0 | CR36: =IF(AND($E36="M",H36=$CP$16),1,0) -> 0 | CS36: =IF(AND($E36="M",F36=$CT$16),1,0) -> 0 | CT36: =IF(AND($E36="M",G36=$CT$16),1,0) -> 0 | CU36: =IF(AND($E36="M",H36=$CT$16),1,0) -> 0 | CV36: =IF(AND($E36="M",F36=$CW$16),1,0) -> 0 | CW36: =IF(AND($E36="M",G36=$CW$16),1,0) -> 0 | CX36: =IF(AND($E36="M",H36=$CW$16),1,0) -> 0 | CY36: =IF(AND($E36="M",F36=$CZ$16),1,0) -> 0 | CZ36: =IF(AND($E36="M",G36=$CZ$16),1,0) -> 0 | DA36: =IF(AND($E36="M",H36=$CZ$16),1,0) -> 0 | DB36: =IF(AND($E36="M",F36=$DC$16),1,0) -> 0 | DC36: =IF(AND($E36="M",G36=$DC$16),1,0) -> 0 | DD36: =IF(AND($E36="M",H36=$DC$16),1,0) -> 0 | DE36: =IF(AND($E36="M",F36=$DE$16),1,0) -> 0 | DF36: =IF(AND($E36="M",G36=$DE$16),1,0) -> 0 | DG36: =IF(AND($E36="M",H36=$DE$16),1,0) -> 0
B37: =IF(ISNUMBER(A37),VLOOKUP(A37,Licenciés!A:F,2,FALSE),"") | C37: =IF(B37="","",VLOOKUP(A37,Licenciés!A:F,3,FALSE)) | D37: =IF(B37="","",VLOOKUP(A37,Licenciés!A:F,5,FALSE)) | E37: =IF(B37="","",VLOOKUP(A37,Licenciés!A:F,4,FALSE)) | L37: =VLOOKUP($A37,Licenciés!A:F,6,FALSE) -> #N/A | P37: LA BERRICHONNE CHATEAUROUX ATH | Q37: 36003 | U37: Perche | V37: 10 | W37: =IF(F37<>"",VLOOKUP(F37,$U$33:$V$48,2,FALSE),0) -> 0 | X37: =IF(G37<>"",VLOOKUP(G37,$U$33:$V$48,2,FALSE),0) -> 0 | Y37: =IF(H37<>"",VLOOKUP(H37,$U$33:$V$48,2,FALSE),0) -> 0 | Z37: =W37+X37+Y37 -> 0 | AA37: =OR($Z37=0,$Z37=10,$Z37=1,$Z37=100,$Z37=11,$Z37=101,$Z37=110,$Z37=111) -> TRUE | AB37: =IF(AA37=TRUE,0,1) -> 0 | AM37: =IF(AND($E37="F",F37=$AM$16),1,0) -> 0 | AN37: =IF(AND($E37="F",G37=$AM$16),1,0) -> 0 | AO37: =IF(AND($E37="F",H37=$AM$16),1,0) -> 0 | AP37: =IF(AND($E37="F",F37=$AP$16),1,0) -> 0 | AQ37: =IF(AND($E37="F",G37=$AP$16),1,0) -> 0 | AR37: =IF(AND($E37="F",H37=$AP$16),1,0) -> 0 | AS37: =IF(AND($E37="F",F37=$AS$16),1,0) -> 0 | AT37: =IF(AND($E37="F",G37=$AS$16),1,0) -> 0 | AU37: =IF(AND($E37="F",H37=$AS$16),1,0) -> 0 | AV37: =IF(AND($E37="F",F37=$AV$16),1,0) -> 0 | AW37: =IF(AND($E37="F",G37=$AV$16),1,0) -> 0 | AX37: =IF(AND($E37="F",H37=$AV$16),1,0) -> 0 | AY37: =IF(AND($E37="F",F37=$AY$16),1,0) -> 0 | AZ37: =IF(AND($E37="F",G37=$AY$16),1,0) -> 0 | BA37: =IF(AND($E37="F",H37=$AY$16),1,0) -> 0 | BB37: =IF(AND($E37="F",F37=$BB$16),1,0) -> 0 | BC37: =IF(AND($E37="F",G37=$BB$16),1,0) -> 0 | BD37: =IF(AND($E37="F",H37=$BB$16),1,0) -> 0 | BE37: =IF(AND($E37="F",F37=$BE$16),1,0) -> 0 | BF37: =IF(AND($E37="F",G37=$BE$16),1,0) -> 0 | BG37: =IF(AND($E37="F",H37=$BE$16),1,0) -> 0 | BH37: =IF(AND($E37="F",F37=$BH$16),1,0) -> 0 | BI37: =IF(AND($E37="F",G37=$BH$16),1,0) -> 0 | BJ37: =IF(AND($E37="F",H37=$BH$16),1,0) -> 0 | BK37: =IF(AND($E37="F",F37=$BK$16),1,0) -> 0 | BL37: =IF(AND($E37="F",G37=$BK$16),1,0) -> 0 | BM37: =IF(AND($E37="F",H37=$BK$16),1,0) -> 0 | BN37: =IF(AND($E37="F",F37=$BN$16),1,0) -> 0 | BO37: =IF(AND($E37="F",G37=$BN$16),1,0) -> 0 | BP37: =IF(AND($E37="F",H37=$BN$16),1,0) -> 0 | BQ37: =IF(AND($E37="F",F37=$BQ$16),1,0) -> 0 | BR37: =IF(AND($E37="F",G37=$BQ$16),1,0) -> 0 | BS37: =IF(AND($E37="F",H37=$BQ$16),1,0) -> 0 | BT37: =IF(AND($E37="F",F37=$BT$16),1,0) -> 0 | BU37: =IF(AND($E37="F",G37=$BT$16),1,0) -> 0 | BV37: =IF(AND($E37="F",H37=$BT$16),1,0) -> 0 | BX37: =IF(AND($E37="M",F37=$BX$16),1,0) -> 0 | BY37: =IF(AND($E37="M",G37=$BX$16),1,0) -> 0 | BZ37: =IF(AND($E37="M",H37=$BX$16),1,0) -> 0 | CA37: =IF(AND($E37="M",F37=$CA$16),1,0) -> 0 | CB37: =IF(AND($E37="M",G37=$CA$16),1,0) -> 0 | CC37: =IF(AND($E37="M",H37=$CA$16),1,0) -> 0 | CD37: =IF(AND($E37="M",F37=$CD$16),1,0) -> 0 | CE37: =IF(AND($E37="M",G37=$CD$16),1,0) -> 0 | CF37: =IF(AND($E37="M",H37=$CD$16),1,0) -> 0 | CG37: =IF(AND($E37="M",F37=$CG$16),1,0) -> 0 | CH37: =IF(AND($E37="M",G37=$CG$16),1,0) -> 0 | CI37: =IF(AND($E37="M",H37=$CG$16),1,0) -> 0 | CJ37: =IF(AND($E37="M",F37=$CJ$16),1,0) -> 0 | CK37: =IF(AND($E37="M",G37=$CJ$16),1,0) -> 0 | CL37: =IF(AND($E37="M",H37=$CJ$16),1,0) -> 0 | CM37: =IF(AND($E37="M",F37=$CM$16),1,0) -> 0 | CN37: =IF(AND($E37="M",G37=$CM$16),1,0) -> 0 | CO37: =IF(AND($E37="M",H37=$CM$16),1,0) -> 0 | CP37: =IF(AND($E37="M",F37=$CP$16),1,0) -> 0 | CQ37: =IF(AND($E37="M",G37=$CP$16),1,0) -> 0 | CR37: =IF(AND($E37="M",H37=$CP$16),1,0) -> 0 | CS37: =IF(AND($E37="M",F37=$CT$16),1,0) -> 0 | CT37: =IF(AND($E37="M",G37=$CT$16),1,0) -> 0 | CU37: =IF(AND($E37="M",H37=$CT$16),1,0) -> 0 | CV37: =IF(AND($E37="M",F37=$CW$16),1,0) -> 0 | CW37: =IF(AND($E37="M",G37=$CW$16),1,0) -> 0 | CX37: =IF(AND($E37="M",H37=$CW$16),1,0) -> 0 | CY37: =IF(AND($E37="M",F37=$CZ$16),1,0) -> 0 | CZ37: =IF(AND($E37="M",G37=$CZ$16),1,0) -> 0 | DA37: =IF(AND($E37="M",H37=$CZ$16),1,0) -> 0 | DB37: =IF(AND($E37="M",F37=$DC$16),1,0) -> 0 | DC37: =IF(AND($E37="M",G37=$DC$16),1,0) -> 0 | DD37: =IF(AND($E37="M",H37=$DC$16),1,0) -> 0 | DE37: =IF(AND($E37="M",F37=$DE$16),1,0) -> 0 | DF37: =IF(AND($E37="M",G37=$DE$16),1,0) -> 0 | DG37: =IF(AND($E37="M",H37=$DE$16),1,0) -> 0
B38: =IF(ISNUMBER(A38),VLOOKUP(A38,Licenciés!A:F,2,FALSE),"") | C38: =IF(B38="","",VLOOKUP(A38,Licenciés!A:F,3,FALSE)) | D38: =IF(B38="","",VLOOKUP(A38,Licenciés!A:F,5,FALSE)) | E38: =IF(B38="","",VLOOKUP(A38,Licenciés!A:F,4,FALSE)) | L38: =VLOOKUP($A38,Licenciés!A:F,6,FALSE) -> #N/A | P38: ASC BUZANCAIS | Q38: 36012 | U38: Longueur | V38: 10 | W38: =IF(F38<>"",VLOOKUP(F38,$U$33:$V$48,2,FALSE),0) -> 0 | X38: =IF(G38<>"",VLOOKUP(G38,$U$33:$V$48,2,FALSE),0) -> 0 | Y38: =IF(H38<>"",VLOOKUP(H38,$U$33:$V$48,2,FALSE),0) -> 0 | Z38: =W38+X38+Y38 -> 0 | AA38: =OR($Z38=0,$Z38=10,$Z38=1,$Z38=100,$Z38=11,$Z38=101,$Z38=110,$Z38=111) -> TRUE | AB38: =IF(AA38=TRUE,0,1) -> 0 | AM38: =IF(AND($E38="F",F38=$AM$16),1,0) -> 0 | AN38: =IF(AND($E38="F",G38=$AM$16),1,0) -> 0 | AO38: =IF(AND($E38="F",H38=$AM$16),1,0) -> 0 | AP38: =IF(AND($E38="F",F38=$AP$16),1,0) -> 0 | AQ38: =IF(AND($E38="F",G38=$AP$16),1,0) -> 0 | AR38: =IF(AND($E38="F",H38=$AP$16),1,0) -> 0 | AS38: =IF(AND($E38="F",F38=$AS$16),1,0) -> 0 | AT38: =IF(AND($E38="F",G38=$AS$16),1,0) -> 0 | AU38: =IF(AND($E38="F",H38=$AS$16),1,0) -> 0 | AV38: =IF(AND($E38="F",F38=$AV$16),1,0) -> 0 | AW38: =IF(AND($E38="F",G38=$AV$16),1,0) -> 0 | AX38: =IF(AND($E38="F",H38=$AV$16),1,0) -> 0 | AY38: =IF(AND($E38="F",F38=$AY$16),1,0) -> 0 | AZ38: =IF(AND($E38="F",G38=$AY$16),1,0) -> 0 | BA38: =IF(AND($E38="F",H38=$AY$16),1,0) -> 0 | BB38: =IF(AND($E38="F",F38=$BB$16),1,0) -> 0 | BC38: =IF(AND($E38="F",G38=$BB$16),1,0) -> 0 | BD38: =IF(AND($E38="F",H38=$BB$16),1,0) -> 0 | BE38: =IF(AND($E38="F",F38=$BE$16),1,0) -> 0 | BF38: =IF(AND($E38="F",G38=$BE$16),1,0) -> 0 | BG38: =IF(AND($E38="F",H38=$BE$16),1,0) -> 0 | BH38: =IF(AND($E38="F",F38=$BH$16),1,0) -> 0 | BI38: =IF(AND($E38="F",G38=$BH$16),1,0) -> 0 | BJ38: =IF(AND($E38="F",H38=$BH$16),1,0) -> 0 | BK38: =IF(AND($E38="F",F38=$BK$16),1,0) -> 0 | BL38: =IF(AND($E38="F",G38=$BK$16),1,0) -> 0 | BM38: =IF(AND($E38="F",H38=$BK$16),1,0) -> 0 | BN38: =IF(AND($E38="F",F38=$BN$16),1,0) -> 0 | BO38: =IF(AND($E38="F",G38=$BN$16),1,0) -> 0 | BP38: =IF(AND($E38="F",H38=$BN$16),1,0) -> 0 | BQ38: =IF(AND($E38="F",F38=$BQ$16),1,0) -> 0 | BR38: =IF(AND($E38="F",G38=$BQ$16),1,0) -> 0 | BS38: =IF(AND($E38="F",H38=$BQ$16),1,0) -> 0 | BT38: =IF(AND($E38="F",F38=$BT$16),1,0) -> 0 | BU38: =IF(AND($E38="F",G38=$BT$16),1,0) -> 0 | BV38: =IF(AND($E38="F",H38=$BT$16),1,0) -> 0 | BX38: =IF(AND($E38="M",F38=$BX$16),1,0) -> 0 | BY38: =IF(AND($E38="M",G38=$BX$16),1,0) -> 0 | BZ38: =IF(AND($E38="M",H38=$BX$16),1,0) -> 0 | CA38: =IF(AND($E38="M",F38=$CA$16),1,0) -> 0 | CB38: =IF(AND($E38="M",G38=$CA$16),1,0) -> 0 | CC38: =IF(AND($E38="M",H38=$CA$16),1,0) -> 0 | CD38: =IF(AND($E38="M",F38=$CD$16),1,0) -> 0 | CE38: =IF(AND($E38="M",G38=$CD$16),1,0) -> 0 | CF38: =IF(AND($E38="M",H38=$CD$16),1,0) -> 0 | CG38: =IF(AND($E38="M",F38=$CG$16),1,0) -> 0 | CH38: =IF(AND($E38="M",G38=$CG$16),1,0) -> 0 | CI38: =IF(AND($E38="M",H38=$CG$16),1,0) -> 0 | CJ38: =IF(AND($E38="M",F38=$CJ$16),1,0) -> 0 | CK38: =IF(AND($E38="M",G38=$CJ$16),1,0) -> 0 | CL38: =IF(AND($E38="M",H38=$CJ$16),1,0) -> 0 | CM38: =IF(AND($E38="M",F38=$CM$16),1,0) -> 0 | CN38: =IF(AND($E38="M",G38=$CM$16),1,0) -> 0 | CO38: =IF(AND($E38="M",H38=$CM$16),1,0) -> 0 | CP38: =IF(AND($E38="M",F38=$CP$16),1,0) -> 0 | CQ38: =IF(AND($E38="M",G38=$CP$16),1,0) -> 0 | CR38: =IF(AND($E38="M",H38=$CP$16),1,0) -> 0 | CS38: =IF(AND($E38="M",F38=$CT$16),1,0) -> 0 | CT38: =IF(AND($E38="M",G38=$CT$16),1,0) -> 0 | CU38: =IF(AND($E38="M",H38=$CT$16),1,0) -> 0 | CV38: =IF(AND($E38="M",F38=$CW$16),1,0) -> 0 | CW38: =IF(AND($E38="M",G38=$CW$16),1,0) -> 0 | CX38: =IF(AND($E38="M",H38=$CW$16),1,0) -> 0 | CY38: =IF(AND($E38="M",F38=$CZ$16),1,0) -> 0 | CZ38: =IF(AND($E38="M",G38=$CZ$16),1,0) -> 0 | DA38: =IF(AND($E38="M",H38=$CZ$16),1,0) -> 0 | DB38: =IF(AND($E38="M",F38=$DC$16),1,0) -> 0 | DC38: =IF(AND($E38="M",G38=$DC$16),1,0) -> 0 | DD38: =IF(AND($E38="M",H38=$DC$16),1,0) -> 0 | DE38: =IF(AND($E38="M",F38=$DE$16),1,0) -> 0 | DF38: =IF(AND($E38="M",G38=$DE$16),1,0) -> 0 | DG38: =IF(AND($E38="M",H38=$DE$16),1,0) -> 0
B39: =IF(ISNUMBER(A39),VLOOKUP(A39,Licenciés!A:F,2,FALSE),"") | C39: =IF(B39="","",VLOOKUP(A39,Licenciés!A:F,3,FALSE)) | D39: =IF(B39="","",VLOOKUP(A39,Licenciés!A:F,5,FALSE)) | E39: =IF(B39="","",VLOOKUP(A39,Licenciés!A:F,4,FALSE)) | L39: =VLOOKUP($A39,Licenciés!A:F,6,FALSE) -> #N/A | P39: EA ISSOUDUN | Q39: 36014 | U39: Triple-Saut | V39: 10 | W39: =IF(F39<>"",VLOOKUP(F39,$U$33:$V$48,2,FALSE),0) -> 0 | X39: =IF(G39<>"",VLOOKUP(G39,$U$33:$V$48,2,FALSE),0) -> 0 | Y39: =IF(H39<>"",VLOOKUP(H39,$U$33:$V$48,2,FALSE),0) -> 0 | Z39: =W39+X39+Y39 -> 0 | AA39: =OR($Z39=0,$Z39=10,$Z39=1,$Z39=100,$Z39=11,$Z39=101,$Z39=110,$Z39=111) -> TRUE | AB39: =IF(AA39=TRUE,0,1) -> 0 | AM39: =IF(AND($E39="F",F39=$AM$16),1,0) -> 0 | AN39: =IF(AND($E39="F",G39=$AM$16),1,0) -> 0 | AO39: =IF(AND($E39="F",H39=$AM$16),1,0) -> 0 | AP39: =IF(AND($E39="F",F39=$AP$16),1,0) -> 0 | AQ39: =IF(AND($E39="F",G39=$AP$16),1,0) -> 0 | AR39: =IF(AND($E39="F",H39=$AP$16),1,0) -> 0 | AS39: =IF(AND($E39="F",F39=$AS$16),1,0) -> 0 | AT39: =IF(AND($E39="F",G39=$AS$16),1,0) -> 0 | AU39: =IF(AND($E39="F",H39=$AS$16),1,0) -> 0 | AV39: =IF(AND($E39="F",F39=$AV$16),1,0) -> 0 | AW39: =IF(AND($E39="F",G39=$AV$16),1,0) -> 0 | AX39: =IF(AND($E39="F",H39=$AV$16),1,0) -> 0 | AY39: =IF(AND($E39="F",F39=$AY$16),1,0) -> 0 | AZ39: =IF(AND($E39="F",G39=$AY$16),1,0) -> 0 | BA39: =IF(AND($E39="F",H39=$AY$16),1,0) -> 0 | BB39: =IF(AND($E39="F",F39=$BB$16),1,0) -> 0 | BC39: =IF(AND($E39="F",G39=$BB$16),1,0) -> 0 | BD39: =IF(AND($E39="F",H39=$BB$16),1,0) -> 0 | BE39: =IF(AND($E39="F",F39=$BE$16),1,0) -> 0 | BF39: =IF(AND($E39="F",G39=$BE$16),1,0) -> 0 | BG39: =IF(AND($E39="F",H39=$BE$16),1,0) -> 0 | BH39: =IF(AND($E39="F",F39=$BH$16),1,0) -> 0 | BI39: =IF(AND($E39="F",G39=$BH$16),1,0) -> 0 | BJ39: =IF(AND($E39="F",H39=$BH$16),1,0) -> 0 | BK39: =IF(AND($E39="F",F39=$BK$16),1,0) -> 0 | BL39: =IF(AND($E39="F",G39=$BK$16),1,0) -> 0 | BM39: =IF(AND($E39="F",H39=$BK$16),1,0) -> 0 | BN39: =IF(AND($E39="F",F39=$BN$16),1,0) -> 0 | BO39: =IF(AND($E39="F",G39=$BN$16),1,0) -> 0 | BP39: =IF(AND($E39="F",H39=$BN$16),1,0) -> 0 | BQ39: =IF(AND($E39="F",F39=$BQ$16),1,0) -> 0 | BR39: =IF(AND($E39="F",G39=$BQ$16),1,0) -> 0 | BS39: =IF(AND($E39="F",H39=$BQ$16),1,0) -> 0 | BT39: =IF(AND($E39="F",F39=$BT$16),1,0) -> 0 | BU39: =IF(AND($E39="F",G39=$BT$16),1,0) -> 0 | BV39: =IF(AND($E39="F",H39=$BT$16),1,0) -> 0 | BX39: =IF(AND($E39="M",F39=$BX$16),1,0) -> 0 | BY39: =IF(AND($E39="M",G39=$BX$16),1,0) -> 0 | BZ39: =IF(AND($E39="M",H39=$BX$16),1,0) -> 0 | CA39: =IF(AND($E39="M",F39=$CA$16),1,0) -> 0 | CB39: =IF(AND($E39="M",G39=$CA$16),1,0) -> 0 | CC39: =IF(AND($E39="M",H39=$CA$16),1,0) -> 0 | CD39: =IF(AND($E39="M",F39=$CD$16),1,0) -> 0 | CE39: =IF(AND($E39="M",G39=$CD$16),1,0) -> 0 | CF39: =IF(AND($E39="M",H39=$CD$16),1,0) -> 0 | CG39: =IF(AND($E39="M",F39=$CG$16),1,0) -> 0 | CH39: =IF(AND($E39="M",G39=$CG$16),1,0) -> 0 | CI39: =IF(AND($E39="M",H39=$CG$16),1,0) -> 0 | CJ39: =IF(AND($E39="M",F39=$CJ$16),1,0) -> 0 | CK39: =IF(AND($E39="M",G39=$CJ$16),1,0) -> 0 | CL39: =IF(AND($E39="M",H39=$CJ$16),1,0) -> 0 | CM39: =IF(AND($E39="M",F39=$CM$16),1,0) -> 0 | CN39: =IF(AND($E39="M",G39=$CM$16),1,0) -> 0 | CO39: =IF(AND($E39="M",H39=$CM$16),1,0) -> 0 | CP39: =IF(AND($E39="M",F39=$CP$16),1,0) -> 0 | CQ39: =IF(AND($E39="M",G39=$CP$16),1,0) -> 0 | CR39: =IF(AND($E39="M",H39=$CP$16),1,0) -> 0 | CS39: =IF(AND($E39="M",F39=$CT$16),1,0) -> 0 | CT39: =IF(AND($E39="M",G39=$CT$16),1,0) -> 0 | CU39: =IF(AND($E39="M",H39=$CT$16),1,0) -> 0 | CV39: =IF(AND($E39="M",F39=$CW$16),1,0) -> 0 | CW39: =IF(AND($E39="M",G39=$CW$16),1,0) -> 0 | CX39: =IF(AND($E39="M",H39=$CW$16),1,0) -> 0 | CY39: =IF(AND($E39="M",F39=$CZ$16),1,0) -> 0 | CZ39: =IF(AND($E39="M",G39=$CZ$16),1,0) -> 0 | DA39: =IF(AND($E39="M",H39=$CZ$16),1,0) -> 0 | DB39: =IF(AND($E39="M",F39=$DC$16),1,0) -> 0 | DC39: =IF(AND($E39="M",G39=$DC$16),1,0) -> 0 | DD39: =IF(AND($E39="M",H39=$DC$16),1,0) -> 0 | DE39: =IF(AND($E39="M",F39=$DE$16),1,0) -> 0 | DF39: =IF(AND($E39="M",G39=$DE$16),1,0) -> 0 | DG39: =IF(AND($E39="M",H39=$DE$16),1,0) -> 0
B40: =IF(ISNUMBER(A40),VLOOKUP(A40,Licenciés!A:F,2,FALSE),"") | C40: =IF(B40="","",VLOOKUP(A40,Licenciés!A:F,3,FALSE)) | D40: =IF(B40="","",VLOOKUP(A40,Licenciés!A:F,5,FALSE)) | E40: =IF(B40="","",VLOOKUP(A40,Licenciés!A:F,4,FALSE)) | L40: =VLOOKUP($A40,Licenciés!A:F,6,FALSE) -> #N/A | P40: UNION SPORTIVE DE LA CHATRE. | Q40: 36023 | U40: Poids 2 kg | V40: 100 | W40: =IF(F40<>"",VLOOKUP(F40,$U$33:$V$48,2,FALSE),0) -> 0 | X40: =IF(G40<>"",VLOOKUP(G40,$U$33:$V$48,2,FALSE),0) -> 0 | Y40: =IF(H40<>"",VLOOKUP(H40,$U$33:$V$48,2,FALSE),0) -> 0 | Z40: =W40+X40+Y40 -> 0 | AA40: =OR($Z40=0,$Z40=10,$Z40=1,$Z40=100,$Z40=11,$Z40=101,$Z40=110,$Z40=111) -> TRUE | AB40: =IF(AA40=TRUE,0,1) -> 0 | AM40: =IF(AND($E40="F",F40=$AM$16),1,0) -> 0 | AN40: =IF(AND($E40="F",G40=$AM$16),1,0) -> 0 | AO40: =IF(AND($E40="F",H40=$AM$16),1,0) -> 0 | AP40: =IF(AND($E40="F",F40=$AP$16),1,0) -> 0 | AQ40: =IF(AND($E40="F",G40=$AP$16),1,0) -> 0 | AR40: =IF(AND($E40="F",H40=$AP$16),1,0) -> 0 | AS40: =IF(AND($E40="F",F40=$AS$16),1,0) -> 0 | AT40: =IF(AND($E40="F",G40=$AS$16),1,0) -> 0 | AU40: =IF(AND($E40="F",H40=$AS$16),1,0) -> 0 | AV40: =IF(AND($E40="F",F40=$AV$16),1,0) -> 0 | AW40: =IF(AND($E40="F",G40=$AV$16),1,0) -> 0 | AX40: =IF(AND($E40="F",H40=$AV$16),1,0) -> 0 | AY40: =IF(AND($E40="F",F40=$AY$16),1,0) -> 0 | AZ40: =IF(AND($E40="F",G40=$AY$16),1,0) -> 0 | BA40: =IF(AND($E40="F",H40=$AY$16),1,0) -> 0 | BB40: =IF(AND($E40="F",F40=$BB$16),1,0) -> 0 | BC40: =IF(AND($E40="F",G40=$BB$16),1,0) -> 0 | BD40: =IF(AND($E40="F",H40=$BB$16),1,0) -> 0 | BE40: =IF(AND($E40="F",F40=$BE$16),1,0) -> 0 | BF40: =IF(AND($E40="F",G40=$BE$16),1,0) -> 0 | BG40: =IF(AND($E40="F",H40=$BE$16),1,0) -> 0 | BH40: =IF(AND($E40="F",F40=$BH$16),1,0) -> 0 | BI40: =IF(AND($E40="F",G40=$BH$16),1,0) -> 0 | BJ40: =IF(AND($E40="F",H40=$BH$16),1,0) -> 0 | BK40: =IF(AND($E40="F",F40=$BK$16),1,0) -> 0 | BL40: =IF(AND($E40="F",G40=$BK$16),1,0) -> 0 | BM40: =IF(AND($E40="F",H40=$BK$16),1,0) -> 0 | BN40: =IF(AND($E40="F",F40=$BN$16),1,0) -> 0 | BO40: =IF(AND($E40="F",G40=$BN$16),1,0) -> 0 | BP40: =IF(AND($E40="F",H40=$BN$16),1,0) -> 0 | BQ40: =IF(AND($E40="F",F40=$BQ$16),1,0) -> 0 | BR40: =IF(AND($E40="F",G40=$BQ$16),1,0) -> 0 | BS40: =IF(AND($E40="F",H40=$BQ$16),1,0) -> 0 | BT40: =IF(AND($E40="F",F40=$BT$16),1,0) -> 0 | BU40: =IF(AND($E40="F",G40=$BT$16),1,0) -> 0 | BV40: =IF(AND($E40="F",H40=$BT$16),1,0) -> 0 | BX40: =IF(AND($E40="M",F40=$BX$16),1,0) -> 0 | BY40: =IF(AND($E40="M",G40=$BX$16),1,0) -> 0 | BZ40: =IF(AND($E40="M",H40=$BX$16),1,0) -> 0 | CA40: =IF(AND($E40="M",F40=$CA$16),1,0) -> 0 | CB40: =IF(AND($E40="M",G40=$CA$16),1,0) -> 0 | CC40: =IF(AND($E40="M",H40=$CA$16),1,0) -> 0 | CD40: =IF(AND($E40="M",F40=$CD$16),1,0) -> 0 | CE40: =IF(AND($E40="M",G40=$CD$16),1,0) -> 0 | CF40: =IF(AND($E40="M",H40=$CD$16),1,0) -> 0 | CG40: =IF(AND($E40="M",F40=$CG$16),1,0) -> 0 | CH40: =IF(AND($E40="M",G40=$CG$16),1,0) -> 0 | CI40: =IF(AND($E40="M",H40=$CG$16),1,0) -> 0 | CJ40: =IF(AND($E40="M",F40=$CJ$16),1,0) -> 0 | CK40: =IF(AND($E40="M",G40=$CJ$16),1,0) -> 0 | CL40: =IF(AND($E40="M",H40=$CJ$16),1,0) -> 0 | CM40: =IF(AND($E40="M",F40=$CM$16),1,0) -> 0 | CN40: =IF(AND($E40="M",G40=$CM$16),1,0) -> 0 | CO40: =IF(AND($E40="M",H40=$CM$16),1,0) -> 0 | CP40: =IF(AND($E40="M",F40=$CP$16),1,0) -> 0 | CQ40: =IF(AND($E40="M",G40=$CP$16),1,0) -> 0 | CR40: =IF(AND($E40="M",H40=$CP$16),1,0) -> 0 | CS40: =IF(AND($E40="M",F40=$CT$16),1,0) -> 0 | CT40: =IF(AND($E40="M",G40=$CT$16),1,0) -> 0 | CU40: =IF(AND($E40="M",H40=$CT$16),1,0) -> 0 | CV40: =IF(AND($E40="M",F40=$CW$16),1,0) -> 0 | CW40: =IF(AND($E40="M",G40=$CW$16),1,0) -> 0 | CX40: =IF(AND($E40="M",H40=$CW$16),1,0) -> 0 | CY40: =IF(AND($E40="M",F40=$CZ$16),1,0) -> 0 | CZ40: =IF(AND($E40="M",G40=$CZ$16),1,0) -> 0 | DA40: =IF(AND($E40="M",H40=$CZ$16),1,0) -> 0 | DB40: =IF(AND($E40="M",F40=$DC$16),1,0) -> 0 | DC40: =IF(AND($E40="M",G40=$DC$16),1,0) -> 0 | DD40: =IF(AND($E40="M",H40=$DC$16),1,0) -> 0 | DE40: =IF(AND($E40="M",F40=$DE$16),1,0) -> 0 | DF40: =IF(AND($E40="M",G40=$DE$16),1,0) -> 0 | DG40: =IF(AND($E40="M",H40=$DE$16),1,0) -> 0
B41: =IF(ISNUMBER(A41),VLOOKUP(A41,Licenciés!A:F,2,FALSE),"") | C41: =IF(B41="","",VLOOKUP(A41,Licenciés!A:F,3,FALSE)) | D41: =IF(B41="","",VLOOKUP(A41,Licenciés!A:F,5,FALSE)) | E41: =IF(B41="","",VLOOKUP(A41,Licenciés!A:F,4,FALSE)) | L41: =VLOOKUP($A41,Licenciés!A:F,6,FALSE) -> #N/A | P41: COUREURS DE FOND DEOLOIS | Q41: 36024 | U41: Poids 3 kg | V41: 100 | W41: =IF(F41<>"",VLOOKUP(F41,$U$33:$V$48,2,FALSE),0) -> 0 | X41: =IF(G41<>"",VLOOKUP(G41,$U$33:$V$48,2,FALSE),0) -> 0 | Y41: =IF(H41<>"",VLOOKUP(H41,$U$33:$V$48,2,FALSE),0) -> 0 | Z41: =W41+X41+Y41 -> 0 | AA41: =OR($Z41=0,$Z41=10,$Z41=1,$Z41=100,$Z41=11,$Z41=101,$Z41=110,$Z41=111) -> TRUE | AB41: =IF(AA41=TRUE,0,1) -> 0 | AM41: =IF(AND($E41="F",F41=$AM$16),1,0) -> 0 | AN41: =IF(AND($E41="F",G41=$AM$16),1,0) -> 0 | AO41: =IF(AND($E41="F",H41=$AM$16),1,0) -> 0 | AP41: =IF(AND($E41="F",F41=$AP$16),1,0) -> 0 | AQ41: =IF(AND($E41="F",G41=$AP$16),1,0) -> 0 | AR41: =IF(AND($E41="F",H41=$AP$16),1,0) -> 0 | AS41: =IF(AND($E41="F",F41=$AS$16),1,0) -> 0 | AT41: =IF(AND($E41="F",G41=$AS$16),1,0) -> 0 | AU41: =IF(AND($E41="F",H41=$AS$16),1,0) -> 0 | AV41: =IF(AND($E41="F",F41=$AV$16),1,0) -> 0 | AW41: =IF(AND($E41="F",G41=$AV$16),1,0) -> 0 | AX41: =IF(AND($E41="F",H41=$AV$16),1,0) -> 0 | AY41: =IF(AND($E41="F",F41=$AY$16),1,0) -> 0 | AZ41: =IF(AND($E41="F",G41=$AY$16),1,0) -> 0 | BA41: =IF(AND($E41="F",H41=$AY$16),1,0) -> 0 | BB41: =IF(AND($E41="F",F41=$BB$16),1,0) -> 0 | BC41: =IF(AND($E41="F",G41=$BB$16),1,0) -> 0 | BD41: =IF(AND($E41="F",H41=$BB$16),1,0) -> 0 | BE41: =IF(AND($E41="F",F41=$BE$16),1,0) -> 0 | BF41: =IF(AND($E41="F",G41=$BE$16),1,0) -> 0 | BG41: =IF(AND($E41="F",H41=$BE$16),1,0) -> 0 | BH41: =IF(AND($E41="F",F41=$BH$16),1,0) -> 0 | BI41: =IF(AND($E41="F",G41=$BH$16),1,0) -> 0 | BJ41: =IF(AND($E41="F",H41=$BH$16),1,0) -> 0 | BK41: =IF(AND($E41="F",F41=$BK$16),1,0) -> 0 | BL41: =IF(AND($E41="F",G41=$BK$16),1,0) -> 0 | BM41: =IF(AND($E41="F",H41=$BK$16),1,0) -> 0 | BN41: =IF(AND($E41="F",F41=$BN$16),1,0) -> 0 | BO41: =IF(AND($E41="F",G41=$BN$16),1,0) -> 0 | BP41: =IF(AND($E41="F",H41=$BN$16),1,0) -> 0 | BQ41: =IF(AND($E41="F",F41=$BQ$16),1,0) -> 0 | BR41: =IF(AND($E41="F",G41=$BQ$16),1,0) -> 0 | BS41: =IF(AND($E41="F",H41=$BQ$16),1,0) -> 0 | BT41: =IF(AND($E41="F",F41=$BT$16),1,0) -> 0 | BU41: =IF(AND($E41="F",G41=$BT$16),1,0) -> 0 | BV41: =IF(AND($E41="F",H41=$BT$16),1,0) -> 0 | BX41: =IF(AND($E41="M",F41=$BX$16),1,0) -> 0 | BY41: =IF(AND($E41="M",G41=$BX$16),1,0) -> 0 | BZ41: =IF(AND($E41="M",H41=$BX$16),1,0) -> 0 | CA41: =IF(AND($E41="M",F41=$CA$16),1,0) -> 0 | CB41: =IF(AND($E41="M",G41=$CA$16),1,0) -> 0 | CC41: =IF(AND($E41="M",H41=$CA$16),1,0) -> 0 | CD41: =IF(AND($E41="M",F41=$CD$16),1,0) -> 0 | CE41: =IF(AND($E41="M",G41=$CD$16),1,0) -> 0 | CF41: =IF(AND($E41="M",H41=$CD$16),1,0) -> 0 | CG41: =IF(AND($E41="M",F41=$CG$16),1,0) -> 0 | CH41: =IF(AND($E41="M",G41=$CG$16),1,0) -> 0 | CI41: =IF(AND($E41="M",H41=$CG$16),1,0) -> 0 | CJ41: =IF(AND($E41="M",F41=$CJ$16),1,0) -> 0 | CK41: =IF(AND($E41="M",G41=$CJ$16),1,0) -> 0 | CL41: =IF(AND($E41="M",H41=$CJ$16),1,0) -> 0 | CM41: =IF(AND($E41="M",F41=$CM$16),1,0) -> 0 | CN41: =IF(AND($E41="M",G41=$CM$16),1,0) -> 0 | CO41: =IF(AND($E41="M",H41=$CM$16),1,0) -> 0 | CP41: =IF(AND($E41="M",F41=$CP$16),1,0) -> 0 | CQ41: =IF(AND($E41="M",G41=$CP$16),1,0) -> 0 | CR41: =IF(AND($E41="M",H41=$CP$16),1,0) -> 0 | CS41: =IF(AND($E41="M",F41=$CT$16),1,0) -> 0 | CT41: =IF(AND($E41="M",G41=$CT$16),1,0) -> 0 | CU41: =IF(AND($E41="M",H41=$CT$16),1,0) -> 0 | CV41: =IF(AND($E41="M",F41=$CW$16),1,0) -> 0 | CW41: =IF(AND($E41="M",G41=$CW$16),1,0) -> 0 | CX41: =IF(AND($E41="M",H41=$CW$16),1,0) -> 0 | CY41: =IF(AND($E41="M",F41=$CZ$16),1,0) -> 0 | CZ41: =IF(AND($E41="M",G41=$CZ$16),1,0) -> 0 | DA41: =IF(AND($E41="M",H41=$CZ$16),1,0) -> 0 | DB41: =IF(AND($E41="M",F41=$DC$16),1,0) -> 0 | DC41: =IF(AND($E41="M",G41=$DC$16),1,0) -> 0 | DD41: =IF(AND($E41="M",H41=$DC$16),1,0) -> 0 | DE41: =IF(AND($E41="M",F41=$DE$16),1,0) -> 0 | DF41: =IF(AND($E41="M",G41=$DE$16),1,0) -> 0 | DG41: =IF(AND($E41="M",H41=$DE$16),1,0) -> 0
B42: =IF(ISNUMBER(A42),VLOOKUP(A42,Licenciés!A:F,2,FALSE),"") | C42: =IF(B42="","",VLOOKUP(A42,Licenciés!A:F,3,FALSE)) | D42: =IF(B42="","",VLOOKUP(A42,Licenciés!A:F,5,FALSE)) | E42: =IF(B42="","",VLOOKUP(A42,Licenciés!A:F,4,FALSE)) | L42: =VLOOKUP($A42,Licenciés!A:F,6,FALSE) -> #N/A | P42: ASPTT CHATEAUROUX 36 SECTION S | Q42: 36455 | U42: Disque 0,6 kg | V42: 100 | W42: =IF(F42<>"",VLOOKUP(F42,$U$33:$V$48,2,FALSE),0) -> 0 | X42: =IF(G42<>"",VLOOKUP(G42,$U$33:$V$48,2,FALSE),0) -> 0 | Y42: =IF(H42<>"",VLOOKUP(H42,$U$33:$V$48,2,FALSE),0) -> 0 | Z42: =W42+X42+Y42 -> 0 | AA42: =OR($Z42=0,$Z42=10,$Z42=1,$Z42=100,$Z42=11,$Z42=101,$Z42=110,$Z42=111) -> TRUE | AB42: =IF(AA42=TRUE,0,1) -> 0 | AM42: =IF(AND($E42="F",F42=$AM$16),1,0) -> 0 | AN42: =IF(AND($E42="F",G42=$AM$16),1,0) -> 0 | AO42: =IF(AND($E42="F",H42=$AM$16),1,0) -> 0 | AP42: =IF(AND($E42="F",F42=$AP$16),1,0) -> 0 | AQ42: =IF(AND($E42="F",G42=$AP$16),1,0) -> 0 | AR42: =IF(AND($E42="F",H42=$AP$16),1,0) -> 0 | AS42: =IF(AND($E42="F",F42=$AS$16),1,0) -> 0 | AT42: =IF(AND($E42="F",G42=$AS$16),1,0) -> 0 | AU42: =IF(AND($E42="F",H42=$AS$16),1,0) -> 0 | AV42: =IF(AND($E42="F",F42=$AV$16),1,0) -> 0 | AW42: =IF(AND($E42="F",G42=$AV$16),1,0) -> 0 | AX42: =IF(AND($E42="F",H42=$AV$16),1,0) -> 0 | AY42: =IF(AND($E42="F",F42=$AY$16),1,0) -> 0 | AZ42: =IF(AND($E42="F",G42=$AY$16),1,0) -> 0 | BA42: =IF(AND($E42="F",H42=$AY$16),1,0) -> 0 | BB42: =IF(AND($E42="F",F42=$BB$16),1,0) -> 0 | BC42: =IF(AND($E42="F",G42=$BB$16),1,0) -> 0 | BD42: =IF(AND($E42="F",H42=$BB$16),1,0) -> 0 | BE42: =IF(AND($E42="F",F42=$BE$16),1,0) -> 0 | BF42: =IF(AND($E42="F",G42=$BE$16),1,0) -> 0 | BG42: =IF(AND($E42="F",H42=$BE$16),1,0) -> 0 | BH42: =IF(AND($E42="F",F42=$BH$16),1,0) -> 0 | BI42: =IF(AND($E42="F",G42=$BH$16),1,0) -> 0 | BJ42: =IF(AND($E42="F",H42=$BH$16),1,0) -> 0 | BK42: =IF(AND($E42="F",F42=$BK$16),1,0) -> 0 | BL42: =IF(AND($E42="F",G42=$BK$16),1,0) -> 0 | BM42: =IF(AND($E42="F",H42=$BK$16),1,0) -> 0 | BN42: =IF(AND($E42="F",F42=$BN$16),1,0) -> 0 | BO42: =IF(AND($E42="F",G42=$BN$16),1,0) -> 0 | BP42: =IF(AND($E42="F",H42=$BN$16),1,0) -> 0 | BQ42: =IF(AND($E42="F",F42=$BQ$16),1,0) -> 0 | BR42: =IF(AND($E42="F",G42=$BQ$16),1,0) -> 0 | BS42: =IF(AND($E42="F",H42=$BQ$16),1,0) -> 0 | BT42: =IF(AND($E42="F",F42=$BT$16),1,0) -> 0 | BU42: =IF(AND($E42="F",G42=$BT$16),1,0) -> 0 | BV42: =IF(AND($E42="F",H42=$BT$16),1,0) -> 0 | BX42: =IF(AND($E42="M",F42=$BX$16),1,0) -> 0 | BY42: =IF(AND($E42="M",G42=$BX$16),1,0) -> 0 | BZ42: =IF(AND($E42="M",H42=$BX$16),1,0) -> 0 | CA42: =IF(AND($E42="M",F42=$CA$16),1,0) -> 0 | CB42: =IF(AND($E42="M",G42=$CA$16),1,0) -> 0 | CC42: =IF(AND($E42="M",H42=$CA$16),1,0) -> 0 | CD42: =IF(AND($E42="M",F42=$CD$16),1,0) -> 0 | CE42: =IF(AND($E42="M",G42=$CD$16),1,0) -> 0 | CF42: =IF(AND($E42="M",H42=$CD$16),1,0) -> 0 | CG42: =IF(AND($E42="M",F42=$CG$16),1,0) -> 0 | CH42: =IF(AND($E42="M",G42=$CG$16),1,0) -> 0 | CI42: =IF(AND($E42="M",H42=$CG$16),1,0) -> 0 | CJ42: =IF(AND($E42="M",F42=$CJ$16),1,0) -> 0 | CK42: =IF(AND($E42="M",G42=$CJ$16),1,0) -> 0 | CL42: =IF(AND($E42="M",H42=$CJ$16),1,0) -> 0 | CM42: =IF(AND($E42="M",F42=$CM$16),1,0) -> 0 | CN42: =IF(AND($E42="M",G42=$CM$16),1,0) -> 0 | CO42: =IF(AND($E42="M",H42=$CM$16),1,0) -> 0 | CP42: =IF(AND($E42="M",F42=$CP$16),1,0) -> 0 | CQ42: =IF(AND($E42="M",G42=$CP$16),1,0) -> 0 | CR42: =IF(AND($E42="M",H42=$CP$16),1,0) -> 0 | CS42: =IF(AND($E42="M",F42=$CT$16),1,0) -> 0 | CT42: =IF(AND($E42="M",G42=$CT$16),1,0) -> 0 | CU42: =IF(AND($E42="M",H42=$CT$16),1,0) -> 0 | CV42: =IF(AND($E42="M",F42=$CW$16),1,0) -> 0 | CW42: =IF(AND($E42="M",G42=$CW$16),1,0) -> 0 | CX42: =IF(AND($E42="M",H42=$CW$16),1,0) -> 0 | CY42: =IF(AND($E42="M",F42=$CZ$16),1,0) -> 0 | CZ42: =IF(AND($E42="M",G42=$CZ$16),1,0) -> 0 | DA42: =IF(AND($E42="M",H42=$CZ$16),1,0) -> 0 | DB42: =IF(AND($E42="M",F42=$DC$16),1,0) -> 0 | DC42: =IF(AND($E42="M",G42=$DC$16),1,0) -> 0 | DD42: =IF(AND($E42="M",H42=$DC$16),1,0) -> 0 | DE42: =IF(AND($E42="M",F42=$DE$16),1,0) -> 0 | DF42: =IF(AND($E42="M",G42=$DE$16),1,0) -> 0 | DG42: =IF(AND($E42="M",H42=$DE$16),1,0) -> 0
B43: =IF(ISNUMBER(A43),VLOOKUP(A43,Licenciés!A:F,2,FALSE),"") | C43: =IF(B43="","",VLOOKUP(A43,Licenciés!A:F,3,FALSE)) | D43: =IF(B43="","",VLOOKUP(A43,Licenciés!A:F,5,FALSE)) | E43: =IF(B43="","",VLOOKUP(A43,Licenciés!A:F,4,FALSE)) | L43: =VLOOKUP($A43,Licenciés!A:F,6,FALSE) -> #N/A | P43: AVENIR AMBOISE ATHLETISME | Q43: 37016 | U43: Disque 1 kg | V43: 100 | W43: =IF(F43<>"",VLOOKUP(F43,$U$33:$V$48,2,FALSE),0) -> 0 | X43: =IF(G43<>"",VLOOKUP(G43,$U$33:$V$48,2,FALSE),0) -> 0 | Y43: =IF(H43<>"",VLOOKUP(H43,$U$33:$V$48,2,FALSE),0) -> 0 | Z43: =W43+X43+Y43 -> 0 | AA43: =OR($Z43=0,$Z43=10,$Z43=1,$Z43=100,$Z43=11,$Z43=101,$Z43=110,$Z43=111) -> TRUE | AB43: =IF(AA43=TRUE,0,1) -> 0 | AM43: =IF(AND($E43="F",F43=$AM$16),1,0) -> 0 | AN43: =IF(AND($E43="F",G43=$AM$16),1,0) -> 0 | AO43: =IF(AND($E43="F",H43=$AM$16),1,0) -> 0 | AP43: =IF(AND($E43="F",F43=$AP$16),1,0) -> 0 | AQ43: =IF(AND($E43="F",G43=$AP$16),1,0) -> 0 | AR43: =IF(AND($E43="F",H43=$AP$16),1,0) -> 0 | AS43: =IF(AND($E43="F",F43=$AS$16),1,0) -> 0 | AT43: =IF(AND($E43="F",G43=$AS$16),1,0) -> 0 | AU43: =IF(AND($E43="F",H43=$AS$16),1,0) -> 0 | AV43: =IF(AND($E43="F",F43=$AV$16),1,0) -> 0 | AW43: =IF(AND($E43="F",G43=$AV$16),1,0) -> 0 | AX43: =IF(AND($E43="F",H43=$AV$16),1,0) -> 0 | AY43: =IF(AND($E43="F",F43=$AY$16),1,0) -> 0 | AZ43: =IF(AND($E43="F",G43=$AY$16),1,0) -> 0 | BA43: =IF(AND($E43="F",H43=$AY$16),1,0) -> 0 | BB43: =IF(AND($E43="F",F43=$BB$16),1,0) -> 0 | BC43: =IF(AND($E43="F",G43=$BB$16),1,0) -> 0 | BD43: =IF(AND($E43="F",H43=$BB$16),1,0) -> 0 | BE43: =IF(AND($E43="F",F43=$BE$16),1,0) -> 0 | BF43: =IF(AND($E43="F",G43=$BE$16),1,0) -> 0 | BG43: =IF(AND($E43="F",H43=$BE$16),1,0) -> 0 | BH43: =IF(AND($E43="F",F43=$BH$16),1,0) -> 0 | BI43: =IF(AND($E43="F",G43=$BH$16),1,0) -> 0 | BJ43: =IF(AND($E43="F",H43=$BH$16),1,0) -> 0 | BK43: =IF(AND($E43="F",F43=$BK$16),1,0) -> 0 | BL43: =IF(AND($E43="F",G43=$BK$16),1,0) -> 0 | BM43: =IF(AND($E43="F",H43=$BK$16),1,0) -> 0 | BN43: =IF(AND($E43="F",F43=$BN$16),1,0) -> 0 | BO43: =IF(AND($E43="F",G43=$BN$16),1,0) -> 0 | BP43: =IF(AND($E43="F",H43=$BN$16),1,0) -> 0 | BQ43: =IF(AND($E43="F",F43=$BQ$16),1,0) -> 0 | BR43: =IF(AND($E43="F",G43=$BQ$16),1,0) -> 0 | BS43: =IF(AND($E43="F",H43=$BQ$16),1,0) -> 0 | BT43: =IF(AND($E43="F",F43=$BT$16),1,0) -> 0 | BU43: =IF(AND($E43="F",G43=$BT$16),1,0) -> 0 | BV43: =IF(AND($E43="F",H43=$BT$16),1,0) -> 0 | BX43: =IF(AND($E43="M",F43=$BX$16),1,0) -> 0 | BY43: =IF(AND($E43="M",G43=$BX$16),1,0) -> 0 | BZ43: =IF(AND($E43="M",H43=$BX$16),1,0) -> 0 | CA43: =IF(AND($E43="M",F43=$CA$16),1,0) -> 0 | CB43: =IF(AND($E43="M",G43=$CA$16),1,0) -> 0 | CC43: =IF(AND($E43="M",H43=$CA$16),1,0) -> 0 | CD43: =IF(AND($E43="M",F43=$CD$16),1,0) -> 0 | CE43: =IF(AND($E43="M",G43=$CD$16),1,0) -> 0 | CF43: =IF(AND($E43="M",H43=$CD$16),1,0) -> 0 | CG43: =IF(AND($E43="M",F43=$CG$16),1,0) -> 0 | CH43: =IF(AND($E43="M",G43=$CG$16),1,0) -> 0 | CI43: =IF(AND($E43="M",H43=$CG$16),1,0) -> 0 | CJ43: =IF(AND($E43="M",F43=$CJ$16),1,0) -> 0 | CK43: =IF(AND($E43="M",G43=$CJ$16),1,0) -> 0 | CL43: =IF(AND($E43="M",H43=$CJ$16),1,0) -> 0 | CM43: =IF(AND($E43="M",F43=$CM$16),1,0) -> 0 | CN43: =IF(AND($E43="M",G43=$CM$16),1,0) -> 0 | CO43: =IF(AND($E43="M",H43=$CM$16),1,0) -> 0 | CP43: =IF(AND($E43="M",F43=$CP$16),1,0) -> 0 | CQ43: =IF(AND($E43="M",G43=$CP$16),1,0) -> 0 | CR43: =IF(AND($E43="M",H43=$CP$16),1,0) -> 0 | CS43: =IF(AND($E43="M",F43=$CT$16),1,0) -> 0 | CT43: =IF(AND($E43="M",G43=$CT$16),1,0) -> 0 | CU43: =IF(AND($E43="M",H43=$CT$16),1,0) -> 0 | CV43: =IF(AND($E43="M",F43=$CW$16),1,0) -> 0 | CW43: =IF(AND($E43="M",G43=$CW$16),1,0) -> 0 | CX43: =IF(AND($E43="M",H43=$CW$16),1,0) -> 0 | CY43: =IF(AND($E43="M",F43=$CZ$16),1,0) -> 0 | CZ43: =IF(AND($E43="M",G43=$CZ$16),1,0) -> 0 | DA43: =IF(AND($E43="M",H43=$CZ$16),1,0) -> 0 | DB43: =IF(AND($E43="M",F43=$DC$16),1,0) -> 0 | DC43: =IF(AND($E43="M",G43=$DC$16),1,0) -> 0 | DD43: =IF(AND($E43="M",H43=$DC$16),1,0) -> 0 | DE43: =IF(AND($E43="M",F43=$DE$16),1,0) -> 0 | DF43: =IF(AND($E43="M",G43=$DE$16),1,0) -> 0 | DG43: =IF(AND($E43="M",H43=$DE$16),1,0) -> 0
B44: =IF(ISNUMBER(A44),VLOOKUP(A44,Licenciés!A:F,2,FALSE),"") | C44: =IF(B44="","",VLOOKUP(A44,Licenciés!A:F,3,FALSE)) | D44: =IF(B44="","",VLOOKUP(A44,Licenciés!A:F,5,FALSE)) | E44: =IF(B44="","",VLOOKUP(A44,Licenciés!A:F,4,FALSE)) | L44: =VLOOKUP($A44,Licenciés!A:F,6,FALSE) -> #N/A | P44: CA CHINON | Q44: 37017 | U44: Marteau 2 kg | V44: 100 | W44: =IF(F44<>"",VLOOKUP(F44,$U$33:$V$48,2,FALSE),0) -> 0 | X44: =IF(G44<>"",VLOOKUP(G44,$U$33:$V$48,2,FALSE),0) -> 0 | Y44: =IF(H44<>"",VLOOKUP(H44,$U$33:$V$48,2,FALSE),0) -> 0 | Z44: =W44+X44+Y44 -> 0 | AA44: =OR($Z44=0,$Z44=10,$Z44=1,$Z44=100,$Z44=11,$Z44=101,$Z44=110,$Z44=111) -> TRUE | AB44: =IF(AA44=TRUE,0,1) -> 0 | AM44: =IF(AND($E44="F",F44=$AM$16),1,0) -> 0 | AN44: =IF(AND($E44="F",G44=$AM$16),1,0) -> 0 | AO44: =IF(AND($E44="F",H44=$AM$16),1,0) -> 0 | AP44: =IF(AND($E44="F",F44=$AP$16),1,0) -> 0 | AQ44: =IF(AND($E44="F",G44=$AP$16),1,0) -> 0 | AR44: =IF(AND($E44="F",H44=$AP$16),1,0) -> 0 | AS44: =IF(AND($E44="F",F44=$AS$16),1,0) -> 0 | AT44: =IF(AND($E44="F",G44=$AS$16),1,0) -> 0 | AU44: =IF(AND($E44="F",H44=$AS$16),1,0) -> 0 | AV44: =IF(AND($E44="F",F44=$AV$16),1,0) -> 0 | AW44: =IF(AND($E44="F",G44=$AV$16),1,0) -> 0 | AX44: =IF(AND($E44="F",H44=$AV$16),1,0) -> 0 | AY44: =IF(AND($E44="F",F44=$AY$16),1,0) -> 0 | AZ44: =IF(AND($E44="F",G44=$AY$16),1,0) -> 0 | BA44: =IF(AND($E44="F",H44=$AY$16),1,0) -> 0 | BB44: =IF(AND($E44="F",F44=$BB$16),1,0) -> 0 | BC44: =IF(AND($E44="F",G44=$BB$16),1,0) -> 0 | BD44: =IF(AND($E44="F",H44=$BB$16),1,0) -> 0 | BE44: =IF(AND($E44="F",F44=$BE$16),1,0) -> 0 | BF44: =IF(AND($E44="F",G44=$BE$16),1,0) -> 0 | BG44: =IF(AND($E44="F",H44=$BE$16),1,0) -> 0 | BH44: =IF(AND($E44="F",F44=$BH$16),1,0) -> 0 | BI44: =IF(AND($E44="F",G44=$BH$16),1,0) -> 0 | BJ44: =IF(AND($E44="F",H44=$BH$16),1,0) -> 0 | BK44: =IF(AND($E44="F",F44=$BK$16),1,0) -> 0 | BL44: =IF(AND($E44="F",G44=$BK$16),1,0) -> 0 | BM44: =IF(AND($E44="F",H44=$BK$16),1,0) -> 0 | BN44: =IF(AND($E44="F",F44=$BN$16),1,0) -> 0 | BO44: =IF(AND($E44="F",G44=$BN$16),1,0) -> 0 | BP44: =IF(AND($E44="F",H44=$BN$16),1,0) -> 0 | BQ44: =IF(AND($E44="F",F44=$BQ$16),1,0) -> 0 | BR44: =IF(AND($E44="F",G44=$BQ$16),1,0) -> 0 | BS44: =IF(AND($E44="F",H44=$BQ$16),1,0) -> 0 | BT44: =IF(AND($E44="F",F44=$BT$16),1,0) -> 0 | BU44: =IF(AND($E44="F",G44=$BT$16),1,0) -> 0 | BV44: =IF(AND($E44="F",H44=$BT$16),1,0) -> 0 | BX44: =IF(AND($E44="M",F44=$BX$16),1,0) -> 0 | BY44: =IF(AND($E44="M",G44=$BX$16),1,0) -> 0 | BZ44: =IF(AND($E44="M",H44=$BX$16),1,0) -> 0 | CA44: =IF(AND($E44="M",F44=$CA$16),1,0) -> 0 | CB44: =IF(AND($E44="M",G44=$CA$16),1,0) -> 0 | CC44: =IF(AND($E44="M",H44=$CA$16),1,0) -> 0 | CD44: =IF(AND($E44="M",F44=$CD$16),1,0) -> 0 | CE44: =IF(AND($E44="M",G44=$CD$16),1,0) -> 0 | CF44: =IF(AND($E44="M",H44=$CD$16),1,0) -> 0 | CG44: =IF(AND($E44="M",F44=$CG$16),1,0) -> 0 | CH44: =IF(AND($E44="M",G44=$CG$16),1,0) -> 0 | CI44: =IF(AND($E44="M",H44=$CG$16),1,0) -> 0 | CJ44: =IF(AND($E44="M",F44=$CJ$16),1,0) -> 0 | CK44: =IF(AND($E44="M",G44=$CJ$16),1,0) -> 0 | CL44: =IF(AND($E44="M",H44=$CJ$16),1,0) -> 0 | CM44: =IF(AND($E44="M",F44=$CM$16),1,0) -> 0 | CN44: =IF(AND($E44="M",G44=$CM$16),1,0) -> 0 | CO44: =IF(AND($E44="M",H44=$CM$16),1,0) -> 0 | CP44: =IF(AND($E44="M",F44=$CP$16),1,0) -> 0 | CQ44: =IF(AND($E44="M",G44=$CP$16),1,0) -> 0 | CR44: =IF(AND($E44="M",H44=$CP$16),1,0) -> 0 | CS44: =IF(AND($E44="M",F44=$CT$16),1,0) -> 0 | CT44: =IF(AND($E44="M",G44=$CT$16),1,0) -> 0 | CU44: =IF(AND($E44="M",H44=$CT$16),1,0) -> 0 | CV44: =IF(AND($E44="M",F44=$CW$16),1,0) -> 0 | CW44: =IF(AND($E44="M",G44=$CW$16),1,0) -> 0 | CX44: =IF(AND($E44="M",H44=$CW$16),1,0) -> 0 | CY44: =IF(AND($E44="M",F44=$CZ$16),1,0) -> 0 | CZ44: =IF(AND($E44="M",G44=$CZ$16),1,0) -> 0 | DA44: =IF(AND($E44="M",H44=$CZ$16),1,0) -> 0 | DB44: =IF(AND($E44="M",F44=$DC$16),1,0) -> 0 | DC44: =IF(AND($E44="M",G44=$DC$16),1,0) -> 0 | DD44: =IF(AND($E44="M",H44=$DC$16),1,0) -> 0 | DE44: =IF(AND($E44="M",F44=$DE$16),1,0) -> 0 | DF44: =IF(AND($E44="M",G44=$DE$16),1,0) -> 0 | DG44: =IF(AND($E44="M",H44=$DE$16),1,0) -> 0
... B46: =IF(ISNUMBER(A46),VLOOKUP(A46,Licenciés!A:F,2,FALSE),"") | C46: =IF(B46="","",VLOOKUP(A46,Licenciés!A:F,3,FALSE)) | D46: =IF(B46="","",VLOOKUP(A46,Licenciés!A:F,5,FALSE)) | E46: =IF(B46="","",VLOOKUP(A46,Licenciés!A:F,4,FALSE)) | L46: =VLOOKUP($A46,Licenciés!A:F,6,FALSE) -> #N/A | P46: ATHLETIC TROIS TOURS* | Q46: 37023 | U46: Javelot 400 g | V46: 100 | W46: =IF(F46<>"",VLOOKUP(F46,$U$33:$V$48,2,FALSE),0) -> 0 | X46: =IF(G46<>"",VLOOKUP(G46,$U$33:$V$48,2,FALSE),0) -> 0 | Y46: =IF(H46<>"",VLOOKUP(H46,$U$33:$V$48,2,FALSE),0) -> 0 | Z46: =W46+X46+Y46 -> 0 | AA46: =OR($Z46=0,$Z46=10,$Z46=1,$Z46=100,$Z46=11,$Z46=101,$Z46=110,$Z46=111) -> TRUE | AB46: =IF(AA46=TRUE,0,1) -> 0 | AM46: =IF(AND($E46="F",F46=$AM$16),1,0) -> 0 | AN46: =IF(AND($E46="F",G46=$AM$16),1,0) -> 0 | AO46: =IF(AND($E46="F",H46=$AM$16),1,0) -> 0 | AP46: =IF(AND($E46="F",F46=$AP$16),1,0) -> 0 | AQ46: =IF(AND($E46="F",G46=$AP$16),1,0) -> 0 | AR46: =IF(AND($E46="F",H46=$AP$16),1,0) -> 0 | AS46: =IF(AND($E46="F",F46=$AS$16),1,0) -> 0 | AT46: =IF(AND($E46="F",G46=$AS$16),1,0) -> 0 | AU46: =IF(AND($E46="F",H46=$AS$16),1,0) -> 0 | AV46: =IF(AND($E46="F",F46=$AV$16),1,0) -> 0 | AW46: =IF(AND($E46="F",G46=$AV$16),1,0) -> 0 | AX46: =IF(AND($E46="F",H46=$AV$16),1,0) -> 0 | AY46: =IF(AND($E46="F",F46=$AY$16),1,0) -> 0 | AZ46: =IF(AND($E46="F",G46=$AY$16),1,0) -> 0 | BA46: =IF(AND($E46="F",H46=$AY$16),1,0) -> 0 | BB46: =IF(AND($E46="F",F46=$BB$16),1,0) -> 0 | BC46: =IF(AND($E46="F",G46=$BB$16),1,0) -> 0 | BD46: =IF(AND($E46="F",H46=$BB$16),1,0) -> 0 | BE46: =IF(AND($E46="F",F46=$BE$16),1,0) -> 0 | BF46: =IF(AND($E46="F",G46=$BE$16),1,0) -> 0 | BG46: =IF(AND($E46="F",H46=$BE$16),1,0) -> 0 | BH46: =IF(AND($E46="F",F46=$BH$16),1,0) -> 0 | BI46: =IF(AND($E46="F",G46=$BH$16),1,0) -> 0 | BJ46: =IF(AND($E46="F",H46=$BH$16),1,0) -> 0 | BK46: =IF(AND($E46="F",F46=$BK$16),1,0) -> 0 | BL46: =IF(AND($E46="F",G46=$BK$16),1,0) -> 0 | BM46: =IF(AND($E46="F",H46=$BK$16),1,0) -> 0 | BN46: =IF(AND($E46="F",F46=$BN$16),1,0) -> 0 | BO46: =IF(AND($E46="F",G46=$BN$16),1,0) -> 0 | BP46: =IF(AND($E46="F",H46=$BN$16),1,0) -> 0 | BQ46: =IF(AND($E46="F",F46=$BQ$16),1,0) -> 0 | BR46: =IF(AND($E46="F",G46=$BQ$16),1,0) -> 0 | BS46: =IF(AND($E46="F",H46=$BQ$16),1,0) -> 0 | BT46: =IF(AND($E46="F",F46=$BT$16),1,0) -> 0 | BU46: =IF(AND($E46="F",G46=$BT$16),1,0) -> 0 | BV46: =IF(AND($E46="F",H46=$BT$16),1,0) -> 0 | BX46: =IF(AND($E46="M",F46=$BX$16),1,0) -> 0 | BY46: =IF(AND($E46="M",G46=$BX$16),1,0) -> 0 | BZ46: =IF(AND($E46="M",H46=$BX$16),1,0) -> 0 | CA46: =IF(AND($E46="M",F46=$CA$16),1,0) -> 0 | CB46: =IF(AND($E46="M",G46=$CA$16),1,0) -> 0 | CC46: =IF(AND($E46="M",H46=$CA$16),1,0) -> 0 | CD46: =IF(AND($E46="M",F46=$CD$16),1,0) -> 0 | CE46: =IF(AND($E46="M",G46=$CD$16),1,0) -> 0 | CF46: =IF(AND($E46="M",H46=$CD$16),1,0) -> 0 | CG46: =IF(AND($E46="M",F46=$CG$16),1,0) -> 0 | CH46: =IF(AND($E46="M",G46=$CG$16),1,0) -> 0 | CI46: =IF(AND($E46="M",H46=$CG$16),1,0) -> 0 | CJ46: =IF(AND($E46="M",F46=$CJ$16),1,0) -> 0 | CK46: =IF(AND($E46="M",G46=$CJ$16),1,0) -> 0 | CL46: =IF(AND($E46="M",H46=$CJ$16),1,0) -> 0 | CM46: =IF(AND($E46="M",F46=$CM$16),1,0) -> 0 | CN46: =IF(AND($E46="M",G46=$CM$16),1,0) -> 0 | CO46: =IF(AND($E46="M",H46=$CM$16),1,0) -> 0 | CP46: =IF(AND($E46="M",F46=$CP$16),1,0) -> 0 | CQ46: =IF(AND($E46="M",G46=$CP$16),1,0) -> 0 | CR46: =IF(AND($E46="M",H46=$CP$16),1,0) -> 0 | CS46: =IF(AND($E46="M",F46=$CT$16),1,0) -> 0 | CT46: =IF(AND($E46="M",G46=$CT$16),1,0) -> 0 | CU46: =IF(AND($E46="M",H46=$CT$16),1,0) -> 0 | CV46: =IF(AND($E46="M",F46=$CW$16),1,0) -> 0 | CW46: =IF(AND($E46="M",G46=$CW$16),1,0) -> 0 | CX46: =IF(AND($E46="M",H46=$CW$16),1,0) -> 0 | CY46: =IF(AND($E46="M",F46=$CZ$16),1,0) -> 0 | CZ46: =IF(AND($E46="M",G46=$CZ$16),1,0) -> 0 | DA46: =IF(AND($E46="M",H46=$CZ$16),1,0) -> 0 | DB46: =IF(AND($E46="M",F46=$DC$16),1,0) -> 0 | DC46: =IF(AND($E46="M",G46=$DC$16),1,0) -> 0 | DD46: =IF(AND($E46="M",H46=$DC$16),1,0) -> 0 | DE46: =IF(AND($E46="M",F46=$DE$16),1,0) -> 0 | DF46: =IF(AND($E46="M",G46=$DE$16),1,0) -> 0 | DG46: =IF(AND($E46="M",H46=$DE$16),1,0) -> 0
P47: AS FONDETTES | Q47: 37024 | U47: Javelot 500 g | V47: 100 | AM47: =IF(AND($E47="F",F47=$AM$16),1,0) -> 0 | AN47: =IF(AND($E47="F",G47=$AM$16),1,0) -> 0 | AO47: =IF(AND($E47="F",H47=$AM$16),1,0) -> 0 | AP47: =IF(AND($E47="F",F47=$AP$16),1,0) -> 0 | AQ47: =IF(AND($E47="F",G47=$AP$16),1,0) -> 0 | AR47: =IF(AND($E47="F",H47=$AP$16),1,0) -> 0 | AS47: =IF(AND($E47="F",F47=$AS$16),1,0) -> 0 | AT47: =IF(AND($E47="F",G47=$AS$16),1,0) -> 0 | AU47: =IF(AND($E47="F",H47=$AS$16),1,0) -> 0 | AV47: =IF(AND($E47="F",F47=$AV$16),1,0) -> 0 | AW47: =IF(AND($E47="F",G47=$AV$16),1,0) -> 0 | AX47: =IF(AND($E47="F",H47=$AV$16),1,0) -> 0 | AY47: =IF(AND($E47="F",F47=$AY$16),1,0) -> 0 | AZ47: =IF(AND($E47="F",G47=$AY$16),1,0) -> 0 | BA47: =IF(AND($E47="F",H47=$AY$16),1,0) -> 0 | BB47: =IF(AND($E47="F",F47=$BB$16),1,0) -> 0 | BC47: =IF(AND($E47="F",G47=$BB$16),1,0) -> 0 | BD47: =IF(AND($E47="F",H47=$BB$16),1,0) -> 0 | BE47: =IF(AND($E47="F",F47=$BE$16),1,0) -> 0 | BF47: =IF(AND($E47="F",G47=$BE$16),1,0) -> 0 | BG47: =IF(AND($E47="F",H47=$BE$16),1,0) -> 0 | BH47: =IF(AND($E47="F",F47=$BH$16),1,0) -> 0 | BI47: =IF(AND($E47="F",G47=$BH$16),1,0) -> 0 | BJ47: =IF(AND($E47="F",H47=$BH$16),1,0) -> 0 | BK47: =IF(AND($E47="F",F47=$BK$16),1,0) -> 0 | BL47: =IF(AND($E47="F",G47=$BK$16),1,0) -> 0 | BM47: =IF(AND($E47="F",H47=$BK$16),1,0) -> 0 | BN47: =IF(AND($E47="F",F47=$BN$16),1,0) -> 0 | BO47: =IF(AND($E47="F",G47=$BN$16),1,0) -> 0 | BP47: =IF(AND($E47="F",H47=$BN$16),1,0) -> 0 | BQ47: =IF(AND($E47="F",F47=$BQ$16),1,0) -> 0 | BR47: =IF(AND($E47="F",G47=$BQ$16),1,0) -> 0 | BS47: =IF(AND($E47="F",H47=$BQ$16),1,0) -> 0 | BT47: =IF(AND($E47="F",F47=$BT$16),1,0) -> 0 | BU47: =IF(AND($E47="F",G47=$BT$16),1,0) -> 0 | BV47: =IF(AND($E47="F",H47=$BT$16),1,0) -> 0 | BX47: =IF(AND($E47="M",F47=$BX$16),1,0) -> 0 | BY47: =IF(AND($E47="M",G47=$BX$16),1,0) -> 0 | BZ47: =IF(AND($E47="M",H47=$BX$16),1,0) -> 0 | CA47: =IF(AND($E47="M",F47=$CA$16),1,0) -> 0 | CB47: =IF(AND($E47="M",G47=$CA$16),1,0) -> 0 | CC47: =IF(AND($E47="M",H47=$CA$16),1,0) -> 0 | CD47: =IF(AND($E47="M",F47=$CD$16),1,0) -> 0 | CE47: =IF(AND($E47="M",G47=$CD$16),1,0) -> 0 | CF47: =IF(AND($E47="M",H47=$CD$16),1,0) -> 0 | CG47: =IF(AND($E47="M",F47=$CG$16),1,0) -> 0 | CH47: =IF(AND($E47="M",G47=$CG$16),1,0) -> 0 | CI47: =IF(AND($E47="M",H47=$CG$16),1,0) -> 0 | CJ47: =IF(AND($E47="M",F47=$CJ$16),1,0) -> 0 | CK47: =IF(AND($E47="M",G47=$CJ$16),1,0) -> 0 | CL47: =IF(AND($E47="M",H47=$CJ$16),1,0) -> 0 | CM47: =IF(AND($E47="M",F47=$CM$16),1,0) -> 0 | CN47: =IF(AND($E47="M",G47=$CM$16),1,0) -> 0 | CO47: =IF(AND($E47="M",H47=$CM$16),1,0) -> 0 | CP47: =IF(AND($E47="M",F47=$CP$16),1,0) -> 0 | CQ47: =IF(AND($E47="M",G47=$CP$16),1,0) -> 0 | CR47: =IF(AND($E47="M",H47=$CP$16),1,0) -> 0 | CS47: =IF(AND($E47="M",F47=$CT$16),1,0) -> 0 | CT47: =IF(AND($E47="M",G47=$CT$16),1,0) -> 0 | CU47: =IF(AND($E47="M",H47=$CT$16),1,0) -> 0 | CV47: =IF(AND($E47="M",F47=$CW$16),1,0) -> 0 | CW47: =IF(AND($E47="M",G47=$CW$16),1,0) -> 0 | CX47: =IF(AND($E47="M",H47=$CW$16),1,0) -> 0 | CY47: =IF(AND($E47="M",F47=$CZ$16),1,0) -> 0 | CZ47: =IF(AND($E47="M",G47=$CZ$16),1,0) -> 0 | DA47: =IF(AND($E47="M",H47=$CZ$16),1,0) -> 0 | DB47: =IF(AND($E47="M",F47=$DC$16),1,0) -> 0 | DC47: =IF(AND($E47="M",G47=$DC$16),1,0) -> 0 | DD47: =IF(AND($E47="M",H47=$DC$16),1,0) -> 0 | DE47: =IF(AND($E47="M",F47=$DE$16),1,0) -> 0 | DF47: =IF(AND($E47="M",G47=$DE$16),1,0) -> 0 | DG47: =IF(AND($E47="M",H47=$DE$16),1,0) -> 0
A48: ATHLETES NON-REPERTORIES DANS LA BASE | P48: SAINTE MAURE ATHLETIC CLUB | Q48: 37033 | U48: 2 000 m Marche | V48: 1 | AM48: =IF(AND($E48="F",F48=$AM$16),1,0) -> 0 | AN48: =IF(AND($E48="F",G48=$AM$16),1,0) -> 0 | AO48: =IF(AND($E48="F",H48=$AM$16),1,0) -> 0 | AP48: =IF(AND($E48="F",F48=$AP$16),1,0) -> 0 | AQ48: =IF(AND($E48="F",G48=$AP$16),1,0) -> 0 | AR48: =IF(AND($E48="F",H48=$AP$16),1,0) -> 0 | AS48: =IF(AND($E48="F",F48=$AS$16),1,0) -> 0 | AT48: =IF(AND($E48="F",G48=$AS$16),1,0) -> 0 | AU48: =IF(AND($E48="F",H48=$AS$16),1,0) -> 0 | AV48: =IF(AND($E48="F",F48=$AV$16),1,0) -> 0 | AW48: =IF(AND($E48="F",G48=$AV$16),1,0) -> 0 | AX48: =IF(AND($E48="F",H48=$AV$16),1,0) -> 0 | AY48: =IF(AND($E48="F",F48=$AY$16),1,0) -> 0 | AZ48: =IF(AND($E48="F",G48=$AY$16),1,0) -> 0 | BA48: =IF(AND($E48="F",H48=$AY$16),1,0) -> 0 | BB48: =IF(AND($E48="F",F48=$BB$16),1,0) -> 0 | BC48: =IF(AND($E48="F",G48=$BB$16),1,0) -> 0 | BD48: =IF(AND($E48="F",H48=$BB$16),1,0) -> 0 | BE48: =IF(AND($E48="F",F48=$BE$16),1,0) -> 0 | BF48: =IF(AND($E48="F",G48=$BE$16),1,0) -> 0 | BG48: =IF(AND($E48="F",H48=$BE$16),1,0) -> 0 | BH48: =IF(AND($E48="F",F48=$BH$16),1,0) -> 0 | BI48: =IF(AND($E48="F",G48=$BH$16),1,0) -> 0 | BJ48: =IF(AND($E48="F",H48=$BH$16),1,0) -> 0 | BK48: =IF(AND($E48="F",F48=$BK$16),1,0) -> 0 | BL48: =IF(AND($E48="F",G48=$BK$16),1,0) -> 0 | BM48: =IF(AND($E48="F",H48=$BK$16),1,0) -> 0 | BN48: =IF(AND($E48="F",F48=$BN$16),1,0) -> 0 | BO48: =IF(AND($E48="F",G48=$BN$16),1,0) -> 0 | BP48: =IF(AND($E48="F",H48=$BN$16),1,0) -> 0 | BQ48: =IF(AND($E48="F",F48=$BQ$16),1,0) -> 0 | BR48: =IF(AND($E48="F",G48=$BQ$16),1,0) -> 0 | BS48: =IF(AND($E48="F",H48=$BQ$16),1,0) -> 0 | BT48: =IF(AND($E48="F",F48=$BT$16),1,0) -> 0 | BU48: =IF(AND($E48="F",G48=$BT$16),1,0) -> 0 | BV48: =IF(AND($E48="F",H48=$BT$16),1,0) -> 0 | BX48: =IF(AND($E48="M",F48=$BX$16),1,0) -> 0 | BY48: =IF(AND($E48="M",G48=$BX$16),1,0) -> 0 | BZ48: =IF(AND($E48="M",H48=$BX$16),1,0) -> 0 | CA48: =IF(AND($E48="M",F48=$CA$16),1,0) -> 0 | CB48: =IF(AND($E48="M",G48=$CA$16),1,0) -> 0 | CC48: =IF(AND($E48="M",H48=$CA$16),1,0) -> 0 | CD48: =IF(AND($E48="M",F48=$CD$16),1,0) -> 0 | CE48: =IF(AND($E48="M",G48=$CD$16),1,0) -> 0 | CF48: =IF(AND($E48="M",H48=$CD$16),1,0) -> 0 | CG48: =IF(AND($E48="M",F48=$CG$16),1,0) -> 0 | CH48: =IF(AND($E48="M",G48=$CG$16),1,0) -> 0 | CI48: =IF(AND($E48="M",H48=$CG$16),1,0) -> 0 | CJ48: =IF(AND($E48="M",F48=$CJ$16),1,0) -> 0 | CK48: =IF(AND($E48="M",G48=$CJ$16),1,0) -> 0 | CL48: =IF(AND($E48="M",H48=$CJ$16),1,0) -> 0 | CM48: =IF(AND($E48="M",F48=$CM$16),1,0) -> 0 | CN48: =IF(AND($E48="M",G48=$CM$16),1,0) -> 0 | CO48: =IF(AND($E48="M",H48=$CM$16),1,0) -> 0 | CP48: =IF(AND($E48="M",F48=$CP$16),1,0) -> 0 | CQ48: =IF(AND($E48="M",G48=$CP$16),1,0) -> 0 | CR48: =IF(AND($E48="M",H48=$CP$16),1,0) -> 0 | CS48: =IF(AND($E48="M",F48=$CT$16),1,0) -> 0 | CT48: =IF(AND($E48="M",G48=$CT$16),1,0) -> 0 | CU48: =IF(AND($E48="M",H48=$CT$16),1,0) -> 0 | CV48: =IF(AND($E48="M",F48=$CW$16),1,0) -> 0 | CW48: =IF(AND($E48="M",G48=$CW$16),1,0) -> 0 | CX48: =IF(AND($E48="M",H48=$CW$16),1,0) -> 0 | CY48: =IF(AND($E48="M",F48=$CZ$16),1,0) -> 0 | CZ48: =IF(AND($E48="M",G48=$CZ$16),1,0) -> 0 | DA48: =IF(AND($E48="M",H48=$CZ$16),1,0) -> 0 | DB48: =IF(AND($E48="M",F48=$DC$16),1,0) -> 0 | DC48: =IF(AND($E48="M",G48=$DC$16),1,0) -> 0 | DD48: =IF(AND($E48="M",H48=$DC$16),1,0) -> 0 | DE48: =IF(AND($E48="M",F48=$DE$16),1,0) -> 0 | DF48: =IF(AND($E48="M",G48=$DE$16),1,0) -> 0 | DG48: =IF(AND($E48="M",H48=$DE$16),1,0) -> 0
P49: US RENAUDINE ATHLE CROSS | Q49: 37036 | AM49: =IF(AND($E49="F",F49=$AM$16),1,0) -> 0 | AN49: =IF(AND($E49="F",G49=$AM$16),1,0) -> 0 | AO49: =IF(AND($E49="F",H49=$AM$16),1,0) -> 0 | AP49: =IF(AND($E49="F",F49=$AP$16),1,0) -> 0 | AQ49: =IF(AND($E49="F",G49=$AP$16),1,0) -> 0 | AR49: =IF(AND($E49="F",H49=$AP$16),1,0) -> 0 | AS49: =IF(AND($E49="F",F49=$AS$16),1,0) -> 0 | AT49: =IF(AND($E49="F",G49=$AS$16),1,0) -> 0 | AU49: =IF(AND($E49="F",H49=$AS$16),1,0) -> 0 | AV49: =IF(AND($E49="F",F49=$AV$16),1,0) -> 0 | AW49: =IF(AND($E49="F",G49=$AV$16),1,0) -> 0 | AX49: =IF(AND($E49="F",H49=$AV$16),1,0) -> 0 | AY49: =IF(AND($E49="F",F49=$AY$16),1,0) -> 0 | AZ49: =IF(AND($E49="F",G49=$AY$16),1,0) -> 0 | BA49: =IF(AND($E49="F",H49=$AY$16),1,0) -> 0 | BB49: =IF(AND($E49="F",F49=$BB$16),1,0) -> 0 | BC49: =IF(AND($E49="F",G49=$BB$16),1,0) -> 0 | BD49: =IF(AND($E49="F",H49=$BB$16),1,0) -> 0 | BE49: =IF(AND($E49="F",F49=$BE$16),1,0) -> 0 | BF49: =IF(AND($E49="F",G49=$BE$16),1,0) -> 0 | BG49: =IF(AND($E49="F",H49=$BE$16),1,0) -> 0 | BH49: =IF(AND($E49="F",F49=$BH$16),1,0) -> 0 | BI49: =IF(AND($E49="F",G49=$BH$16),1,0) -> 0 | BJ49: =IF(AND($E49="F",H49=$BH$16),1,0) -> 0 | BK49: =IF(AND($E49="F",F49=$BK$16),1,0) -> 0 | BL49: =IF(AND($E49="F",G49=$BK$16),1,0) -> 0 | BM49: =IF(AND($E49="F",H49=$BK$16),1,0) -> 0 | BN49: =IF(AND($E49="F",F49=$BN$16),1,0) -> 0 | BO49: =IF(AND($E49="F",G49=$BN$16),1,0) -> 0 | BP49: =IF(AND($E49="F",H49=$BN$16),1,0) -> 0 | BQ49: =IF(AND($E49="F",F49=$BQ$16),1,0) -> 0 | BR49: =IF(AND($E49="F",G49=$BQ$16),1,0) -> 0 | BS49: =IF(AND($E49="F",H49=$BQ$16),1,0) -> 0 | BT49: =IF(AND($E49="F",F49=$BT$16),1,0) -> 0 | BU49: =IF(AND($E49="F",G49=$BT$16),1,0) -> 0 | BV49: =IF(AND($E49="F",H49=$BT$16),1,0) -> 0 | BX49: =IF(AND($E49="M",F49=$BX$16),1,0) -> 0 | BY49: =IF(AND($E49="M",G49=$BX$16),1,0) -> 0 | BZ49: =IF(AND($E49="M",H49=$BX$16),1,0) -> 0 | CA49: =IF(AND($E49="M",F49=$CA$16),1,0) -> 0 | CB49: =IF(AND($E49="M",G49=$CA$16),1,0) -> 0 | CC49: =IF(AND($E49="M",H49=$CA$16),1,0) -> 0 | CD49: =IF(AND($E49="M",F49=$CD$16),1,0) -> 0 | CE49: =IF(AND($E49="M",G49=$CD$16),1,0) -> 0 | CF49: =IF(AND($E49="M",H49=$CD$16),1,0) -> 0 | CG49: =IF(AND($E49="M",F49=$CG$16),1,0) -> 0 | CH49: =IF(AND($E49="M",G49=$CG$16),1,0) -> 0 | CI49: =IF(AND($E49="M",H49=$CG$16),1,0) -> 0 | CJ49: =IF(AND($E49="M",F49=$CJ$16),1,0) -> 0 | CK49: =IF(AND($E49="M",G49=$CJ$16),1,0) -> 0 | CL49: =IF(AND($E49="M",H49=$CJ$16),1,0) -> 0 | CM49: =IF(AND($E49="M",F49=$CM$16),1,0) -> 0 | CN49: =IF(AND($E49="M",G49=$CM$16),1,0) -> 0 | CO49: =IF(AND($E49="M",H49=$CM$16),1,0) -> 0 | CP49: =IF(AND($E49="M",F49=$CP$16),1,0) -> 0 | CQ49: =IF(AND($E49="M",G49=$CP$16),1,0) -> 0 | CR49: =IF(AND($E49="M",H49=$CP$16),1,0) -> 0 | CS49: =IF(AND($E49="M",F49=$CT$16),1,0) -> 0 | CT49: =IF(AND($E49="M",G49=$CT$16),1,0) -> 0 | CU49: =IF(AND($E49="M",H49=$CT$16),1,0) -> 0 | CV49: =IF(AND($E49="M",F49=$CW$16),1,0) -> 0 | CW49: =IF(AND($E49="M",G49=$CW$16),1,0) -> 0 | CX49: =IF(AND($E49="M",H49=$CW$16),1,0) -> 0 | CY49: =IF(AND($E49="M",F49=$CZ$16),1,0) -> 0 | CZ49: =IF(AND($E49="M",G49=$CZ$16),1,0) -> 0 | DA49: =IF(AND($E49="M",H49=$CZ$16),1,0) -> 0 | DB49: =IF(AND($E49="M",F49=$DC$16),1,0) -> 0 | DC49: =IF(AND($E49="M",G49=$DC$16),1,0) -> 0 | DD49: =IF(AND($E49="M",H49=$DC$16),1,0) -> 0 | DE49: =IF(AND($E49="M",F49=$DE$16),1,0) -> 0 | DF49: =IF(AND($E49="M",G49=$DE$16),1,0) -> 0 | DG49: =IF(AND($E49="M",H49=$DE$16),1,0) -> 0
B50: NOM | C50: PRENOM | D50: CATEGORIE | E50: SEXE | F50: Epreuve 1 | G50: Epreuve 2 | H50: Epreuve 3 | I50: Relais | K50: Jeune Juge | P50: ASPTT TOURS METROPOLE | Q50: 37037 | U50: F | AM50: =IF(AND($E50="F",F50=$AM$16),1,0) -> 0 | AN50: =IF(AND($E50="F",G50=$AM$16),1,0) -> 0 | AO50: =IF(AND($E50="F",H50=$AM$16),1,0) -> 0 | AP50: =IF(AND($E50="F",F50=$AP$16),1,0) -> 0 | AQ50: =IF(AND($E50="F",G50=$AP$16),1,0) -> 0 | AR50: =IF(AND($E50="F",H50=$AP$16),1,0) -> 0 | AS50: =IF(AND($E50="F",F50=$AS$16),1,0) -> 0 | AT50: =IF(AND($E50="F",G50=$AS$16),1,0) -> 0 | AU50: =IF(AND($E50="F",H50=$AS$16),1,0) -> 0 | AV50: =IF(AND($E50="F",F50=$AV$16),1,0) -> 0 | AW50: =IF(AND($E50="F",G50=$AV$16),1,0) -> 0 | AX50: =IF(AND($E50="F",H50=$AV$16),1,0) -> 0 | AY50: =IF(AND($E50="F",F50=$AY$16),1,0) -> 0 | AZ50: =IF(AND($E50="F",G50=$AY$16),1,0) -> 0 | BA50: =IF(AND($E50="F",H50=$AY$16),1,0) -> 0 | BB50: =IF(AND($E50="F",F50=$BB$16),1,0) -> 0 | BC50: =IF(AND($E50="F",G50=$BB$16),1,0) -> 0 | BD50: =IF(AND($E50="F",H50=$BB$16),1,0) -> 0 | BE50: =IF(AND($E50="F",F50=$BE$16),1,0) -> 0 | BF50: =IF(AND($E50="F",G50=$BE$16),1,0) -> 0 | BG50: =IF(AND($E50="F",H50=$BE$16),1,0) -> 0 | BH50: =IF(AND($E50="F",F50=$BH$16),1,0) -> 0 | BI50: =IF(AND($E50="F",G50=$BH$16),1,0) -> 0 | BJ50: =IF(AND($E50="F",H50=$BH$16),1,0) -> 0 | BK50: =IF(AND($E50="F",F50=$BK$16),1,0) -> 0 | BL50: =IF(AND($E50="F",G50=$BK$16),1,0) -> 0 | BM50: =IF(AND($E50="F",H50=$BK$16),1,0) -> 0 | BN50: =IF(AND($E50="F",F50=$BN$16),1,0) -> 0 | BO50: =IF(AND($E50="F",G50=$BN$16),1,0) -> 0 | BP50: =IF(AND($E50="F",H50=$BN$16),1,0) -> 0 | BQ50: =IF(AND($E50="F",F50=$BQ$16),1,0) -> 0 | BR50: =IF(AND($E50="F",G50=$BQ$16),1,0) -> 0 | BS50: =IF(AND($E50="F",H50=$BQ$16),1,0) -> 0 | BT50: =IF(AND($E50="F",F50=$BT$16),1,0) -> 0 | BU50: =IF(AND($E50="F",G50=$BT$16),1,0) -> 0 | BV50: =IF(AND($E50="F",H50=$BT$16),1,0) -> 0 | BX50: =IF(AND($E50="M",F50=$BX$16),1,0) -> 0 | BY50: =IF(AND($E50="M",G50=$BX$16),1,0) -> 0 | BZ50: =IF(AND($E50="M",H50=$BX$16),1,0) -> 0 | CA50: =IF(AND($E50="M",F50=$CA$16),1,0) -> 0 | CB50: =IF(AND($E50="M",G50=$CA$16),1,0) -> 0 | CC50: =IF(AND($E50="M",H50=$CA$16),1,0) -> 0 | CD50: =IF(AND($E50="M",F50=$CD$16),1,0) -> 0 | CE50: =IF(AND($E50="M",G50=$CD$16),1,0) -> 0 | CF50: =IF(AND($E50="M",H50=$CD$16),1,0) -> 0 | CG50: =IF(AND($E50="M",F50=$CG$16),1,0) -> 0 | CH50: =IF(AND($E50="M",G50=$CG$16),1,0) -> 0 | CI50: =IF(AND($E50="M",H50=$CG$16),1,0) -> 0 | CJ50: =IF(AND($E50="M",F50=$CJ$16),1,0) -> 0 | CK50: =IF(AND($E50="M",G50=$CJ$16),1,0) -> 0 | CL50: =IF(AND($E50="M",H50=$CJ$16),1,0) -> 0 | CM50: =IF(AND($E50="M",F50=$CM$16),1,0) -> 0 | CN50: =IF(AND($E50="M",G50=$CM$16),1,0) -> 0 | CO50: =IF(AND($E50="M",H50=$CM$16),1,0) -> 0 | CP50: =IF(AND($E50="M",F50=$CP$16),1,0) -> 0 | CQ50: =IF(AND($E50="M",G50=$CP$16),1,0) -> 0 | CR50: =IF(AND($E50="M",H50=$CP$16),1,0) -> 0 | CS50: =IF(AND($E50="M",F50=$CT$16),1,0) -> 0 | CT50: =IF(AND($E50="M",G50=$CT$16),1,0) -> 0 | CU50: =IF(AND($E50="M",H50=$CT$16),1,0) -> 0 | CV50: =IF(AND($E50="M",F50=$CW$16),1,0) -> 0 | CW50: =IF(AND($E50="M",G50=$CW$16),1,0) -> 0 | CX50: =IF(AND($E50="M",H50=$CW$16),1,0) -> 0 | CY50: =IF(AND($E50="M",F50=$CZ$16),1,0) -> 0 | CZ50: =IF(AND($E50="M",G50=$CZ$16),1,0) -> 0 | DA50: =IF(AND($E50="M",H50=$CZ$16),1,0) -> 0 | DB50: =IF(AND($E50="M",F50=$DC$16),1,0) -> 0 | DC50: =IF(AND($E50="M",G50=$DC$16),1,0) -> 0 | DD50: =IF(AND($E50="M",H50=$DC$16),1,0) -> 0 | DE50: =IF(AND($E50="M",F50=$DE$16),1,0) -> 0 | DF50: =IF(AND($E50="M",G50=$DE$16),1,0) -> 0 | DG50: =IF(AND($E50="M",H50=$DE$16),1,0) -> 0
A51: 1 | P51: ASSOCIATION COUREURS DE LOCHES | Q51: 37038 | U51: M | W51: =IF(F51<>"",VLOOKUP(F51,$U$33:$V$48,2,FALSE),0) -> 0 | X51: =IF(G51<>"",VLOOKUP(G51,$U$33:$V$48,2,FALSE),0) -> 0 | Y51: =IF(H51<>"",VLOOKUP(H51,$U$33:$V$48,2,FALSE),0) -> 0 | Z51: =W51+X51+Y51 -> 0 | AA51: =OR($Z51=0,$Z51=10,$Z51=1,$Z51=100,$Z51=11,$Z51=101,$Z51=110,$Z51=111) -> TRUE | AB51: =IF(AA51=TRUE,0,1) -> 0 | AM51: =IF(AND($E51="F",F51=$AM$16),1,0) -> 0 | AN51: =IF(AND($E51="F",G51=$AM$16),1,0) -> 0 | AO51: =IF(AND($E51="F",H51=$AM$16),1,0) -> 0 | AP51: =IF(AND($E51="F",F51=$AP$16),1,0) -> 0 | AQ51: =IF(AND($E51="F",G51=$AP$16),1,0) -> 0 | AR51: =IF(AND($E51="F",H51=$AP$16),1,0) -> 0 | AS51: =IF(AND($E51="F",F51=$AS$16),1,0) -> 0 | AT51: =IF(AND($E51="F",G51=$AS$16),1,0) -> 0 | AU51: =IF(AND($E51="F",H51=$AS$16),1,0) -> 0 | AV51: =IF(AND($E51="F",F51=$AV$16),1,0) -> 0 | AW51: =IF(AND($E51="F",G51=$AV$16),1,0) -> 0 | AX51: =IF(AND($E51="F",H51=$AV$16),1,0) -> 0 | AY51: =IF(AND($E51="F",F51=$AY$16),1,0) -> 0 | AZ51: =IF(AND($E51="F",G51=$AY$16),1,0) -> 0 | BA51: =IF(AND($E51="F",H51=$AY$16),1,0) -> 0 | BB51: =IF(AND($E51="F",F51=$BB$16),1,0) -> 0 | BC51: =IF(AND($E51="F",G51=$BB$16),1,0) -> 0 | BD51: =IF(AND($E51="F",H51=$BB$16),1,0) -> 0 | BE51: =IF(AND($E51="F",F51=$BE$16),1,0) -> 0 | BF51: =IF(AND($E51="F",G51=$BE$16),1,0) -> 0 | BG51: =IF(AND($E51="F",H51=$BE$16),1,0) -> 0 | BH51: =IF(AND($E51="F",F51=$BH$16),1,0) -> 0 | BI51: =IF(AND($E51="F",G51=$BH$16),1,0) -> 0 | BJ51: =IF(AND($E51="F",H51=$BH$16),1,0) -> 0 | BK51: =IF(AND($E51="F",F51=$BK$16),1,0) -> 0 | BL51: =IF(AND($E51="F",G51=$BK$16),1,0) -> 0 | BM51: =IF(AND($E51="F",H51=$BK$16),1,0) -> 0 | BN51: =IF(AND($E51="F",F51=$BN$16),1,0) -> 0 | BO51: =IF(AND($E51="F",G51=$BN$16),1,0) -> 0 | BP51: =IF(AND($E51="F",H51=$BN$16),1,0) -> 0 | BQ51: =IF(AND($E51="F",F51=$BQ$16),1,0) -> 0 | BR51: =IF(AND($E51="F",G51=$BQ$16),1,0) -> 0 | BS51: =IF(AND($E51="F",H51=$BQ$16),1,0) -> 0 | BT51: =IF(AND($E51="F",F51=$BT$16),1,0) -> 0 | BU51: =IF(AND($E51="F",G51=$BT$16),1,0) -> 0 | BV51: =IF(AND($E51="F",H51=$BT$16),1,0) -> 0 | BX51: =IF(AND($E51="M",F51=$BX$16),1,0) -> 0 | BY51: =IF(AND($E51="M",G51=$BX$16),1,0) -> 0 | BZ51: =IF(AND($E51="M",H51=$BX$16),1,0) -> 0 | CA51: =IF(AND($E51="M",F51=$CA$16),1,0) -> 0 | CB51: =IF(AND($E51="M",G51=$CA$16),1,0) -> 0 | CC51: =IF(AND($E51="M",H51=$CA$16),1,0) -> 0 | CD51: =IF(AND($E51="M",F51=$CD$16),1,0) -> 0 | CE51: =IF(AND($E51="M",G51=$CD$16),1,0) -> 0 | CF51: =IF(AND($E51="M",H51=$CD$16),1,0) -> 0 | CG51: =IF(AND($E51="M",F51=$CG$16),1,0) -> 0 | CH51: =IF(AND($E51="M",G51=$CG$16),1,0) -> 0 | CI51: =IF(AND($E51="M",H51=$CG$16),1,0) -> 0 | CJ51: =IF(AND($E51="M",F51=$CJ$16),1,0) -> 0 | CK51: =IF(AND($E51="M",G51=$CJ$16),1,0) -> 0 | CL51: =IF(AND($E51="M",H51=$CJ$16),1,0) -> 0 | CM51: =IF(AND($E51="M",F51=$CM$16),1,0) -> 0 | CN51: =IF(AND($E51="M",G51=$CM$16),1,0) -> 0 | CO51: =IF(AND($E51="M",H51=$CM$16),1,0) -> 0 | CP51: =IF(AND($E51="M",F51=$CP$16),1,0) -> 0 | CQ51: =IF(AND($E51="M",G51=$CP$16),1,0) -> 0 | CR51: =IF(AND($E51="M",H51=$CP$16),1,0) -> 0 | CS51: =IF(AND($E51="M",F51=$CT$16),1,0) -> 0 | CT51: =IF(AND($E51="M",G51=$CT$16),1,0) -> 0 | CU51: =IF(AND($E51="M",H51=$CT$16),1,0) -> 0 | CV51: =IF(AND($E51="M",F51=$CW$16),1,0) -> 0 | CW51: =IF(AND($E51="M",G51=$CW$16),1,0) -> 0 | CX51: =IF(AND($E51="M",H51=$CW$16),1,0) -> 0 | CY51: =IF(AND($E51="M",F51=$CZ$16),1,0) -> 0 | CZ51: =IF(AND($E51="M",G51=$CZ$16),1,0) -> 0 | DA51: =IF(AND($E51="M",H51=$CZ$16),1,0) -> 0 | DB51: =IF(AND($E51="M",F51=$DC$16),1,0) -> 0 | DC51: =IF(AND($E51="M",G51=$DC$16),1,0) -> 0 | DD51: =IF(AND($E51="M",H51=$DC$16),1,0) -> 0 | DE51: =IF(AND($E51="M",F51=$DE$16),1,0) -> 0 | DF51: =IF(AND($E51="M",G51=$DE$16),1,0) -> 0 | DG51: =IF(AND($E51="M",H51=$DE$16),1,0) -> 0
A52: 2 | P52: SAINT PIERRE-MONTLOUIS ATHLE* | Q52: 37039 | W52: =IF(F52<>"",VLOOKUP(F52,$U$33:$V$48,2,FALSE),0) -> 0 | X52: =IF(G52<>"",VLOOKUP(G52,$U$33:$V$48,2,FALSE),0) -> 0 | Y52: =IF(H52<>"",VLOOKUP(H52,$U$33:$V$48,2,FALSE),0) -> 0 | Z52: =W52+X52+Y52 -> 0 | AA52: =OR($Z52=0,$Z52=10,$Z52=1,$Z52=100,$Z52=11,$Z52=101,$Z52=110,$Z52=111) -> TRUE | AB52: =IF(AA52=TRUE,0,1) -> 0 | AM52: =IF(AND($E52="F",F52=$AM$16),1,0) -> 0 | AN52: =IF(AND($E52="F",G52=$AM$16),1,0) -> 0 | AO52: =IF(AND($E52="F",H52=$AM$16),1,0) -> 0 | AP52: =IF(AND($E52="F",F52=$AP$16),1,0) -> 0 | AQ52: =IF(AND($E52="F",G52=$AP$16),1,0) -> 0 | AR52: =IF(AND($E52="F",H52=$AP$16),1,0) -> 0 | AS52: =IF(AND($E52="F",F52=$AS$16),1,0) -> 0 | AT52: =IF(AND($E52="F",G52=$AS$16),1,0) -> 0 | AU52: =IF(AND($E52="F",H52=$AS$16),1,0) -> 0 | AV52: =IF(AND($E52="F",F52=$AV$16),1,0) -> 0 | AW52: =IF(AND($E52="F",G52=$AV$16),1,0) -> 0 | AX52: =IF(AND($E52="F",H52=$AV$16),1,0) -> 0 | AY52: =IF(AND($E52="F",F52=$AY$16),1,0) -> 0 | AZ52: =IF(AND($E52="F",G52=$AY$16),1,0) -> 0 | BA52: =IF(AND($E52="F",H52=$AY$16),1,0) -> 0 | BB52: =IF(AND($E52="F",F52=$BB$16),1,0) -> 0 | BC52: =IF(AND($E52="F",G52=$BB$16),1,0) -> 0 | BD52: =IF(AND($E52="F",H52=$BB$16),1,0) -> 0 | BE52: =IF(AND($E52="F",F52=$BE$16),1,0) -> 0 | BF52: =IF(AND($E52="F",G52=$BE$16),1,0) -> 0 | BG52: =IF(AND($E52="F",H52=$BE$16),1,0) -> 0 | BH52: =IF(AND($E52="F",F52=$BH$16),1,0) -> 0 | BI52: =IF(AND($E52="F",G52=$BH$16),1,0) -> 0 | BJ52: =IF(AND($E52="F",H52=$BH$16),1,0) -> 0 | BK52: =IF(AND($E52="F",F52=$BK$16),1,0) -> 0 | BL52: =IF(AND($E52="F",G52=$BK$16),1,0) -> 0 | BM52: =IF(AND($E52="F",H52=$BK$16),1,0) -> 0 | BN52: =IF(AND($E52="F",F52=$BN$16),1,0) -> 0 | BO52: =IF(AND($E52="F",G52=$BN$16),1,0) -> 0 | BP52: =IF(AND($E52="F",H52=$BN$16),1,0) -> 0 | BQ52: =IF(AND($E52="F",F52=$BQ$16),1,0) -> 0 | BR52: =IF(AND($E52="F",G52=$BQ$16),1,0) -> 0 | BS52: =IF(AND($E52="F",H52=$BQ$16),1,0) -> 0 | BT52: =IF(AND($E52="F",F52=$BT$16),1,0) -> 0 | BU52: =IF(AND($E52="F",G52=$BT$16),1,0) -> 0 | BV52: =IF(AND($E52="F",H52=$BT$16),1,0) -> 0 | BX52: =IF(AND($E52="M",F52=$BX$16),1,0) -> 0 | BY52: =IF(AND($E52="M",G52=$BX$16),1,0) -> 0 | BZ52: =IF(AND($E52="M",H52=$BX$16),1,0) -> 0 | CA52: =IF(AND($E52="M",F52=$CA$16),1,0) -> 0 | CB52: =IF(AND($E52="M",G52=$CA$16),1,0) -> 0 | CC52: =IF(AND($E52="M",H52=$CA$16),1,0) -> 0 | CD52: =IF(AND($E52="M",F52=$CD$16),1,0) -> 0 | CE52: =IF(AND($E52="M",G52=$CD$16),1,0) -> 0 | CF52: =IF(AND($E52="M",H52=$CD$16),1,0) -> 0 | CG52: =IF(AND($E52="M",F52=$CG$16),1,0) -> 0 | CH52: =IF(AND($E52="M",G52=$CG$16),1,0) -> 0 | CI52: =IF(AND($E52="M",H52=$CG$16),1,0) -> 0 | CJ52: =IF(AND($E52="M",F52=$CJ$16),1,0) -> 0 | CK52: =IF(AND($E52="M",G52=$CJ$16),1,0) -> 0 | CL52: =IF(AND($E52="M",H52=$CJ$16),1,0) -> 0 | CM52: =IF(AND($E52="M",F52=$CM$16),1,0) -> 0 | CN52: =IF(AND($E52="M",G52=$CM$16),1,0) -> 0 | CO52: =IF(AND($E52="M",H52=$CM$16),1,0) -> 0 | CP52: =IF(AND($E52="M",F52=$CP$16),1,0) -> 0 | CQ52: =IF(AND($E52="M",G52=$CP$16),1,0) -> 0 | CR52: =IF(AND($E52="M",H52=$CP$16),1,0) -> 0 | CS52: =IF(AND($E52="M",F52=$CT$16),1,0) -> 0 | CT52: =IF(AND($E52="M",G52=$CT$16),1,0) -> 0 | CU52: =IF(AND($E52="M",H52=$CT$16),1,0) -> 0 | CV52: =IF(AND($E52="M",F52=$CW$16),1,0) -> 0 | CW52: =IF(AND($E52="M",G52=$CW$16),1,0) -> 0 | CX52: =IF(AND($E52="M",H52=$CW$16),1,0) -> 0 | CY52: =IF(AND($E52="M",F52=$CZ$16),1,0) -> 0 | CZ52: =IF(AND($E52="M",G52=$CZ$16),1,0) -> 0 | DA52: =IF(AND($E52="M",H52=$CZ$16),1,0) -> 0 | DB52: =IF(AND($E52="M",F52=$DC$16),1,0) -> 0 | DC52: =IF(AND($E52="M",G52=$DC$16),1,0) -> 0 | DD52: =IF(AND($E52="M",H52=$DC$16),1,0) -> 0 | DE52: =IF(AND($E52="M",F52=$DE$16),1,0) -> 0 | DF52: =IF(AND($E52="M",G52=$DE$16),1,0) -> 0 | DG52: =IF(AND($E52="M",H52=$DE$16),1,0) -> 0
A53: 3 | P53: JOUE LES TOURS ATHLETISME | Q53: 37042 | W53: =IF(F53<>"",VLOOKUP(F53,$U$33:$V$48,2,FALSE),0) -> 0 | X53: =IF(G53<>"",VLOOKUP(G53,$U$33:$V$48,2,FALSE),0) -> 0 | Y53: =IF(H53<>"",VLOOKUP(H53,$U$33:$V$48,2,FALSE),0) -> 0 | Z53: =W53+X53+Y53 -> 0 | AA53: =OR($Z53=0,$Z53=10,$Z53=1,$Z53=100,$Z53=11,$Z53=101,$Z53=110,$Z53=111) -> TRUE | AB53: =IF(AA53=TRUE,0,1) -> 0 | AM53: =IF(AND($E53="F",F53=$AM$16),1,0) -> 0 | AN53: =IF(AND($E53="F",G53=$AM$16),1,0) -> 0 | AO53: =IF(AND($E53="F",H53=$AM$16),1,0) -> 0 | AP53: =IF(AND($E53="F",F53=$AP$16),1,0) -> 0 | AQ53: =IF(AND($E53="F",G53=$AP$16),1,0) -> 0 | AR53: =IF(AND($E53="F",H53=$AP$16),1,0) -> 0 | AS53: =IF(AND($E53="F",F53=$AS$16),1,0) -> 0 | AT53: =IF(AND($E53="F",G53=$AS$16),1,0) -> 0 | AU53: =IF(AND($E53="F",H53=$AS$16),1,0) -> 0 | AV53: =IF(AND($E53="F",F53=$AV$16),1,0) -> 0 | AW53: =IF(AND($E53="F",G53=$AV$16),1,0) -> 0 | AX53: =IF(AND($E53="F",H53=$AV$16),1,0) -> 0 | AY53: =IF(AND($E53="F",F53=$AY$16),1,0) -> 0 | AZ53: =IF(AND($E53="F",G53=$AY$16),1,0) -> 0 | BA53: =IF(AND($E53="F",H53=$AY$16),1,0) -> 0 | BB53: =IF(AND($E53="F",F53=$BB$16),1,0) -> 0 | BC53: =IF(AND($E53="F",G53=$BB$16),1,0) -> 0 | BD53: =IF(AND($E53="F",H53=$BB$16),1,0) -> 0 | BE53: =IF(AND($E53="F",F53=$BE$16),1,0) -> 0 | BF53: =IF(AND($E53="F",G53=$BE$16),1,0) -> 0 | BG53: =IF(AND($E53="F",H53=$BE$16),1,0) -> 0 | BH53: =IF(AND($E53="F",F53=$BH$16),1,0) -> 0 | BI53: =IF(AND($E53="F",G53=$BH$16),1,0) -> 0 | BJ53: =IF(AND($E53="F",H53=$BH$16),1,0) -> 0 | BK53: =IF(AND($E53="F",F53=$BK$16),1,0) -> 0 | BL53: =IF(AND($E53="F",G53=$BK$16),1,0) -> 0 | BM53: =IF(AND($E53="F",H53=$BK$16),1,0) -> 0 | BN53: =IF(AND($E53="F",F53=$BN$16),1,0) -> 0 | BO53: =IF(AND($E53="F",G53=$BN$16),1,0) -> 0 | BP53: =IF(AND($E53="F",H53=$BN$16),1,0) -> 0 | BQ53: =IF(AND($E53="F",F53=$BQ$16),1,0) -> 0 | BR53: =IF(AND($E53="F",G53=$BQ$16),1,0) -> 0 | BS53: =IF(AND($E53="F",H53=$BQ$16),1,0) -> 0 | BT53: =IF(AND($E53="F",F53=$BT$16),1,0) -> 0 | BU53: =IF(AND($E53="F",G53=$BT$16),1,0) -> 0 | BV53: =IF(AND($E53="F",H53=$BT$16),1,0) -> 0 | BX53: =IF(AND($E53="M",F53=$BX$16),1,0) -> 0 | BY53: =IF(AND($E53="M",G53=$BX$16),1,0) -> 0 | BZ53: =IF(AND($E53="M",H53=$BX$16),1,0) -> 0 | CA53: =IF(AND($E53="M",F53=$CA$16),1,0) -> 0 | CB53: =IF(AND($E53="M",G53=$CA$16),1,0) -> 0 | CC53: =IF(AND($E53="M",H53=$CA$16),1,0) -> 0 | CD53: =IF(AND($E53="M",F53=$CD$16),1,0) -> 0 | CE53: =IF(AND($E53="M",G53=$CD$16),1,0) -> 0 | CF53: =IF(AND($E53="M",H53=$CD$16),1,0) -> 0 | CG53: =IF(AND($E53="M",F53=$CG$16),1,0) -> 0 | CH53: =IF(AND($E53="M",G53=$CG$16),1,0) -> 0 | CI53: =IF(AND($E53="M",H53=$CG$16),1,0) -> 0 | CJ53: =IF(AND($E53="M",F53=$CJ$16),1,0) -> 0 | CK53: =IF(AND($E53="M",G53=$CJ$16),1,0) -> 0 | CL53: =IF(AND($E53="M",H53=$CJ$16),1,0) -> 0 | CM53: =IF(AND($E53="M",F53=$CM$16),1,0) -> 0 | CN53: =IF(AND($E53="M",G53=$CM$16),1,0) -> 0 | CO53: =IF(AND($E53="M",H53=$CM$16),1,0) -> 0 | CP53: =IF(AND($E53="M",F53=$CP$16),1,0) -> 0 | CQ53: =IF(AND($E53="M",G53=$CP$16),1,0) -> 0 | CR53: =IF(AND($E53="M",H53=$CP$16),1,0) -> 0 | CS53: =IF(AND($E53="M",F53=$CT$16),1,0) -> 0 | CT53: =IF(AND($E53="M",G53=$CT$16),1,0) -> 0 | CU53: =IF(AND($E53="M",H53=$CT$16),1,0) -> 0 | CV53: =IF(AND($E53="M",F53=$CW$16),1,0) -> 0 | CW53: =IF(AND($E53="M",G53=$CW$16),1,0) -> 0 | CX53: =IF(AND($E53="M",H53=$CW$16),1,0) -> 0 | CY53: =IF(AND($E53="M",F53=$CZ$16),1,0) -> 0 | CZ53: =IF(AND($E53="M",G53=$CZ$16),1,0) -> 0 | DA53: =IF(AND($E53="M",H53=$CZ$16),1,0) -> 0 | DB53: =IF(AND($E53="M",F53=$DC$16),1,0) -> 0 | DC53: =IF(AND($E53="M",G53=$DC$16),1,0) -> 0 | DD53: =IF(AND($E53="M",H53=$DC$16),1,0) -> 0 | DE53: =IF(AND($E53="M",F53=$DE$16),1,0) -> 0 | DF53: =IF(AND($E53="M",G53=$DE$16),1,0) -> 0 | DG53: =IF(AND($E53="M",H53=$DE$16),1,0) -> 0
A54: 4 | P54: JOUE RUNNING 37 | Q54: 37043 | U54: 1 | W54: =IF(F54<>"",VLOOKUP(F54,$U$33:$V$48,2,FALSE),0) -> 0 | X54: =IF(G54<>"",VLOOKUP(G54,$U$33:$V$48,2,FALSE),0) -> 0 | Y54: =IF(H54<>"",VLOOKUP(H54,$U$33:$V$48,2,FALSE),0) -> 0 | Z54: =W54+X54+Y54 -> 0 | AA54: =OR($Z54=0,$Z54=10,$Z54=1,$Z54=100,$Z54=11,$Z54=101,$Z54=110,$Z54=111) -> TRUE | AB54: =IF(AA54=TRUE,0,1) -> 0 | AM54: =IF(AND($E54="F",F54=$AM$16),1,0) -> 0 | AN54: =IF(AND($E54="F",G54=$AM$16),1,0) -> 0 | AO54: =IF(AND($E54="F",H54=$AM$16),1,0) -> 0 | AP54: =IF(AND($E54="F",F54=$AP$16),1,0) -> 0 | AQ54: =IF(AND($E54="F",G54=$AP$16),1,0) -> 0 | AR54: =IF(AND($E54="F",H54=$AP$16),1,0) -> 0 | AS54: =IF(AND($E54="F",F54=$AS$16),1,0) -> 0 | AT54: =IF(AND($E54="F",G54=$AS$16),1,0) -> 0 | AU54: =IF(AND($E54="F",H54=$AS$16),1,0) -> 0 | AV54: =IF(AND($E54="F",F54=$AV$16),1,0) -> 0 | AW54: =IF(AND($E54="F",G54=$AV$16),1,0) -> 0 | AX54: =IF(AND($E54="F",H54=$AV$16),1,0) -> 0 | AY54: =IF(AND($E54="F",F54=$AY$16),1,0) -> 0 | AZ54: =IF(AND($E54="F",G54=$AY$16),1,0) -> 0 | BA54: =IF(AND($E54="F",H54=$AY$16),1,0) -> 0 | BB54: =IF(AND($E54="F",F54=$BB$16),1,0) -> 0 | BC54: =IF(AND($E54="F",G54=$BB$16),1,0) -> 0 | BD54: =IF(AND($E54="F",H54=$BB$16),1,0) -> 0 | BE54: =IF(AND($E54="F",F54=$BE$16),1,0) -> 0 | BF54: =IF(AND($E54="F",G54=$BE$16),1,0) -> 0 | BG54: =IF(AND($E54="F",H54=$BE$16),1,0) -> 0 | BH54: =IF(AND($E54="F",F54=$BH$16),1,0) -> 0 | BI54: =IF(AND($E54="F",G54=$BH$16),1,0) -> 0 | BJ54: =IF(AND($E54="F",H54=$BH$16),1,0) -> 0 | BK54: =IF(AND($E54="F",F54=$BK$16),1,0) -> 0 | BL54: =IF(AND($E54="F",G54=$BK$16),1,0) -> 0 | BM54: =IF(AND($E54="F",H54=$BK$16),1,0) -> 0 | BN54: =IF(AND($E54="F",F54=$BN$16),1,0) -> 0 | BO54: =IF(AND($E54="F",G54=$BN$16),1,0) -> 0 | BP54: =IF(AND($E54="F",H54=$BN$16),1,0) -> 0 | BQ54: =IF(AND($E54="F",F54=$BQ$16),1,0) -> 0 | BR54: =IF(AND($E54="F",G54=$BQ$16),1,0) -> 0 | BS54: =IF(AND($E54="F",H54=$BQ$16),1,0) -> 0 | BT54: =IF(AND($E54="F",F54=$BT$16),1,0) -> 0 | BU54: =IF(AND($E54="F",G54=$BT$16),1,0) -> 0 | BV54: =IF(AND($E54="F",H54=$BT$16),1,0) -> 0 | BX54: =IF(AND($E54="M",F54=$BX$16),1,0) -> 0 | BY54: =IF(AND($E54="M",G54=$BX$16),1,0) -> 0 | BZ54: =IF(AND($E54="M",H54=$BX$16),1,0) -> 0 | CA54: =IF(AND($E54="M",F54=$CA$16),1,0) -> 0 | CB54: =IF(AND($E54="M",G54=$CA$16),1,0) -> 0 | CC54: =IF(AND($E54="M",H54=$CA$16),1,0) -> 0 | CD54: =IF(AND($E54="M",F54=$CD$16),1,0) -> 0 | CE54: =IF(AND($E54="M",G54=$CD$16),1,0) -> 0 | CF54: =IF(AND($E54="M",H54=$CD$16),1,0) -> 0 | CG54: =IF(AND($E54="M",F54=$CG$16),1,0) -> 0 | CH54: =IF(AND($E54="M",G54=$CG$16),1,0) -> 0 | CI54: =IF(AND($E54="M",H54=$CG$16),1,0) -> 0 | CJ54: =IF(AND($E54="M",F54=$CJ$16),1,0) -> 0 | CK54: =IF(AND($E54="M",G54=$CJ$16),1,0) -> 0 | CL54: =IF(AND($E54="M",H54=$CJ$16),1,0) -> 0 | CM54: =IF(AND($E54="M",F54=$CM$16),1,0) -> 0 | CN54: =IF(AND($E54="M",G54=$CM$16),1,0) -> 0 | CO54: =IF(AND($E54="M",H54=$CM$16),1,0) -> 0 | CP54: =IF(AND($E54="M",F54=$CP$16),1,0) -> 0 | CQ54: =IF(AND($E54="M",G54=$CP$16),1,0) -> 0 | CR54: =IF(AND($E54="M",H54=$CP$16),1,0) -> 0 | CS54: =IF(AND($E54="M",F54=$CT$16),1,0) -> 0 | CT54: =IF(AND($E54="M",G54=$CT$16),1,0) -> 0 | CU54: =IF(AND($E54="M",H54=$CT$16),1,0) -> 0 | CV54: =IF(AND($E54="M",F54=$CW$16),1,0) -> 0 | CW54: =IF(AND($E54="M",G54=$CW$16),1,0) -> 0 | CX54: =IF(AND($E54="M",H54=$CW$16),1,0) -> 0 | CY54: =IF(AND($E54="M",F54=$CZ$16),1,0) -> 0 | CZ54: =IF(AND($E54="M",G54=$CZ$16),1,0) -> 0 | DA54: =IF(AND($E54="M",H54=$CZ$16),1,0) -> 0 | DB54: =IF(AND($E54="M",F54=$DC$16),1,0) -> 0 | DC54: =IF(AND($E54="M",G54=$DC$16),1,0) -> 0 | DD54: =IF(AND($E54="M",H54=$DC$16),1,0) -> 0 | DE54: =IF(AND($E54="M",F54=$DE$16),1,0) -> 0 | DF54: =IF(AND($E54="M",G54=$DE$16),1,0) -> 0 | DG54: =IF(AND($E54="M",H54=$DE$16),1,0) -> 0
A55: 5 | P55: JOGG'IN TOURS | Q55: 37045 | U55: 2 | W55: =IF(F55<>"",VLOOKUP(F55,$U$33:$V$48,2,FALSE),0) -> 0 | X55: =IF(G55<>"",VLOOKUP(G55,$U$33:$V$48,2,FALSE),0) -> 0 | Y55: =IF(H55<>"",VLOOKUP(H55,$U$33:$V$48,2,FALSE),0) -> 0 | Z55: =W55+X55+Y55 -> 0 | AA55: =OR($Z55=0,$Z55=10,$Z55=1,$Z55=100,$Z55=11,$Z55=101,$Z55=110,$Z55=111) -> TRUE | AB55: =IF(AA55=TRUE,0,1) -> 0 | AM55: =IF(AND($E55="F",F55=$AM$16),1,0) -> 0 | AN55: =IF(AND($E55="F",G55=$AM$16),1,0) -> 0 | AO55: =IF(AND($E55="F",H55=$AM$16),1,0) -> 0 | AP55: =IF(AND($E55="F",F55=$AP$16),1,0) -> 0 | AQ55: =IF(AND($E55="F",G55=$AP$16),1,0) -> 0 | AR55: =IF(AND($E55="F",H55=$AP$16),1,0) -> 0 | AS55: =IF(AND($E55="F",F55=$AS$16),1,0) -> 0 | AT55: =IF(AND($E55="F",G55=$AS$16),1,0) -> 0 | AU55: =IF(AND($E55="F",H55=$AS$16),1,0) -> 0 | AV55: =IF(AND($E55="F",F55=$AV$16),1,0) -> 0 | AW55: =IF(AND($E55="F",G55=$AV$16),1,0) -> 0 | AX55: =IF(AND($E55="F",H55=$AV$16),1,0) -> 0 | AY55: =IF(AND($E55="F",F55=$AY$16),1,0) -> 0 | AZ55: =IF(AND($E55="F",G55=$AY$16),1,0) -> 0 | BA55: =IF(AND($E55="F",H55=$AY$16),1,0) -> 0 | BB55: =IF(AND($E55="F",F55=$BB$16),1,0) -> 0 | BC55: =IF(AND($E55="F",G55=$BB$16),1,0) -> 0 | BD55: =IF(AND($E55="F",H55=$BB$16),1,0) -> 0 | BE55: =IF(AND($E55="F",F55=$BE$16),1,0) -> 0 | BF55: =IF(AND($E55="F",G55=$BE$16),1,0) -> 0 | BG55: =IF(AND($E55="F",H55=$BE$16),1,0) -> 0 | BH55: =IF(AND($E55="F",F55=$BH$16),1,0) -> 0 | BI55: =IF(AND($E55="F",G55=$BH$16),1,0) -> 0 | BJ55: =IF(AND($E55="F",H55=$BH$16),1,0) -> 0 | BK55: =IF(AND($E55="F",F55=$BK$16),1,0) -> 0 | BL55: =IF(AND($E55="F",G55=$BK$16),1,0) -> 0 | BM55: =IF(AND($E55="F",H55=$BK$16),1,0) -> 0 | BN55: =IF(AND($E55="F",F55=$BN$16),1,0) -> 0 | BO55: =IF(AND($E55="F",G55=$BN$16),1,0) -> 0 | BP55: =IF(AND($E55="F",H55=$BN$16),1,0) -> 0 | BQ55: =IF(AND($E55="F",F55=$BQ$16),1,0) -> 0 | BR55: =IF(AND($E55="F",G55=$BQ$16),1,0) -> 0 | BS55: =IF(AND($E55="F",H55=$BQ$16),1,0) -> 0 | BT55: =IF(AND($E55="F",F55=$BT$16),1,0) -> 0 | BU55: =IF(AND($E55="F",G55=$BT$16),1,0) -> 0 | BV55: =IF(AND($E55="F",H55=$BT$16),1,0) -> 0 | BX55: =IF(AND($E55="M",F55=$BX$16),1,0) -> 0 | BY55: =IF(AND($E55="M",G55=$BX$16),1,0) -> 0 | BZ55: =IF(AND($E55="M",H55=$BX$16),1,0) -> 0 | CA55: =IF(AND($E55="M",F55=$CA$16),1,0) -> 0 | CB55: =IF(AND($E55="M",G55=$CA$16),1,0) -> 0 | CC55: =IF(AND($E55="M",H55=$CA$16),1,0) -> 0 | CD55: =IF(AND($E55="M",F55=$CD$16),1,0) -> 0 | CE55: =IF(AND($E55="M",G55=$CD$16),1,0) -> 0 | CF55: =IF(AND($E55="M",H55=$CD$16),1,0) -> 0 | CG55: =IF(AND($E55="M",F55=$CG$16),1,0) -> 0 | CH55: =IF(AND($E55="M",G55=$CG$16),1,0) -> 0 | CI55: =IF(AND($E55="M",H55=$CG$16),1,0) -> 0 | CJ55: =IF(AND($E55="M",F55=$CJ$16),1,0) -> 0 | CK55: =IF(AND($E55="M",G55=$CJ$16),1,0) -> 0 | CL55: =IF(AND($E55="M",H55=$CJ$16),1,0) -> 0 | CM55: =IF(AND($E55="M",F55=$CM$16),1,0) -> 0 | CN55: =IF(AND($E55="M",G55=$CM$16),1,0) -> 0 | CO55: =IF(AND($E55="M",H55=$CM$16),1,0) -> 0 | CP55: =IF(AND($E55="M",F55=$CP$16),1,0) -> 0 | CQ55: =IF(AND($E55="M",G55=$CP$16),1,0) -> 0 | CR55: =IF(AND($E55="M",H55=$CP$16),1,0) -> 0 | CS55: =IF(AND($E55="M",F55=$CT$16),1,0) -> 0 | CT55: =IF(AND($E55="M",G55=$CT$16),1,0) -> 0 | CU55: =IF(AND($E55="M",H55=$CT$16),1,0) -> 0 | CV55: =IF(AND($E55="M",F55=$CW$16),1,0) -> 0 | CW55: =IF(AND($E55="M",G55=$CW$16),1,0) -> 0 | CX55: =IF(AND($E55="M",H55=$CW$16),1,0) -> 0 | CY55: =IF(AND($E55="M",F55=$CZ$16),1,0) -> 0 | CZ55: =IF(AND($E55="M",G55=$CZ$16),1,0) -> 0 | DA55: =IF(AND($E55="M",H55=$CZ$16),1,0) -> 0 | DB55: =IF(AND($E55="M",F55=$DC$16),1,0) -> 0 | DC55: =IF(AND($E55="M",G55=$DC$16),1,0) -> 0 | DD55: =IF(AND($E55="M",H55=$DC$16),1,0) -> 0 | DE55: =IF(AND($E55="M",F55=$DE$16),1,0) -> 0 | DF55: =IF(AND($E55="M",G55=$DE$16),1,0) -> 0 | DG55: =IF(AND($E55="M",H55=$DE$16),1,0) -> 0
A56: 6 | P56: NOUZILLY ATHLETISME | Q56: 37047 | U56: 3 | W56: =IF(F56<>"",VLOOKUP(F56,$U$33:$V$48,2,FALSE),0) -> 0 | X56: =IF(G56<>"",VLOOKUP(G56,$U$33:$V$48,2,FALSE),0) -> 0 | Y56: =IF(H56<>"",VLOOKUP(H56,$U$33:$V$48,2,FALSE),0) -> 0 | Z56: =W56+X56+Y56 -> 0 | AA56: =OR($Z56=0,$Z56=10,$Z56=1,$Z56=100,$Z56=11,$Z56=101,$Z56=110,$Z56=111) -> TRUE | AB56: =IF(AA56=TRUE,0,1) -> 0 | AM56: =IF(AND($E56="F",F56=$AM$16),1,0) -> 0 | AN56: =IF(AND($E56="F",G56=$AM$16),1,0) -> 0 | AO56: =IF(AND($E56="F",H56=$AM$16),1,0) -> 0 | AP56: =IF(AND($E56="F",F56=$AP$16),1,0) -> 0 | AQ56: =IF(AND($E56="F",G56=$AP$16),1,0) -> 0 | AR56: =IF(AND($E56="F",H56=$AP$16),1,0) -> 0 | AS56: =IF(AND($E56="F",F56=$AS$16),1,0) -> 0 | AT56: =IF(AND($E56="F",G56=$AS$16),1,0) -> 0 | AU56: =IF(AND($E56="F",H56=$AS$16),1,0) -> 0 | AV56: =IF(AND($E56="F",F56=$AV$16),1,0) -> 0 | AW56: =IF(AND($E56="F",G56=$AV$16),1,0) -> 0 | AX56: =IF(AND($E56="F",H56=$AV$16),1,0) -> 0 | AY56: =IF(AND($E56="F",F56=$AY$16),1,0) -> 0 | AZ56: =IF(AND($E56="F",G56=$AY$16),1,0) -> 0 | BA56: =IF(AND($E56="F",H56=$AY$16),1,0) -> 0 | BB56: =IF(AND($E56="F",F56=$BB$16),1,0) -> 0 | BC56: =IF(AND($E56="F",G56=$BB$16),1,0) -> 0 | BD56: =IF(AND($E56="F",H56=$BB$16),1,0) -> 0 | BE56: =IF(AND($E56="F",F56=$BE$16),1,0) -> 0 | BF56: =IF(AND($E56="F",G56=$BE$16),1,0) -> 0 | BG56: =IF(AND($E56="F",H56=$BE$16),1,0) -> 0 | BH56: =IF(AND($E56="F",F56=$BH$16),1,0) -> 0 | BI56: =IF(AND($E56="F",G56=$BH$16),1,0) -> 0 | BJ56: =IF(AND($E56="F",H56=$BH$16),1,0) -> 0 | BK56: =IF(AND($E56="F",F56=$BK$16),1,0) -> 0 | BL56: =IF(AND($E56="F",G56=$BK$16),1,0) -> 0 | BM56: =IF(AND($E56="F",H56=$BK$16),1,0) -> 0 | BN56: =IF(AND($E56="F",F56=$BN$16),1,0) -> 0 | BO56: =IF(AND($E56="F",G56=$BN$16),1,0) -> 0 | BP56: =IF(AND($E56="F",H56=$BN$16),1,0) -> 0 | BQ56: =IF(AND($E56="F",F56=$BQ$16),1,0) -> 0 | BR56: =IF(AND($E56="F",G56=$BQ$16),1,0) -> 0 | BS56: =IF(AND($E56="F",H56=$BQ$16),1,0) -> 0 | BT56: =IF(AND($E56="F",F56=$BT$16),1,0) -> 0 | BU56: =IF(AND($E56="F",G56=$BT$16),1,0) -> 0 | BV56: =IF(AND($E56="F",H56=$BT$16),1,0) -> 0 | BX56: =IF(AND($E56="M",F56=$BX$16),1,0) -> 0 | BY56: =IF(AND($E56="M",G56=$BX$16),1,0) -> 0 | BZ56: =IF(AND($E56="M",H56=$BX$16),1,0) -> 0 | CA56: =IF(AND($E56="M",F56=$CA$16),1,0) -> 0 | CB56: =IF(AND($E56="M",G56=$CA$16),1,0) -> 0 | CC56: =IF(AND($E56="M",H56=$CA$16),1,0) -> 0 | CD56: =IF(AND($E56="M",F56=$CD$16),1,0) -> 0 | CE56: =IF(AND($E56="M",G56=$CD$16),1,0) -> 0 | CF56: =IF(AND($E56="M",H56=$CD$16),1,0) -> 0 | CG56: =IF(AND($E56="M",F56=$CG$16),1,0) -> 0 | CH56: =IF(AND($E56="M",G56=$CG$16),1,0) -> 0 | CI56: =IF(AND($E56="M",H56=$CG$16),1,0) -> 0 | CJ56: =IF(AND($E56="M",F56=$CJ$16),1,0) -> 0 | CK56: =IF(AND($E56="M",G56=$CJ$16),1,0) -> 0 | CL56: =IF(AND($E56="M",H56=$CJ$16),1,0) -> 0 | CM56: =IF(AND($E56="M",F56=$CM$16),1,0) -> 0 | CN56: =IF(AND($E56="M",G56=$CM$16),1,0) -> 0 | CO56: =IF(AND($E56="M",H56=$CM$16),1,0) -> 0 | CP56: =IF(AND($E56="M",F56=$CP$16),1,0) -> 0 | CQ56: =IF(AND($E56="M",G56=$CP$16),1,0) -> 0 | CR56: =IF(AND($E56="M",H56=$CP$16),1,0) -> 0 | CS56: =IF(AND($E56="M",F56=$CT$16),1,0) -> 0 | CT56: =IF(AND($E56="M",G56=$CT$16),1,0) -> 0 | CU56: =IF(AND($E56="M",H56=$CT$16),1,0) -> 0 | CV56: =IF(AND($E56="M",F56=$CW$16),1,0) -> 0 | CW56: =IF(AND($E56="M",G56=$CW$16),1,0) -> 0 | CX56: =IF(AND($E56="M",H56=$CW$16),1,0) -> 0 | CY56: =IF(AND($E56="M",F56=$CZ$16),1,0) -> 0 | CZ56: =IF(AND($E56="M",G56=$CZ$16),1,0) -> 0 | DA56: =IF(AND($E56="M",H56=$CZ$16),1,0) -> 0 | DB56: =IF(AND($E56="M",F56=$DC$16),1,0) -> 0 | DC56: =IF(AND($E56="M",G56=$DC$16),1,0) -> 0 | DD56: =IF(AND($E56="M",H56=$DC$16),1,0) -> 0 | DE56: =IF(AND($E56="M",F56=$DE$16),1,0) -> 0 | DF56: =IF(AND($E56="M",G56=$DE$16),1,0) -> 0 | DG56: =IF(AND($E56="M",H56=$DE$16),1,0) -> 0
A57: 7 | P57: SUD TOURAINE LIGUEIL ATHLETISM | Q57: 37048 | U57: 4 | W57: =IF(F57<>"",VLOOKUP(F57,$U$33:$V$48,2,FALSE),0) -> 0 | X57: =IF(G57<>"",VLOOKUP(G57,$U$33:$V$48,2,FALSE),0) -> 0 | Y57: =IF(H57<>"",VLOOKUP(H57,$U$33:$V$48,2,FALSE),0) -> 0 | Z57: =W57+X57+Y57 -> 0 | AA57: =OR($Z57=0,$Z57=10,$Z57=1,$Z57=100,$Z57=11,$Z57=101,$Z57=110,$Z57=111) -> TRUE | AB57: =IF(AA57=TRUE,0,1) -> 0 | AM57: =IF(AND($E57="F",F57=$AM$16),1,0) -> 0 | AN57: =IF(AND($E57="F",G57=$AM$16),1,0) -> 0 | AO57: =IF(AND($E57="F",H57=$AM$16),1,0) -> 0 | AP57: =IF(AND($E57="F",F57=$AP$16),1,0) -> 0 | AQ57: =IF(AND($E57="F",G57=$AP$16),1,0) -> 0 | AR57: =IF(AND($E57="F",H57=$AP$16),1,0) -> 0 | AS57: =IF(AND($E57="F",F57=$AS$16),1,0) -> 0 | AT57: =IF(AND($E57="F",G57=$AS$16),1,0) -> 0 | AU57: =IF(AND($E57="F",H57=$AS$16),1,0) -> 0 | AV57: =IF(AND($E57="F",F57=$AV$16),1,0) -> 0 | AW57: =IF(AND($E57="F",G57=$AV$16),1,0) -> 0 | AX57: =IF(AND($E57="F",H57=$AV$16),1,0) -> 0 | AY57: =IF(AND($E57="F",F57=$AY$16),1,0) -> 0 | AZ57: =IF(AND($E57="F",G57=$AY$16),1,0) -> 0 | BA57: =IF(AND($E57="F",H57=$AY$16),1,0) -> 0 | BB57: =IF(AND($E57="F",F57=$BB$16),1,0) -> 0 | BC57: =IF(AND($E57="F",G57=$BB$16),1,0) -> 0 | BD57: =IF(AND($E57="F",H57=$BB$16),1,0) -> 0 | BE57: =IF(AND($E57="F",F57=$BE$16),1,0) -> 0 | BF57: =IF(AND($E57="F",G57=$BE$16),1,0) -> 0 | BG57: =IF(AND($E57="F",H57=$BE$16),1,0) -> 0 | BH57: =IF(AND($E57="F",F57=$BH$16),1,0) -> 0 | BI57: =IF(AND($E57="F",G57=$BH$16),1,0) -> 0 | BJ57: =IF(AND($E57="F",H57=$BH$16),1,0) -> 0 | BK57: =IF(AND($E57="F",F57=$BK$16),1,0) -> 0 | BL57: =IF(AND($E57="F",G57=$BK$16),1,0) -> 0 | BM57: =IF(AND($E57="F",H57=$BK$16),1,0) -> 0 | BN57: =IF(AND($E57="F",F57=$BN$16),1,0) -> 0 | BO57: =IF(AND($E57="F",G57=$BN$16),1,0) -> 0 | BP57: =IF(AND($E57="F",H57=$BN$16),1,0) -> 0 | BQ57: =IF(AND($E57="F",F57=$BQ$16),1,0) -> 0 | BR57: =IF(AND($E57="F",G57=$BQ$16),1,0) -> 0 | BS57: =IF(AND($E57="F",H57=$BQ$16),1,0) -> 0 | BT57: =IF(AND($E57="F",F57=$BT$16),1,0) -> 0 | BU57: =IF(AND($E57="F",G57=$BT$16),1,0) -> 0 | BV57: =IF(AND($E57="F",H57=$BT$16),1,0) -> 0 | BX57: =IF(AND($E57="M",F57=$BX$16),1,0) -> 0 | BY57: =IF(AND($E57="M",G57=$BX$16),1,0) -> 0 | BZ57: =IF(AND($E57="M",H57=$BX$16),1,0) -> 0 | CA57: =IF(AND($E57="M",F57=$CA$16),1,0) -> 0 | CB57: =IF(AND($E57="M",G57=$CA$16),1,0) -> 0 | CC57: =IF(AND($E57="M",H57=$CA$16),1,0) -> 0 | CD57: =IF(AND($E57="M",F57=$CD$16),1,0) -> 0 | CE57: =IF(AND($E57="M",G57=$CD$16),1,0) -> 0 | CF57: =IF(AND($E57="M",H57=$CD$16),1,0) -> 0 | CG57: =IF(AND($E57="M",F57=$CG$16),1,0) -> 0 | CH57: =IF(AND($E57="M",G57=$CG$16),1,0) -> 0 | CI57: =IF(AND($E57="M",H57=$CG$16),1,0) -> 0 | CJ57: =IF(AND($E57="M",F57=$CJ$16),1,0) -> 0 | CK57: =IF(AND($E57="M",G57=$CJ$16),1,0) -> 0 | CL57: =IF(AND($E57="M",H57=$CJ$16),1,0) -> 0 | CM57: =IF(AND($E57="M",F57=$CM$16),1,0) -> 0 | CN57: =IF(AND($E57="M",G57=$CM$16),1,0) -> 0 | CO57: =IF(AND($E57="M",H57=$CM$16),1,0) -> 0 | CP57: =IF(AND($E57="M",F57=$CP$16),1,0) -> 0 | CQ57: =IF(AND($E57="M",G57=$CP$16),1,0) -> 0 | CR57: =IF(AND($E57="M",H57=$CP$16),1,0) -> 0 | CS57: =IF(AND($E57="M",F57=$CT$16),1,0) -> 0 | CT57: =IF(AND($E57="M",G57=$CT$16),1,0) -> 0 | CU57: =IF(AND($E57="M",H57=$CT$16),1,0) -> 0 | CV57: =IF(AND($E57="M",F57=$CW$16),1,0) -> 0 | CW57: =IF(AND($E57="M",G57=$CW$16),1,0) -> 0 | CX57: =IF(AND($E57="M",H57=$CW$16),1,0) -> 0 | CY57: =IF(AND($E57="M",F57=$CZ$16),1,0) -> 0 | CZ57: =IF(AND($E57="M",G57=$CZ$16),1,0) -> 0 | DA57: =IF(AND($E57="M",H57=$CZ$16),1,0) -> 0 | DB57: =IF(AND($E57="M",F57=$DC$16),1,0) -> 0 | DC57: =IF(AND($E57="M",G57=$DC$16),1,0) -> 0 | DD57: =IF(AND($E57="M",H57=$DC$16),1,0) -> 0 | DE57: =IF(AND($E57="M",F57=$DE$16),1,0) -> 0 | DF57: =IF(AND($E57="M",G57=$DE$16),1,0) -> 0 | DG57: =IF(AND($E57="M",H57=$DE$16),1,0) -> 0
A58: 8 | P58: AJ BLOIS-ONZAIN | Q58: 41003 | W58: =IF(F58<>"",VLOOKUP(F58,$U$33:$V$48,2,FALSE),0) -> 0 | X58: =IF(G58<>"",VLOOKUP(G58,$U$33:$V$48,2,FALSE),0) -> 0 | Y58: =IF(H58<>"",VLOOKUP(H58,$U$33:$V$48,2,FALSE),0) -> 0 | Z58: =W58+X58+Y58 -> 0 | AA58: =OR($Z58=0,$Z58=10,$Z58=1,$Z58=100,$Z58=11,$Z58=101,$Z58=110,$Z58=111) -> TRUE | AB58: =IF(AA58=TRUE,0,1) -> 0 | AM58: =IF(AND($E58="F",F58=$AM$16),1,0) -> 0 | AN58: =IF(AND($E58="F",G58=$AM$16),1,0) -> 0 | AO58: =IF(AND($E58="F",H58=$AM$16),1,0) -> 0 | AP58: =IF(AND($E58="F",F58=$AP$16),1,0) -> 0 | AQ58: =IF(AND($E58="F",G58=$AP$16),1,0) -> 0 | AR58: =IF(AND($E58="F",H58=$AP$16),1,0) -> 0 | AS58: =IF(AND($E58="F",F58=$AS$16),1,0) -> 0 | AT58: =IF(AND($E58="F",G58=$AS$16),1,0) -> 0 | AU58: =IF(AND($E58="F",H58=$AS$16),1,0) -> 0 | AV58: =IF(AND($E58="F",F58=$AV$16),1,0) -> 0 | AW58: =IF(AND($E58="F",G58=$AV$16),1,0) -> 0 | AX58: =IF(AND($E58="F",H58=$AV$16),1,0) -> 0 | AY58: =IF(AND($E58="F",F58=$AY$16),1,0) -> 0 | AZ58: =IF(AND($E58="F",G58=$AY$16),1,0) -> 0 | BA58: =IF(AND($E58="F",H58=$AY$16),1,0) -> 0 | BB58: =IF(AND($E58="F",F58=$BB$16),1,0) -> 0 | BC58: =IF(AND($E58="F",G58=$BB$16),1,0) -> 0 | BD58: =IF(AND($E58="F",H58=$BB$16),1,0) -> 0 | BE58: =IF(AND($E58="F",F58=$BE$16),1,0) -> 0 | BF58: =IF(AND($E58="F",G58=$BE$16),1,0) -> 0 | BG58: =IF(AND($E58="F",H58=$BE$16),1,0) -> 0 | BH58: =IF(AND($E58="F",F58=$BH$16),1,0) -> 0 | BI58: =IF(AND($E58="F",G58=$BH$16),1,0) -> 0 | BJ58: =IF(AND($E58="F",H58=$BH$16),1,0) -> 0 | BK58: =IF(AND($E58="F",F58=$BK$16),1,0) -> 0 | BL58: =IF(AND($E58="F",G58=$BK$16),1,0) -> 0 | BM58: =IF(AND($E58="F",H58=$BK$16),1,0) -> 0 | BN58: =IF(AND($E58="F",F58=$BN$16),1,0) -> 0 | BO58: =IF(AND($E58="F",G58=$BN$16),1,0) -> 0 | BP58: =IF(AND($E58="F",H58=$BN$16),1,0) -> 0 | BQ58: =IF(AND($E58="F",F58=$BQ$16),1,0) -> 0 | BR58: =IF(AND($E58="F",G58=$BQ$16),1,0) -> 0 | BS58: =IF(AND($E58="F",H58=$BQ$16),1,0) -> 0 | BT58: =IF(AND($E58="F",F58=$BT$16),1,0) -> 0 | BU58: =IF(AND($E58="F",G58=$BT$16),1,0) -> 0 | BV58: =IF(AND($E58="F",H58=$BT$16),1,0) -> 0 | BX58: =IF(AND($E58="M",F58=$BX$16),1,0) -> 0 | BY58: =IF(AND($E58="M",G58=$BX$16),1,0) -> 0 | BZ58: =IF(AND($E58="M",H58=$BX$16),1,0) -> 0 | CA58: =IF(AND($E58="M",F58=$CA$16),1,0) -> 0 | CB58: =IF(AND($E58="M",G58=$CA$16),1,0) -> 0 | CC58: =IF(AND($E58="M",H58=$CA$16),1,0) -> 0 | CD58: =IF(AND($E58="M",F58=$CD$16),1,0) -> 0 | CE58: =IF(AND($E58="M",G58=$CD$16),1,0) -> 0 | CF58: =IF(AND($E58="M",H58=$CD$16),1,0) -> 0 | CG58: =IF(AND($E58="M",F58=$CG$16),1,0) -> 0 | CH58: =IF(AND($E58="M",G58=$CG$16),1,0) -> 0 | CI58: =IF(AND($E58="M",H58=$CG$16),1,0) -> 0 | CJ58: =IF(AND($E58="M",F58=$CJ$16),1,0) -> 0 | CK58: =IF(AND($E58="M",G58=$CJ$16),1,0) -> 0 | CL58: =IF(AND($E58="M",H58=$CJ$16),1,0) -> 0 | CM58: =IF(AND($E58="M",F58=$CM$16),1,0) -> 0 | CN58: =IF(AND($E58="M",G58=$CM$16),1,0) -> 0 | CO58: =IF(AND($E58="M",H58=$CM$16),1,0) -> 0 | CP58: =IF(AND($E58="M",F58=$CP$16),1,0) -> 0 | CQ58: =IF(AND($E58="M",G58=$CP$16),1,0) -> 0 | CR58: =IF(AND($E58="M",H58=$CP$16),1,0) -> 0 | CS58: =IF(AND($E58="M",F58=$CT$16),1,0) -> 0 | CT58: =IF(AND($E58="M",G58=$CT$16),1,0) -> 0 | CU58: =IF(AND($E58="M",H58=$CT$16),1,0) -> 0 | CV58: =IF(AND($E58="M",F58=$CW$16),1,0) -> 0 | CW58: =IF(AND($E58="M",G58=$CW$16),1,0) -> 0 | CX58: =IF(AND($E58="M",H58=$CW$16),1,0) -> 0 | CY58: =IF(AND($E58="M",F58=$CZ$16),1,0) -> 0 | CZ58: =IF(AND($E58="M",G58=$CZ$16),1,0) -> 0 | DA58: =IF(AND($E58="M",H58=$CZ$16),1,0) -> 0 | DB58: =IF(AND($E58="M",F58=$DC$16),1,0) -> 0 | DC58: =IF(AND($E58="M",G58=$DC$16),1,0) -> 0 | DD58: =IF(AND($E58="M",H58=$DC$16),1,0) -> 0 | DE58: =IF(AND($E58="M",F58=$DE$16),1,0) -> 0 | DF58: =IF(AND($E58="M",G58=$DE$16),1,0) -> 0 | DG58: =IF(AND($E58="M",H58=$DE$16),1,0) -> 0
A59: 9 | P59: AC ROMORANTIN | Q59: 41006 | W59: =IF(F59<>"",VLOOKUP(F59,$U$33:$V$48,2,FALSE),0) -> 0 | X59: =IF(G59<>"",VLOOKUP(G59,$U$33:$V$48,2,FALSE),0) -> 0 | Y59: =IF(H59<>"",VLOOKUP(H59,$U$33:$V$48,2,FALSE),0) -> 0 | Z59: =W59+X59+Y59 -> 0 | AA59: =OR($Z59=0,$Z59=10,$Z59=1,$Z59=100,$Z59=11,$Z59=101,$Z59=110,$Z59=111) -> TRUE | AB59: =IF(AA59=TRUE,0,1) -> 0 | AM59: =IF(AND($E59="F",F59=$AM$16),1,0) -> 0 | AN59: =IF(AND($E59="F",G59=$AM$16),1,0) -> 0 | AO59: =IF(AND($E59="F",H59=$AM$16),1,0) -> 0 | AP59: =IF(AND($E59="F",F59=$AP$16),1,0) -> 0 | AQ59: =IF(AND($E59="F",G59=$AP$16),1,0) -> 0 | AR59: =IF(AND($E59="F",H59=$AP$16),1,0) -> 0 | AS59: =IF(AND($E59="F",F59=$AS$16),1,0) -> 0 | AT59: =IF(AND($E59="F",G59=$AS$16),1,0) -> 0 | AU59: =IF(AND($E59="F",H59=$AS$16),1,0) -> 0 | AV59: =IF(AND($E59="F",F59=$AV$16),1,0) -> 0 | AW59: =IF(AND($E59="F",G59=$AV$16),1,0) -> 0 | AX59: =IF(AND($E59="F",H59=$AV$16),1,0) -> 0 | AY59: =IF(AND($E59="F",F59=$AY$16),1,0) -> 0 | AZ59: =IF(AND($E59="F",G59=$AY$16),1,0) -> 0 | BA59: =IF(AND($E59="F",H59=$AY$16),1,0) -> 0 | BB59: =IF(AND($E59="F",F59=$BB$16),1,0) -> 0 | BC59: =IF(AND($E59="F",G59=$BB$16),1,0) -> 0 | BD59: =IF(AND($E59="F",H59=$BB$16),1,0) -> 0 | BE59: =IF(AND($E59="F",F59=$BE$16),1,0) -> 0 | BF59: =IF(AND($E59="F",G59=$BE$16),1,0) -> 0 | BG59: =IF(AND($E59="F",H59=$BE$16),1,0) -> 0 | BH59: =IF(AND($E59="F",F59=$BH$16),1,0) -> 0 | BI59: =IF(AND($E59="F",G59=$BH$16),1,0) -> 0 | BJ59: =IF(AND($E59="F",H59=$BH$16),1,0) -> 0 | BK59: =IF(AND($E59="F",F59=$BK$16),1,0) -> 0 | BL59: =IF(AND($E59="F",G59=$BK$16),1,0) -> 0 | BM59: =IF(AND($E59="F",H59=$BK$16),1,0) -> 0 | BN59: =IF(AND($E59="F",F59=$BN$16),1,0) -> 0 | BO59: =IF(AND($E59="F",G59=$BN$16),1,0) -> 0 | BP59: =IF(AND($E59="F",H59=$BN$16),1,0) -> 0 | BQ59: =IF(AND($E59="F",F59=$BQ$16),1,0) -> 0 | BR59: =IF(AND($E59="F",G59=$BQ$16),1,0) -> 0 | BS59: =IF(AND($E59="F",H59=$BQ$16),1,0) -> 0 | BT59: =IF(AND($E59="F",F59=$BT$16),1,0) -> 0 | BU59: =IF(AND($E59="F",G59=$BT$16),1,0) -> 0 | BV59: =IF(AND($E59="F",H59=$BT$16),1,0) -> 0 | BX59: =IF(AND($E59="M",F59=$BX$16),1,0) -> 0 | BY59: =IF(AND($E59="M",G59=$BX$16),1,0) -> 0 | BZ59: =IF(AND($E59="M",H59=$BX$16),1,0) -> 0 | CA59: =IF(AND($E59="M",F59=$CA$16),1,0) -> 0 | CB59: =IF(AND($E59="M",G59=$CA$16),1,0) -> 0 | CC59: =IF(AND($E59="M",H59=$CA$16),1,0) -> 0 | CD59: =IF(AND($E59="M",F59=$CD$16),1,0) -> 0 | CE59: =IF(AND($E59="M",G59=$CD$16),1,0) -> 0 | CF59: =IF(AND($E59="M",H59=$CD$16),1,0) -> 0 | CG59: =IF(AND($E59="M",F59=$CG$16),1,0) -> 0 | CH59: =IF(AND($E59="M",G59=$CG$16),1,0) -> 0 | CI59: =IF(AND($E59="M",H59=$CG$16),1,0) -> 0 | CJ59: =IF(AND($E59="M",F59=$CJ$16),1,0) -> 0 | CK59: =IF(AND($E59="M",G59=$CJ$16),1,0) -> 0 | CL59: =IF(AND($E59="M",H59=$CJ$16),1,0) -> 0 | CM59: =IF(AND($E59="M",F59=$CM$16),1,0) -> 0 | CN59: =IF(AND($E59="M",G59=$CM$16),1,0) -> 0 | CO59: =IF(AND($E59="M",H59=$CM$16),1,0) -> 0 | CP59: =IF(AND($E59="M",F59=$CP$16),1,0) -> 0 | CQ59: =IF(AND($E59="M",G59=$CP$16),1,0) -> 0 | CR59: =IF(AND($E59="M",H59=$CP$16),1,0) -> 0 | CS59: =IF(AND($E59="M",F59=$CT$16),1,0) -> 0 | CT59: =IF(AND($E59="M",G59=$CT$16),1,0) -> 0 | CU59: =IF(AND($E59="M",H59=$CT$16),1,0) -> 0 | CV59: =IF(AND($E59="M",F59=$CW$16),1,0) -> 0 | CW59: =IF(AND($E59="M",G59=$CW$16),1,0) -> 0 | CX59: =IF(AND($E59="M",H59=$CW$16),1,0) -> 0 | CY59: =IF(AND($E59="M",F59=$CZ$16),1,0) -> 0 | CZ59: =IF(AND($E59="M",G59=$CZ$16),1,0) -> 0 | DA59: =IF(AND($E59="M",H59=$CZ$16),1,0) -> 0 | DB59: =IF(AND($E59="M",F59=$DC$16),1,0) -> 0 | DC59: =IF(AND($E59="M",G59=$DC$16),1,0) -> 0 | DD59: =IF(AND($E59="M",H59=$DC$16),1,0) -> 0 | DE59: =IF(AND($E59="M",F59=$DE$16),1,0) -> 0 | DF59: =IF(AND($E59="M",G59=$DE$16),1,0) -> 0 | DG59: =IF(AND($E59="M",H59=$DE$16),1,0) -> 0
A60: 10 | P60: VINEUIL SPORTS | Q60: 41012 | W60: =IF(F60<>"",VLOOKUP(F60,$U$33:$V$48,2,FALSE),0) -> 0 | X60: =IF(G60<>"",VLOOKUP(G60,$U$33:$V$48,2,FALSE),0) -> 0 | Y60: =IF(H60<>"",VLOOKUP(H60,$U$33:$V$48,2,FALSE),0) -> 0 | Z60: =W60+X60+Y60 -> 0 | AA60: =OR($Z60=0,$Z60=10,$Z60=1,$Z60=100,$Z60=11,$Z60=101,$Z60=110,$Z60=111) -> TRUE | AB60: =IF(AA60=TRUE,0,1) -> 0 | AM60: =IF(AND($E60="F",F60=$AM$16),1,0) -> 0 | AN60: =IF(AND($E60="F",G60=$AM$16),1,0) -> 0 | AO60: =IF(AND($E60="F",H60=$AM$16),1,0) -> 0 | AP60: =IF(AND($E60="F",F60=$AP$16),1,0) -> 0 | AQ60: =IF(AND($E60="F",G60=$AP$16),1,0) -> 0 | AR60: =IF(AND($E60="F",H60=$AP$16),1,0) -> 0 | AS60: =IF(AND($E60="F",F60=$AS$16),1,0) -> 0 | AT60: =IF(AND($E60="F",G60=$AS$16),1,0) -> 0 | AU60: =IF(AND($E60="F",H60=$AS$16),1,0) -> 0 | AV60: =IF(AND($E60="F",F60=$AV$16),1,0) -> 0 | AW60: =IF(AND($E60="F",G60=$AV$16),1,0) -> 0 | AX60: =IF(AND($E60="F",H60=$AV$16),1,0) -> 0 | AY60: =IF(AND($E60="F",F60=$AY$16),1,0) -> 0 | AZ60: =IF(AND($E60="F",G60=$AY$16),1,0) -> 0 | BA60: =IF(AND($E60="F",H60=$AY$16),1,0) -> 0 | BB60: =IF(AND($E60="F",F60=$BB$16),1,0) -> 0 | BC60: =IF(AND($E60="F",G60=$BB$16),1,0) -> 0 | BD60: =IF(AND($E60="F",H60=$BB$16),1,0) -> 0 | BE60: =IF(AND($E60="F",F60=$BE$16),1,0) -> 0 | BF60: =IF(AND($E60="F",G60=$BE$16),1,0) -> 0 | BG60: =IF(AND($E60="F",H60=$BE$16),1,0) -> 0 | BH60: =IF(AND($E60="F",F60=$BH$16),1,0) -> 0 | BI60: =IF(AND($E60="F",G60=$BH$16),1,0) -> 0 | BJ60: =IF(AND($E60="F",H60=$BH$16),1,0) -> 0 | BK60: =IF(AND($E60="F",F60=$BK$16),1,0) -> 0 | BL60: =IF(AND($E60="F",G60=$BK$16),1,0) -> 0 | BM60: =IF(AND($E60="F",H60=$BK$16),1,0) -> 0 | BN60: =IF(AND($E60="F",F60=$BN$16),1,0) -> 0 | BO60: =IF(AND($E60="F",G60=$BN$16),1,0) -> 0 | BP60: =IF(AND($E60="F",H60=$BN$16),1,0) -> 0 | BQ60: =IF(AND($E60="F",F60=$BQ$16),1,0) -> 0 | BR60: =IF(AND($E60="F",G60=$BQ$16),1,0) -> 0 | BS60: =IF(AND($E60="F",H60=$BQ$16),1,0) -> 0 | BT60: =IF(AND($E60="F",F60=$BT$16),1,0) -> 0 | BU60: =IF(AND($E60="F",G60=$BT$16),1,0) -> 0 | BV60: =IF(AND($E60="F",H60=$BT$16),1,0) -> 0 | BX60: =IF(AND($E60="M",F60=$BX$16),1,0) -> 0 | BY60: =IF(AND($E60="M",G60=$BX$16),1,0) -> 0 | BZ60: =IF(AND($E60="M",H60=$BX$16),1,0) -> 0 | CA60: =IF(AND($E60="M",F60=$CA$16),1,0) -> 0 | CB60: =IF(AND($E60="M",G60=$CA$16),1,0) -> 0 | CC60: =IF(AND($E60="M",H60=$CA$16),1,0) -> 0 | CD60: =IF(AND($E60="M",F60=$CD$16),1,0) -> 0 | CE60: =IF(AND($E60="M",G60=$CD$16),1,0) -> 0 | CF60: =IF(AND($E60="M",H60=$CD$16),1,0) -> 0 | CG60: =IF(AND($E60="M",F60=$CG$16),1,0) -> 0 | CH60: =IF(AND($E60="M",G60=$CG$16),1,0) -> 0 | CI60: =IF(AND($E60="M",H60=$CG$16),1,0) -> 0 | CJ60: =IF(AND($E60="M",F60=$CJ$16),1,0) -> 0 | CK60: =IF(AND($E60="M",G60=$CJ$16),1,0) -> 0 | CL60: =IF(AND($E60="M",H60=$CJ$16),1,0) -> 0 | CM60: =IF(AND($E60="M",F60=$CM$16),1,0) -> 0 | CN60: =IF(AND($E60="M",G60=$CM$16),1,0) -> 0 | CO60: =IF(AND($E60="M",H60=$CM$16),1,0) -> 0 | CP60: =IF(AND($E60="M",F60=$CP$16),1,0) -> 0 | CQ60: =IF(AND($E60="M",G60=$CP$16),1,0) -> 0 | CR60: =IF(AND($E60="M",H60=$CP$16),1,0) -> 0 | CS60: =IF(AND($E60="M",F60=$CT$16),1,0) -> 0 | CT60: =IF(AND($E60="M",G60=$CT$16),1,0) -> 0 | CU60: =IF(AND($E60="M",H60=$CT$16),1,0) -> 0 | CV60: =IF(AND($E60="M",F60=$CW$16),1,0) -> 0 | CW60: =IF(AND($E60="M",G60=$CW$16),1,0) -> 0 | CX60: =IF(AND($E60="M",H60=$CW$16),1,0) -> 0 | CY60: =IF(AND($E60="M",F60=$CZ$16),1,0) -> 0 | CZ60: =IF(AND($E60="M",G60=$CZ$16),1,0) -> 0 | DA60: =IF(AND($E60="M",H60=$CZ$16),1,0) -> 0 | DB60: =IF(AND($E60="M",F60=$DC$16),1,0) -> 0 | DC60: =IF(AND($E60="M",G60=$DC$16),1,0) -> 0 | DD60: =IF(AND($E60="M",H60=$DC$16),1,0) -> 0 | DE60: =IF(AND($E60="M",F60=$DE$16),1,0) -> 0 | DF60: =IF(AND($E60="M",G60=$DE$16),1,0) -> 0 | DG60: =IF(AND($E60="M",H60=$DE$16),1,0) -> 0
P61: ENTENTE VENDOME MAROLLES ATHLE | Q61: 41013 | AM61: =SUM(AM17:AO60) -> 0 | AP61: =SUM(AP17:AR60) -> 0 | AS61: =SUM(AS17:AU60) -> 0 | AV61: =SUM(AV17:AX60) -> 0 | AY61: =SUM(AY17:BA60) -> 0 | BB61: =SUM(BB17:BD60) -> 0 | BE61: =SUM(BE17:BG60) -> 0 | BH61: =SUM(BH17:BJ60) -> 0 | BK61: =SUM(BK17:BM60) -> 0 | BN61: =SUM(BN17:BP60) -> 0 | BQ61: =SUM(BQ17:BS60) -> 0 | BT61: =SUM(BT17:BV60) -> 0 | BX61: =SUM(BX17:BZ60) -> 0 | CA61: =SUM(CA17:CC60) -> 0 | CD61: =SUM(CD17:CF60) -> 0 | CG61: =SUM(CG17:CI60) -> 0 | CJ61: =SUM(CJ17:CL60) -> 0 | CM61: =SUM(CM17:CO60) -> 0 | CP61: =SUM(CP17:CR60) -> 0 | CS61: =SUM(CS17:CU60) -> 0 | CV61: =SUM(CV17:CX60) -> 0 | CY61: =SUM(CY17:DA60) -> 0 | DB61: =SUM(DB17:DD60) -> 0 | DE61: =SUM(DE17:DG60) -> 0
P62: CAM VALLEE DU CHER-CONTROIS | Q62: 41016
P63: ASSOCIATION SALBRIS SA | Q63: 41025
P64: A.M.O. MER | Q64: 41026 | V64: BE
P65: MARATHON DU PERCHE VENDOMOIS | Q65: 41027 | V65: MI
P66: RUNNING 41 | Q66: 41031
P67: COURIR A SAINT GERVAIS | Q67: 41032
P68: GENERATION TRAIL BLOIS | Q68: 41034
P69: ATHLETISME CLUB SELLOIS | Q69: 41035
P70: SARAN LOIRET ATHLETIC CLUB | Q70: 45003
P71: ASPTT ORLEANS RUNNING | Q71: 45005
P72: EC ORLEANS CERCLE JULES FERRY* | Q72: 45008
P73: J3 SPORTS AMILLY* | Q73: 45009
P74: OMNISPORTS PITHIVIERS | Q74: 45010
P75: USM MONTARGIS | Q75: 45011
P76: USM OLIVET | Q76: 45016
P77: AS CHAINGY SPORT NATURE | Q77: 45041
... P86: CSM SULLY ATHLETISME | Q86: 45058
A100: ATH | B100: ATH | C100: ATH | D100: ATH | E100: ATH | F100: ATH | G100: ATH | H100: ATH | I100: EPR | J100: EPR | K100: ENG | L100: EPR | M100: EPR | N100: EPR | O100: EPR | P100: EPR | Q100: EQU | R100: EQU | S100: INT | T100: INT | U100: INT | V100: INT | W100: ENG | X100: EQU | Y100: EQU | Z100: EQU | AA100: EQU | AB100: EQU | AC100: EQU | AD100: EQU | AE100: EQU | AF100: EPR | AG100: EPR | AH100: EPR | AI100: EPR | AJ100: EPR | AK100: EPR | AL100: EPR | AM100: ENG | AN100: ENG | AO100: ENG | AP100: ENG | AQ100: ENG | AR100: ENG | AS100: ENG | AT100: ENG | AU100: ENG | AV100: EPR | AW100: EPR | AX100: ATH | AY100: ATH | AZ100: ATH | BA100: ATH | BB100: RES | BC100: RES | BD100: RES | BE100: RES | BF100: RES | BG100: RES | BH100: RES | BI100: RES | BJ100: RES | BK100: RES | BL100: RES | BM100: RES | BN100: RES | BO100: RES
A101: Num licence. Non obligatoire mais essentiel si licencié | B101: Nom | C101: Prénom | D101: Nationalité (3 caractères) | E101: Catégorie athlète (2 car. SE, BE, .. Ou 3 car M45, F50, .. | F101: Date de Naissance (complète ou année naissance seule) | G101: Sexe athlète (M ou F) | H101: Accepte de voir son identité sur le web (O ou N). Si vide = O (oui) | I101: Code Epreuve FFA | J101: Libellé complémentaire épreuve (ne pas remplir si code appel piste) | K101: Ordre dans le relais | L101: Code FFA sous épreuve (ex epv multiples, combinées, Ekiden (003) | M101: Libellé complémentaire sous épreuve | N101: Ordre d'édition de la sous-épreuve dans l'interface | O101: Distance (en mètres, pas de séparateur), obligatoire si running | P101: Durée (ex 240000 pour 24h, 003000 pour 30'), obligatoire si course en durée | Q101: Nom de l'Equipe | R101: Lettre de l'Equipe (interclub) | S101: Nom InterClub | T101: Sexe InterClub (M, F, X) | U101: Catégorie InterClub (2 caract. maxi) | V101: Ordre athlète pour engagement Interclub | W101: Numéro de dossard | X101: Catégorie de l'équipe | Y101: Sexe de l'équipe | Z101: Code FFA de l'équipe | AA101: Perf engagement de l'équipe | AB101: numéro d'équipe | AC101: Challenge (ex UNSS, ENTR, UFOLEP, et…) | AD101: Exclure l'équipe du classement par équipe (O ou N), si vide N par défaut | AE101: Code critérium (division en interclub) lié à l'équipe | AF101: Catégorie de l'épreuve (si vide TC par défaut) | AG101: Sexe de l'épreuve (si vide X par défaut) | AH101: Ordre d'édition de l'épreuve dans l'interface | AI101: Type cross | AJ101: Commentaire épreuve | AK101: Heure de l'épreuve (chiffre uniquement, ex 9h20 -> 0920 | AL101: Jour de l'Epreuve (1, 2, etc.). Si vide = 1 | AM101: Perf d'Engagement athlète | AN101: Statut (I ou E) individuel ou Equipe | AO101: Code critérium (division en interclub) lié à l'athlète | AP101: Confirmation (O ou N) Si vide -> O par défaut) | AQ101: Hors concours (O ou N) Si vide -> N par défaut) | AR101: Cotisation Payée (O ou N), si vide N par défaut | AS101: Invité(e) O ou N | AT101: Certificat Medical fourni (O ou N), Si vide -> N par défaut) | AU101: info Libre (lié à l'athlète) | AV101: DistanceTour (pour les érpeuves en durée) | AW101: Distance Depart au PremierTour (epv en durée) | AX101: Numéro FFA du club de l'athlète | AY101: libllé du club de l'athlète | AZ101: libllé du club non officiel de l'athlète | BA101: Type de licence (COMP, LOISR, et…) | BB101: Tour (7= Finale, 6=1/2 Finale, 5=1/4 de finale, … 2=Série)), 7 si vide | BC101: Nom du tour (Finale, Concours, Séries, etc..). Si vide libellé e-Logica | BD101: Numéro du tour 1, 2, …), 1 si vide | BE101: Numéro du couloir | BF101: Commentaire | BG101: Type de Chrono (E, M ou vide) | BH101: Vent (si sprint, haies, longueur, Triple) | BI101: Place | BJ101: Perf | BK101: Qualif | BL101: Perf officielle | BM101: Perf réelle | BN101: Perf Parcours cumulée (temps du baton) | BO101: Perf Athlète (Temps de l'athlète Ekiden)
A102: Licence | B102: Nom | C102: Prenom | D102: Nationalite | E102: Categorie | F102: DateNaissance | G102: Sexe | H102: RGPD | I102: CodeAppel | J102: NomEpreuve | K102: OrdreRelaiAthlete | L102: CodeAppelSousEpreuve | M102: NomSousEpreuve | N102: OrdreEditionSousEpreuve | O102: DistanceEpreuve | P102: DureeEpreuve | Q102: NomEquipe | R102: LettreEquipe | S102: NomInterClub | T102: CodeSexeInterClub | U102: CategorieInterClub | V102: OrdreAthleteSerieEpreuveInterClub | W102: NumDossard | X102: CategorieEquipe | Y102: SexeEquipe | Z102: STRCODNUMClubEquipe | AA102: PerfEquipe | AB102: NumEquipe | AC102: ChallengeEquipe | AD102: ExclureClassementEquipe | AE102: DivisionEquipeIC | AF102: CategorieEp | AG102: SexeEpreuve | AH102: OrdreEditionEpreuve | AI102: TypeCross | AJ102: CommentaireEpreuve | AK102: HeureEpreuve | AL102: JourEpreuve | AM102: PerfEngagement | AN102: EquipeIndividuel | AO102: Division | AP102: Confirmation | AQ102: HorsConcours | AR102: CotisationPayee | AS102: Invite | AT102: CertificatMedical | AU102: InformationLibre | AV102: DistanceTourEpreuve | AW102: DistanceDepartPremierTourEpreuve | AX102: STRCODNUMClubAthlete | AY102: NomClub | AZ102: NomClubNonOfficiel | BA102: LibelleCourtTypeLicence | BB102: Tour | BC102: NomTour | BD102: NumSerie | BE102: Couloir | BF102: Commentaire | BG102: Chrono | BH102: Vent | BI102: Place | BJ102: Perf | BK102: Qualif | BL102: PerfOff | BM102: PerfReelle | BN102: PerfCumulee | BO102: PerfAthlete

Sheet Licenciés
A1: 2191913 | B1: ALBENQUE | C1: LEIA | D1: F | E1: 2191913 | F1: 018003
A2: 2683205 | B2: ANNE | C2: LAHNA | D2: F | E2: 2683205 | F2: 018003
A3: 2205609 | B3: BARONNET | C3: GREGOIRE | D3: M | E3: 2205609 | F3: 018003
A4: 2345249 | B4: BERTON | C4: ARTHUR | D4: M | E4: 2345249 | F4: 018003
A5: 2818022 | B5: BLUT | C5: MAEVA | D5: F | E5: 2818022 | F5: 018003
A6: 2632606 | B6: BOITEUX | C6: ANNE-CECILE | D6: F | E6: 2632606 | F6: 018003
A7: 2450184 | B7: BONDON | C7: LEANDRE | D7: M | E7: 2450184 | F7: 018003
A8: 2530432 | B8: BOURGEOIS | C8: EMILIE | D8: F | E8: 2530432 | F8: 018003
A9: 2312633 | B9: COURZADET | C9: ANDREA | D9: F | E9: 2312633 | F9: 018003
A10: 2535077 | B10: DABOUY | C10: LOUISE | D10: F | E10: 2535077 | F10: 018003
A11: 2302836 | B11: DESAGES | C11: MARGAUX | D11: F | E11: 2302836 | F11: 018003
A12: 2519452 | B12: DESBOIS | C12: ZELIE | D12: F | E12: 2519452 | F12: 018003
... A9961: 918435 | B9961: LUCAS | C9961: COLETTE | D9961: F | E9961: 918435 | F9961: 045058
